Workbook

Sheet Instructivo
D2: INSTRUCTIVO
B4: 1. En la pestaña "Mis finanzas", registra los movimientos financieros que haces en el mes con su respectivo valor y asigna una categoría.
B7: a) Registra tus ingresos y define si son ingresos fijos o ingresos variables. b) Registra todos tus costos fijos. Por ejemplo arriendo, mercado, transporte. c) Registra tus deudas y cuanto pagas mensualmente por cada deuda. d) Registra cuanto destinas al mes a ahorro. e) Registra cuanto destinas al mes a inversión. f) Registra tus gastos y define si son gastos necesarios o no necesarios.
B18: 2. Registra las actividades que quieres hacer este 2025, el mes y califica la prioridad de cada actividad donde 1 es prioridad baja y 6 es prioridad alta.
B25: 3. Analiza la propuesta del modelo base de la distribución mensual de tus gastos y tu futuro financiero para el año 2025.
B34: 4. Crea tu propio plan para distribuir tu futuro financiero y tus gastos de la manera que más se ajuste a tus finanzas personales.
B43: 5. Lleva el seguimiento mes a mes de cuanto destinas a tus gastos y a tu futuro financiero.

Sheet Mis finanzas
AA1: Ingreso fijo
A2: FINANZAS MES | E2: RESUMEN DE MIS FINANZAS | AA2: Ingreso variable
A3: NOMBRE | B3: VALOR | C3: CATEGORÍA | E3: INGRESOS | F3: =IFERROR(IF(F4+F5=0,"",F4+F5),"") | AA3: Costo fijo
E4: Ingreso fijo | F4: =SUMIF('Mis finanzas'!$C$4:$C$100,'Actividades 2025'!AY4,'Mis finanzas'!$B$4:$B$100) -> 0 | AA4: Deuda
E5: Ingreso variable | F5: =SUMIF('Mis finanzas'!$C$4:$C$100,'Actividades 2025'!AY5,'Mis finanzas'!$B$4:$B$100) -> 0 | AA5: Ahorro
E6: OBLIGACIONES | F6: =IFERROR(IF(F7+F8=0,"",F7+F8),"") | G6: =IFERROR(F6/$F$3,"") | AA6: Inversión
E7: Costos fijos | F7: =SUMIF('Mis finanzas'!$C$4:$C$100,'Actividades 2025'!AY7,'Mis finanzas'!$B$4:$B$100) -> 0 | G7: =IFERROR(F7/$F$3,"") | AA7: Gasto necesario
E8: Deudas | F8: =SUMIF('Mis finanzas'!$C$4:$C$100,'Actividades 2025'!AY8,'Mis finanzas'!$B$4:$B$100) -> 0 | G8: =IFERROR(F8/$F$3,"") | AA8: Gasto no necesario
E9: FUTURO FINANCIERO | F9: =IFERROR(IF(F10+F11=0,"",F10+F11),"") | G9: =IFERROR(F9/$F$3,"")
E10: Ahorro | F10: =SUMIF('Mis finanzas'!$C$4:$C$100,'Actividades 2025'!AY10,'Mis finanzas'!$B$4:$B$100) -> 0 | G10: =IFERROR(F10/$F$3,"")
E11: Inversión | F11: =SUMIF('Mis finanzas'!$C$4:$C$100,'Actividades 2025'!AY11,'Mis finanzas'!$B$4:$B$100) -> 0 | G11: =IFERROR(F11/$F$3,"")
E12: GASTOS | F12: =IFERROR(IF(F13+F14=0,"",F13+F14),"") | G12: =IFERROR(F12/$F$3,"")
E13: Necesarios | F13: =SUMIF('Mis finanzas'!$C$4:$C$100,'Actividades 2025'!AY13,'Mis finanzas'!$B$4:$B$100) -> 0 | G13: =IFERROR(F13/$F$3,"")
E14: No necesarios | F14: =SUMIF('Mis finanzas'!$C$4:$C$100,'Actividades 2025'!AY15,'Mis finanzas'!$B$4:$B$100) -> 0 | G14: =IFERROR(F14/$F$3,"")
E15: =IF(F15="","","CAJA LIBRE") | F15: =IFERROR(IF(F3-F6-F9-F12=0,"",F3-F6-F9-F12),"") | G15: =IFERROR(F15/$F$3,"")
F17: Mes | G17: Año
E18: =CONCATENATE("FUTURO FINANCIERO (",TEXT(G9,"0.00%"),")") -> FUTURO FINANCIERO () | F18: =F9 | G18: =F18*12 -> #VALUE!
E19: =CONCATENATE("GASTOS (",TEXT(G12,"0.00%"),")") -> GASTOS () | F19: =F12 | G19: =F19*12 -> #VALUE!

Sheet Actividades 2025
F2: DISTRIBUCIÓN NORMAL VS. MODELO BASE
B3: FECHAS 2025
T4: AHORRO TOTAL | AY4: Ingreso fijo | AZ4: ='Mis finanzas'!E6 -> OBLIGACIONES | BA4: ='Mis finanzas'!G6 | BB4: 1 | BC4: {=IFERROR(_xlfn._xlws.FILTER($BB$4:$BB$9,COUNTIF($D$6:$D$16,$BB$4:$BB$9)=0),"")} -> 1 | BD4: Mes | BE4: Ahorro normal | BF4: Gasto normal | BG4: Prioridad | BH4: Gasto objetivo | BI4: Ahorro objetivo | BJ4: Prioridad | BK4: Gasto | BL4: Ahorro | BM4: =SUM(BF5:BF16)-SUMIF(BG5:BG16,">0",BH5:BH16) -> 0 | BN4: =12-COUNTIF(BG5:BG16,">0") -> 12
B5: Actividad | C5: Mes | D5: Prioridad | F5: Escenario | G5: Categoría | H5: Enero | I5: Febrero | J5: Marzo | K5: Abril | L5: Mayo | M5: Junio | N5: Julio | O5: Agosto | P5: Septiembre | Q5: Octubre | R5: Noviembre | S5: Diciembre | AY5: Ingreso variable | AZ5: ='Mis finanzas'!E9 -> FUTURO FINANCIERO | BA5: ='Mis finanzas'!G9 | BB5: 2 | BC5: 2 | BD5: Enero | BE5: ='Mis finanzas'!$F$18 | BF5: ='Mis finanzas'!$F$19 | BG5: =IF((SUMIF($C$6:$C$11,BD5,$D$6:$D$11))=0,"",SUMIF($C$6:$C$11,BD5,$D$6:$D$11)) | BH5: =IF(BG5="",$BM$4/$BN$4,(1+VLOOKUP(BG5,$BJ$5:$BL$26,2,0))*BF5) -> 0 | BI5: =(BE5+BF5)-BH5 -> #VALUE! | BJ5: 0 | BK5: =(BJ5*$BK$11)/$BJ$11 -> 0 | BL5: =1-BK5 -> 1
F6: NORMAL | G6: Futuro financiero | H6: ='Mis finanzas'!$F$18 | I6: ='Mis finanzas'!$F$18 | J6: ='Mis finanzas'!$F$18 | K6: ='Mis finanzas'!$F$18 | L6: ='Mis finanzas'!$F$18 | M6: ='Mis finanzas'!$F$18 | N6: ='Mis finanzas'!$F$18 | O6: ='Mis finanzas'!$F$18 | ... S6: ='Mis finanzas'!$F$18 | T6: =SUM(H6:S6) -> 0 | AZ6: ='Mis finanzas'!E12 -> GASTOS | BA6: ='Mis finanzas'!G12 | BB6: 3 | BC6: 3 | BD6: Febrero | BE6: ='Mis finanzas'!$F$18 | BF6: ='Mis finanzas'!$F$19 | BG6: =IF((SUMIF($C$6:$C$11,BD6,$D$6:$D$11))=0,"",SUMIF($C$6:$C$11,BD6,$D$6:$D$11)) | BH6: =IF(BG6="",$BM$4/$BN$4,(1+VLOOKUP(BG6,$BJ$5:$BL$26,2,0))*BF6) -> 0 | BI6: =(BE6+BF6)-BH6 -> #VALUE! | BJ6: 1 | BK6: =(BJ6*$BK$11)/$BJ$11 -> 0.16666667 | BL6: =1-BK6 -> 0.83333333
H7: ='Mis finanzas'!$G$9 | I7: ='Mis finanzas'!$G$9 | J7: ='Mis finanzas'!$G$9 | K7: ='Mis finanzas'!$G$9 | L7: ='Mis finanzas'!$G$9 | M7: ='Mis finanzas'!$G$9 | N7: ='Mis finanzas'!$G$9 | O7: ='Mis finanzas'!$G$9 | ... S7: ='Mis finanzas'!$G$9 | T7: =T6/('Mis finanzas'!$F$3*12) -> #VALUE! | AY7: Costo fijo | AZ7: ='Mis finanzas'!E15 | BA7: ='Mis finanzas'!G15 | BB7: 4 | BC7: 4 | BD7: Marzo | BE7: ='Mis finanzas'!$F$18 | BF7: ='Mis finanzas'!$F$19 | BG7: =IF((SUMIF($C$6:$C$11,BD7,$D$6:$D$11))=0,"",SUMIF($C$6:$C$11,BD7,$D$6:$D$11)) | BH7: =IF(BG7="",$BM$4/$BN$4,(1+VLOOKUP(BG7,$BJ$5:$BL$26,2,0))*BF7) -> 0 | BI7: =(BE7+BF7)-BH7 -> #VALUE! | BJ7: 2 | BK7: =(BJ7*$BK$11)/$BJ$11 -> 0.33333333 | BL7: =1-BK7 -> 0.66666667
G8: Gastos | H8: ='Mis finanzas'!$F$19 | I8: ='Mis finanzas'!$F$19 | J8: ='Mis finanzas'!$F$19 | K8: ='Mis finanzas'!$F$19 | L8: ='Mis finanzas'!$F$19 | M8: ='Mis finanzas'!$F$19 | N8: ='Mis finanzas'!$F$19 | O8: ='Mis finanzas'!$F$19 | ... S8: ='Mis finanzas'!$F$19 | T8: =SUM(H8:S8) -> 0 | AY8: Deuda | BB8: 5 | BC8: 5 | BD8: Abril | BE8: ='Mis finanzas'!$F$18 | BF8: ='Mis finanzas'!$F$19 | BG8: =IF((SUMIF($C$6:$C$11,BD8,$D$6:$D$11))=0,"",SUMIF($C$6:$C$11,BD8,$D$6:$D$11)) | BH8: =IF(BG8="",$BM$4/$BN$4,(1+VLOOKUP(BG8,$BJ$5:$BL$26,2,0))*BF8) -> 0 | BI8: =(BE8+BF8)-BH8 -> #VALUE! | BJ8: 3 | BK8: =(BJ8*$BK$11)/$BJ$11 -> 0.5 | BL8: =1-BK8 -> 0.5
H9: ='Mis finanzas'!$G$12 | I9: ='Mis finanzas'!$G$12 | J9: ='Mis finanzas'!$G$12 | K9: ='Mis finanzas'!$G$12 | L9: ='Mis finanzas'!$G$12 | M9: ='Mis finanzas'!$G$12 | N9: ='Mis finanzas'!$G$12 | O9: ='Mis finanzas'!$G$12 | ... S9: ='Mis finanzas'!$G$12 | T9: =T8/('Mis finanzas'!$F$3*12) -> #VALUE! | BB9: 6 | BC9: 6 | BD9: Mayo | BE9: ='Mis finanzas'!$F$18 | BF9: ='Mis finanzas'!$F$19 | BG9: =IF((SUMIF($C$6:$C$11,BD9,$D$6:$D$11))=0,"",SUMIF($C$6:$C$11,BD9,$D$6:$D$11)) | BH9: =IF(BG9="",$BM$4/$BN$4,(1+VLOOKUP(BG9,$BJ$5:$BL$26,2,0))*BF9) -> 0 | BI9: =(BE9+BF9)-BH9 -> #VALUE! | BJ9: 4 | BK9: =(BJ9*$BK$11)/$BJ$11 -> 0.66666667 | BL9: =1-BK9 -> 0.33333333
AY10: Ahorro | BD10: Junio | BE10: ='Mis finanzas'!$F$18 | BF10: ='Mis finanzas'!$F$19 | BG10: =IF((SUMIF($C$6:$C$11,BD10,$D$6:$D$11))=0,"",SUMIF($C$6:$C$11,BD10,$D$6:$D$11)) | BH10: =IF(BG10="",$BM$4/$BN$4,(1+VLOOKUP(BG10,$BJ$5:$BL$26,2,0))*BF10) -> 0 | BI10: =(BE10+BF10)-BH10 -> #VALUE! | BJ10: 5 | BK10: =(BJ10*$BK$11)/$BJ$11 -> 0.83333333 | BL10: =1-BK10 -> 0.16666667
F11: MODELO BASE | G11: Futuro financiero | H11: =BI5 -> #VALUE! | I11: =BI6 -> #VALUE! | J11: =BI7 -> #VALUE! | K11: =BI8 -> #VALUE! | L11: =BI9 -> #VALUE! | M11: =BI10 -> #VALUE! | N11: =BI11 -> #VALUE! | O11: =BI12 -> #VALUE! | P11: =BI13 -> #VALUE! | Q11: =BI14 -> #VALUE! | R11: =BI15 -> #VALUE! | S11: =BI16 -> #VALUE! | T11: =SUM(H11:S11) -> #VALUE! | AY11: Inversión | BD11: Julio | BE11: ='Mis finanzas'!$F$18 | BF11: ='Mis finanzas'!$F$19 | BG11: =IF((SUMIF($C$6:$C$11,BD11,$D$6:$D$11))=0,"",SUMIF($C$6:$C$11,BD11,$D$6:$D$11)) | BH11: =IF(BG11="",$BM$4/$BN$4,(1+VLOOKUP(BG11,$BJ$5:$BL$26,2,0))*BF11) -> 0 | BI11: =(BE11+BF11)-BH11 -> #VALUE! | BJ11: 6 | BK11: =(BJ11*100%)/6 -> 1 | BL11: =BK5 -> 0
H12: =H11/'Mis finanzas'!$F$3 -> #VALUE! | I12: =I11/'Mis finanzas'!$F$3 -> #VALUE! | J12: =J11/'Mis finanzas'!$F$3 -> #VALUE! | K12: =K11/'Mis finanzas'!$F$3 -> #VALUE! | L12: =L11/'Mis finanzas'!$F$3 -> #VALUE! | M12: =M11/'Mis finanzas'!$F$3 -> #VALUE! | N12: =N11/'Mis finanzas'!$F$3 -> #VALUE! | O12: =O11/'Mis finanzas'!$F$3 -> #VALUE! | ... S12: =S11/'Mis finanzas'!$F$3 -> #VALUE! | T12: =T11/('Mis finanzas'!$F$3*12) -> #VALUE! | BD12: Agosto | BE12: ='Mis finanzas'!$F$18 | BF12: ='Mis finanzas'!$F$19 | BG12: =IF((SUMIF($C$6:$C$11,BD12,$D$6:$D$11))=0,"",SUMIF($C$6:$C$11,BD12,$D$6:$D$11)) | BH12: =IF(BG12="",$BM$4/$BN$4,(1+VLOOKUP(BG12,$BJ$5:$BL$26,2,0))*BF12) -> 0 | BI12: =(BE12+BF12)-BH12 -> #VALUE! | BJ12: 7 | BK12: =(BJ12*$BK$11)/$BJ$11 -> 1.1666667 | BL12: =1-BK12 -> -0.16666667
G13: Gastos | H13: =BH5 -> 0 | I13: =BH6 -> 0 | J13: =BH7 -> 0 | K13: =BH8 -> 0 | L13: =BH9 -> 0 | M13: =BH10 -> 0 | N13: =BH11 -> 0 | O13: =BH12 -> 0 | P13: =BH13 -> 0 | Q13: =BH14 -> 0 | R13: =BH15 -> 0 | S13: =BH16 -> 0 | T13: =SUM(H13:S13) -> 0 | AY13: Gasto necesario | BD13: Septiembre | BE13: ='Mis finanzas'!$F$18 | BF13: ='Mis finanzas'!$F$19 | BG13: =IF((SUMIF($C$6:$C$11,BD13,$D$6:$D$11))=0,"",SUMIF($C$6:$C$11,BD13,$D$6:$D$11)) | BH13: =IF(BG13="",$BM$4/$BN$4,(1+VLOOKUP(BG13,$BJ$5:$BL$26,2,0))*BF13) -> 0 | BI13: =(BE13+BF13)-BH13 -> #VALUE! | BJ13: 8 | BK13: =(BJ13*$BK$11)/$BJ$11 -> 1.3333333 | BL13: =1-BK13 -> -0.33333333
H14: =H13/'Mis finanzas'!$F$3 -> #VALUE! | I14: =I13/'Mis finanzas'!$F$3 -> #VALUE! | J14: =J13/'Mis finanzas'!$F$3 -> #VALUE! | K14: =K13/'Mis finanzas'!$F$3 -> #VALUE! | L14: =L13/'Mis finanzas'!$F$3 -> #VALUE! | M14: =M13/'Mis finanzas'!$F$3 -> #VALUE! | N14: =N13/'Mis finanzas'!$F$3 -> #VALUE! | O14: =O13/'Mis finanzas'!$F$3 -> #VALUE! | ... S14: =S13/'Mis finanzas'!$F$3 -> #VALUE! | T14: =T13/('Mis finanzas'!$F$3*12) -> #VALUE! | BD14: Octubre | BE14: ='Mis finanzas'!$F$18 | BF14: ='Mis finanzas'!$F$19 | BG14: =IF((SUMIF($C$6:$C$11,BD14,$D$6:$D$11))=0,"",SUMIF($C$6:$C$11,BD14,$D$6:$D$11)) | BH14: =IF(BG14="",$BM$4/$BN$4,(1+VLOOKUP(BG14,$BJ$5:$BL$26,2,0))*BF14) -> 0 | BI14: =(BE14+BF14)-BH14 -> #VALUE! | BJ14: 9 | BK14: =(BJ14*$BK$11)/$BJ$11 -> 1.5 | BL14: =1-BK14 -> -0.5
AY15: Gasto no necesario | BD15: Noviembre | BE15: ='Mis finanzas'!$F$18 | BF15: ='Mis finanzas'!$F$19 | BG15: =IF((SUMIF($C$6:$C$11,BD15,$D$6:$D$11))=0,"",SUMIF($C$6:$C$11,BD15,$D$6:$D$11)) | BH15: =IF(BG15="",$BM$4/$BN$4,(1+VLOOKUP(BG15,$BJ$5:$BL$26,2,0))*BF15) -> 0 | BI15: =(BE15+BF15)-BH15 -> #VALUE! | BJ15: 10 | BK15: =(BJ15*$BK$11)/$BJ$11 -> 1.6666667 | BL15: =1-BK15 -> -0.66666667
F16: PLANEACIÓN Y SEGUIMIENTO | BD16: Diciembre | BE16: ='Mis finanzas'!$F$18 | BF16: ='Mis finanzas'!$F$19 | BG16: =IF((SUMIF($C$6:$C$11,BD16,$D$6:$D$11))=0,"",SUMIF($C$6:$C$11,BD16,$D$6:$D$11)) | BH16: =IF(BG16="",$BM$4/$BN$4,(1+VLOOKUP(BG16,$BJ$5:$BL$26,2,0))*BF16) -> 0 | BI16: =(BE16+BF16)-BH16 -> #VALUE! | BJ16: 11 | BK16: =(BJ16*$BK$11)/$BJ$11 -> 1.8333333 | BL16: =1-BK16 -> -0.83333333
BJ17: 12 | BK17: =(BJ17*$BK$11)/$BJ$11 -> 2 | BL17: =1-BK17 -> -1
F18: Escenario | G18: Categoría | H18: Enero | I18: Febrero | J18: Marzo | K18: Abril | L18: Mayo | M18: Junio | N18: Julio | O18: Agosto | P18: Septiembre | Q18: Octubre | R18: Noviembre | S18: Diciembre | BJ18: 13 | BK18: =(BJ18*$BK$11)/$BJ$11 -> 2.1666667 | BL18: =1-BK18 -> -1.1666667
F19: PLANEACIÓN | G19: Futuro financiero | T19: =SUM(H19:S19) -> 0 | U19: =IF(T19=0,"",IF(T11=T19,"COMPLETADO",IF(T19>T11,CONCATENATE("Ahorrarías ",TEXT(T19-T11,"$#,##0")," más que tu meta de ahorro"),IF(T19<T11,CONCATENATE("Te faltarían ",TEXT(T11-T19,"$#,##0")," para completar tu meta de ahorro"),"")))) | BJ19: 14 | BK19: =(BJ19*$BK$11)/$BJ$11 -> 2.3333333 | BL19: =1-BK19 -> -1.3333333
H20: =H19/'Mis finanzas'!$F$3 -> #VALUE! | I20: =I19/'Mis finanzas'!$F$3 -> #VALUE! | J20: =J19/'Mis finanzas'!$F$3 -> #VALUE! | K20: =K19/'Mis finanzas'!$F$3 -> #VALUE! | L20: =L19/'Mis finanzas'!$F$3 -> #VALUE! | M20: =M19/'Mis finanzas'!$F$3 -> #VALUE! | N20: =N19/'Mis finanzas'!$F$3 -> #VALUE! | O20: =O19/'Mis finanzas'!$F$3 -> #VALUE! | ... S20: =S19/'Mis finanzas'!$F$3 -> #VALUE! | T20: =T19/('Mis finanzas'!$F$3*12) -> #VALUE! | BJ20: 15 | BK20: =(BJ20*$BK$11)/$BJ$11 -> 2.5 | BL20: =1-BK20 -> -1.5
G21: Gastos | T21: =SUM(H21:S21) -> 0 | U21: =IF(T21=0,"",IF(T13=T21,"COMPLETADO",IF(T21>T13,CONCATENATE("Gastarías ",TEXT(T21-T13,"$#,##0")," más que tu meta de gasto"),IF(T21<T13,CONCATENATE("Te faltarían ",TEXT(T13-T21,"$#,##0")," para completar tu meta de gasto"),"")))) | BJ21: 16 | BK21: =(BJ21*$BK$11)/$BJ$11 -> 2.6666667 | BL21: =1-BK21 -> -1.6666667
H22: =H21/'Mis finanzas'!$F$3 -> #VALUE! | I22: =I21/'Mis finanzas'!$F$3 -> #VALUE! | J22: =J21/'Mis finanzas'!$F$3 -> #VALUE! | K22: =K21/'Mis finanzas'!$F$3 -> #VALUE! | L22: =L21/'Mis finanzas'!$F$3 -> #VALUE! | M22: =M21/'Mis finanzas'!$F$3 -> #VALUE! | N22: =N21/'Mis finanzas'!$F$3 -> #VALUE! | O22: =O21/'Mis finanzas'!$F$3 -> #VALUE! | ... S22: =S21/'Mis finanzas'!$F$3 -> #VALUE! | T22: =T21/('Mis finanzas'!$F$3*12) -> #VALUE! | BJ22: 17 | BK22: =(BJ22*$BK$11)/$BJ$11 -> 2.8333333 | BL22: =1-BK22 -> -1.8333333
H23: =IF(((H6+H8)-H19-H21)=H6+H8,"",IF(((H6+H8)-H19-H21)=0,"COMPLETADO",IF(((H6+H8)-H19-H21)<0,CONCATENATE("Has superado el tope mensual. Te excediste ",TEXT(-((H6+H8)-H19-H21),"$#,##0")),IF(((H6+H8)-H19-H21)>0,CONCATENATE("Te quedan ",TEXT((H6+H8)-H19-H21,"$#,##0")," disponibles para alcanzar el tope mensual (",TEXT(H6+H8,"$#,##0"),")"),"")))) -> #VALUE! | I23: =IF(((I6+I8)-I19-I21)=I6+I8,"",IF(((I6+I8)-I19-I21)=0,"COMPLETADO",IF(((I6+I8)-I19-I21)<0,CONCATENATE("Has superado el tope mensual. Te excediste ",TEXT(-((I6+I8)-I19-I21),"$#,##0")),IF(((I6+I8)-I19-I21)>0,CONCATENATE("Te quedan ",TEXT((I6+I8)-I19-I21,"$#,##0")," disponibles para alcanzar el tope mensual (",TEXT(I6+I8,"$#,##0"),")"),"")))) -> #VALUE! | J23: =IF(((J6+J8)-J19-J21)=J6+J8,"",IF(((J6+J8)-J19-J21)=0,"COMPLETADO",IF(((J6+J8)-J19-J21)<0,CONCATENATE("Has superado el tope mensual. Te excediste ",TEXT(-((J6+J8)-J19-J21),"$#,##0")),IF(((J6+J8)-J19-J21)>0,CONCATENATE("Te quedan ",TEXT((J6+J8)-J19-J21,"$#,##0")," disponibles para alcanzar el tope mensual (",TEXT(J6+J8,"$#,##0"),")"),"")))) -> #VALUE! | K23: =IF(((K6+K8)-K19-K21)=K6+K8,"",IF(((K6+K8)-K19-K21)=0,"COMPLETADO",IF(((K6+K8)-K19-K21)<0,CONCATENATE("Has superado el tope mensual. Te excediste ",TEXT(-((K6+K8)-K19-K21),"$#,##0")),IF(((K6+K8)-K19-K21)>0,CONCATENATE("Te quedan ",TEXT((K6+K8)-K19-K21,"$#,##0")," disponibles para alcanzar el tope mensual (",TEXT(K6+K8,"$#,##0"),")"),"")))) -> #VALUE! | L23: =IF(((L6+L8)-L19-L21)=L6+L8,"",IF(((L6+L8)-L19-L21)=0,"COMPLETADO",IF(((L6+L8)-L19-L21)<0,CONCATENATE("Has superado el tope mensual. Te excediste ",TEXT(-((L6+L8)-L19-L21),"$#,##0")),IF(((L6+L8)-L19-L21)>0,CONCATENATE("Te quedan ",TEXT((L6+L8)-L19-L21,"$#,##0")," disponibles para alcanzar el tope mensual (",TEXT(L6+L8,"$#,##0"),")"),"")))) -> #VALUE! | M23: =IF(((M6+M8)-M19-M21)=M6+M8,"",IF(((M6+M8)-M19-M21)=0,"COMPLETADO",IF(((M6+M8)-M19-M21)<0,CONCATENATE("Has superado el tope mensual. Te excediste ",TEXT(-((M6+M8)-M19-M21),"$#,##0")),IF(((M6+M8)-M19-M21)>0,CONCATENATE("Te quedan ",TEXT((M6+M8)-M19-M21,"$#,##0")," disponibles para alcanzar el tope mensual (",TEXT(M6+M8,"$#,##0"),")"),"")))) -> #VALUE! | N23: =IF(((N6+N8)-N19-N21)=N6+N8,"",IF(((N6+N8)-N19-N21)=0,"COMPLETADO",IF(((N6+N8)-N19-N21)<0,CONCATENATE("Has superado el tope mensual. Te excediste ",TEXT(-((N6+N8)-N19-N21),"$#,##0")),IF(((N6+N8)-N19-N21)>0,CONCATENATE("Te quedan ",TEXT((N6+N8)-N19-N21,"$#,##0")," disponibles para alcanzar el tope mensual (",TEXT(N6+N8,"$#,##0"),")"),"")))) -> #VALUE! | O23: =IF(((O6+O8)-O19-O21)=O6+O8,"",IF(((O6+O8)-O19-O21)=0,"COMPLETADO",IF(((O6+O8)-O19-O21)<0,CONCATENATE("Has superado el tope mensual. Te excediste ",TEXT(-((O6+O8)-O19-O21),"$#,##0")),IF(((O6+O8)-O19-O21)>0,CONCATENATE("Te quedan ",TEXT((O6+O8)-O19-O21,"$#,##0")," disponibles para alcanzar el tope mensual (",TEXT(O6+O8,"$#,##0"),")"),"")))) -> #VALUE! | ... S23: =IF(((S6+S8)-S19-S21)=S6+S8,"",IF(((S6+S8)-S19-S21)=0,"COMPLETADO",IF(((S6+S8)-S19-S21)<0,CONCATENATE("Has superado el tope mensual. Te excediste ",TEXT(-((S6+S8)-S19-S21),"$#,##0")),IF(((S6+S8)-S19-S21)>0,CONCATENATE("Te quedan ",TEXT((S6+S8)-S19-S21,"$#,##0")," disponibles para alcanzar el tope mensual (",TEXT(S6+S8,"$#,##0"),")"),"")))) -> #VALUE! | BJ23: 18 | BK23: =(BJ23*$BK$11)/$BJ$11 -> 3 | BL23: =1-BK23 -> -2
BJ24: 19 | BK24: =(BJ24*$BK$11)/$BJ$11 -> 3.1666667 | BL24: =1-BK24 -> -2.1666667
BJ25: 20 | BK25: =(BJ25*$BK$11)/$BJ$11 -> 3.3333333 | BL25: =1-BK25 -> -2.3333333
BJ26: 21 | BK26: =(BJ26*$BK$11)/$BJ$11 -> 3.5 | BL26: =1-BK26 -> -2.5
F28: REAL (seguimiento) | G28: Futuro financiero | T28: =SUM(H28:S28) -> 0 | U28: =IF(T28=0,"",IF(T11=T28,"COMPLETADO",IF(T28>T11,CONCATENATE("Ahorrarías ",TEXT(T28-T11,"$#,##0")," más que tu meta de ahorro"),IF(T28<T11,CONCATENATE("Te faltarían ",TEXT(T11-T28,"$#,##0")," para completar tu meta de ahorro"),""))))
H29: =H28/'Mis finanzas'!$F$3 -> #VALUE! | I29: =I28/'Mis finanzas'!$F$3 -> #VALUE! | J29: =J28/'Mis finanzas'!$F$3 -> #VALUE! | K29: =K28/'Mis finanzas'!$F$3 -> #VALUE! | L29: =L28/'Mis finanzas'!$F$3 -> #VALUE! | M29: =M28/'Mis finanzas'!$F$3 -> #VALUE! | N29: =N28/'Mis finanzas'!$F$3 -> #VALUE! | O29: =O28/'Mis finanzas'!$F$3 -> #VALUE! | ... S29: =S28/'Mis finanzas'!$F$3 -> #VALUE! | T29: =T28/('Mis finanzas'!$F$3*12) -> #VALUE!
G30: Gastos | T30: =SUM(H30:S30) -> 0 | U30: =IF(T30=0,"",IF(T13=T30,"COMPLETADO",IF(T30>T13,CONCATENATE("Gastarías ",TEXT(T30-T13,"$#,##0")," más que tu meta de gasto"),IF(T30<T13,CONCATENATE("Te faltarían ",TEXT(T13-T30,"$#,##0")," para completar tu meta de gasto"),""))))
H31: =H30/'Mis finanzas'!$F$3 -> #VALUE! | I31: =I30/'Mis finanzas'!$F$3 -> #VALUE! | J31: =J30/'Mis finanzas'!$F$3 -> #VALUE! | K31: =K30/'Mis finanzas'!$F$3 -> #VALUE! | L31: =L30/'Mis finanzas'!$F$3 -> #VALUE! | M31: =M30/'Mis finanzas'!$F$3 -> #VALUE! | N31: =N30/'Mis finanzas'!$F$3 -> #VALUE! | O31: =O30/'Mis finanzas'!$F$3 -> #VALUE! | ... S31: =S30/'Mis finanzas'!$F$3 -> #VALUE! | T31: =T30/('Mis finanzas'!$F$3*12) -> #VALUE!
H32: =IF(((H6+H8)-H28-H30)=H6+H8,"",IF(((H6+H8)-H28-H30)=0,"COMPLETADO",IF(((H6+H8)-H28-H30)<0,CONCATENATE("¡Ojo! superaste el tope del mes ",TEXT(-((H6+H8)-H28-H30),"$#,##0"),". Esperamos que haya sido por ingresos adicionales y no por más deudas"),IF(((H6+H8)-H28-H30)>0,CONCATENATE("Te quedan ",TEXT((H6+H8)-H28-H30,"$#,##0")," disponibles para alcanzar el tope mensual (",TEXT(H6+H8,"$#,##0"),")"),"")))) -> #VALUE! | I32: =IF(((I6+I8)-I28-I30)=I6+I8,"",IF(((I6+I8)-I28-I30)=0,"COMPLETADO",IF(((I6+I8)-I28-I30)<0,CONCATENATE("¡Ojo! superaste el tope del mes ",TEXT(-((I6+I8)-I28-I30),"$#,##0"),". Esperamos que haya sido por ingresos adicionales y no por más deudas"),IF(((I6+I8)-I28-I30)>0,CONCATENATE("Te quedan ",TEXT((I6+I8)-I28-I30,"$#,##0")," disponibles para alcanzar el tope mensual (",TEXT(I6+I8,"$#,##0"),")"),"")))) -> #VALUE! | J32: =IF(((J6+J8)-J28-J30)=J6+J8,"",IF(((J6+J8)-J28-J30)=0,"COMPLETADO",IF(((J6+J8)-J28-J30)<0,CONCATENATE("¡Ojo! superaste el tope del mes ",TEXT(-((J6+J8)-J28-J30),"$#,##0"),". Esperamos que haya sido por ingresos adicionales y no por más deudas"),IF(((J6+J8)-J28-J30)>0,CONCATENATE("Te quedan ",TEXT((J6+J8)-J28-J30,"$#,##0")," disponibles para alcanzar el tope mensual (",TEXT(J6+J8,"$#,##0"),")"),"")))) -> #VALUE! | K32: =IF(((K6+K8)-K28-K30)=K6+K8,"",IF(((K6+K8)-K28-K30)=0,"COMPLETADO",IF(((K6+K8)-K28-K30)<0,CONCATENATE("¡Ojo! superaste el tope del mes ",TEXT(-((K6+K8)-K28-K30),"$#,##0"),". Esperamos que haya sido por ingresos adicionales y no por más deudas"),IF(((K6+K8)-K28-K30)>0,CONCATENATE("Te quedan ",TEXT((K6+K8)-K28-K30,"$#,##0")," disponibles para alcanzar el tope mensual (",TEXT(K6+K8,"$#,##0"),")"),"")))) -> #VALUE! | L32: =IF(((L6+L8)-L28-L30)=L6+L8,"",IF(((L6+L8)-L28-L30)=0,"COMPLETADO",IF(((L6+L8)-L28-L30)<0,CONCATENATE("¡Ojo! superaste el tope del mes ",TEXT(-((L6+L8)-L28-L30),"$#,##0"),". Esperamos que haya sido por ingresos adicionales y no por más deudas"),IF(((L6+L8)-L28-L30)>0,CONCATENATE("Te quedan ",TEXT((L6+L8)-L28-L30,"$#,##0")," disponibles para alcanzar el tope mensual (",TEXT(L6+L8,"$#,##0"),")"),"")))) -> #VALUE! | M32: =IF(((M6+M8)-M28-M30)=M6+M8,"",IF(((M6+M8)-M28-M30)=0,"COMPLETADO",IF(((M6+M8)-M28-M30)<0,CONCATENATE("¡Ojo! superaste el tope del mes ",TEXT(-((M6+M8)-M28-M30),"$#,##0"),". Esperamos que haya sido por ingresos adicionales y no por más deudas"),IF(((M6+M8)-M28-M30)>0,CONCATENATE("Te quedan ",TEXT((M6+M8)-M28-M30,"$#,##0")," disponibles para alcanzar el tope mensual (",TEXT(M6+M8,"$#,##0"),")"),"")))) -> #VALUE! | N32: =IF(((N6+N8)-N28-N30)=N6+N8,"",IF(((N6+N8)-N28-N30)=0,"COMPLETADO",IF(((N6+N8)-N28-N30)<0,CONCATENATE("¡Ojo! superaste el tope del mes ",TEXT(-((N6+N8)-N28-N30),"$#,##0"),". Esperamos que haya sido por ingresos adicionales y no por más deudas"),IF(((N6+N8)-N28-N30)>0,CONCATENATE("Te quedan ",TEXT((N6+N8)-N28-N30,"$#,##0")," disponibles para alcanzar el tope mensual (",TEXT(N6+N8,"$#,##0"),")"),"")))) -> #VALUE! | O32: =IF(((O6+O8)-O28-O30)=O6+O8,"",IF(((O6+O8)-O28-O30)=0,"COMPLETADO",IF(((O6+O8)-O28-O30)<0,CONCATENATE("¡Ojo! superaste el tope del mes ",TEXT(-((O6+O8)-O28-O30),"$#,##0"),". Esperamos que haya sido por ingresos adicionales y no por más deudas"),IF(((O6+O8)-O28-O30)>0,CONCATENATE("Te quedan ",TEXT((O6+O8)-O28-O30,"$#,##0")," disponibles para alcanzar el tope mensual (",TEXT(O6+O8,"$#,##0"),")"),"")))) -> #VALUE! | ... S32: =IF(((S6+S8)-S28-S30)=S6+S8,"",IF(((S6+S8)-S28-S30)=0,"COMPLETADO",IF(((S6+S8)-S28-S30)<0,CONCATENATE("¡Ojo! superaste el tope del mes ",TEXT(-((S6+S8)-S28-S30),"$#,##0"),". Esperamos que haya sido por ingresos adicionales y no por más deudas"),IF(((S6+S8)-S28-S30)>0,CONCATENATE("Te quedan ",TEXT((S6+S8)-S28-S30,"$#,##0")," disponibles para alcanzar el tope mensual (",TEXT(S6+S8,"$#,##0"),")"),"")))) -> #VALUE!

Sheet data COLCAP
A1: aux | B1: mes | C1: año | D1: Date | E1: Price | F1: Open | G1: High | H1: Low | I1: Vol. | J1: Change % | L1: Año | M1: 2024
A2: =_xlfn.CONCAT(B2,C2) -> diciembre2024 | B2: diciembre | C2: 2024 | D2: 45303 | E2: 1379.58 | F2: 1393.62 | G2: 1402.76 | H2: 1360.4 | J2: -0.009
A3: =_xlfn.CONCAT(B3,C3) -> noviembre2024 | B3: noviembre | C3: 2024 | D3: 45302 | E3: 1392.13 | F3: 1357.89 | G3: 1403.73 | H3: 1327.85 | J3: 0.0248 | L3: Enero | M3: ='[1]Actividades 2025'!H6 -> 1100000 | N3: =VLOOKUP(_xlfn.CONCAT(L3,$M$1),$A$2:$J$73,6,0) -> 1195.2 | O3: =VLOOKUP(_xlfn.CONCAT(L14,M1),$A$1:$E$73,5,0) -> 1379.58 | P3: =(O3-N3)/O3 -> 0.13364937 | Q3: =M3*P3 -> 147014.31 | S3: Enero | T3: ='[1]Actividades 2025'!H11 -> 433333.33 | U3: =N3 -> 1195.2 | V3: =O3 -> 1379.58 | W3: =(V3-U3)/V3 -> 0.13364937 | X3: =T3*W3 -> 57914.728 | Z3: Enero | AA3: ='data S&P500'!AM3 -> 0 | AB3: =U3 -> 1195.2 | AC3: =V3 -> 1379.58 | AD3: =(AC3-AB3)/AC3 -> 0.13364937 | AE3: =AA3*AD3 -> 0
A4: =_xlfn.CONCAT(B4,C4) -> octubre2024 | B4: octubre | C4: 2024 | D4: 45301 | E4: 1358.46 | F4: 1305.37 | G4: 1365.38 | H4: 1294.74 | J4: 0.0389 | L4: Febrero | M4: ='[1]Actividades 2025'!I6 -> 1100000 | N4: =VLOOKUP(_xlfn.CONCAT(L4,$M$1),$A$2:$J$73,6,0) -> 1279.43 | O4: =O3 -> 1379.58 | P4: =(O4-N4)/O4 -> 0.072594558 | Q4: =M4*P4 -> 79854.014 | S4: Febrero | T4: ='[1]Actividades 2025'!I11 -> 1566666.7 | U4: =N4 -> 1279.43 | V4: =O4 -> 1379.58 | W4: =(V4-U4)/V4 -> 0.072594558 | X4: =T4*W4 -> 113731.47 | Z4: Febrero | AA4: ='data S&P500'!AM4 -> 0 | AB4: =U4 -> 1279.43 | AC4: =V4 -> 1379.58 | AD4: =(AC4-AB4)/AC4 -> 0.072594558 | AE4: =AA4*AD4 -> 0
A5: =_xlfn.CONCAT(B5,C5) -> septiembre2024 | B5: septiembre | C5: 2024 | D5: 45300 | E5: 1307.59 | F5: 1361.95 | G5: 1361.95 | H5: 1303.74 | J5: -0.024 | L5: Marzo | M5: ='[1]Actividades 2025'!J6 -> 1100000 | N5: =VLOOKUP(_xlfn.CONCAT(L5,$M$1),$A$2:$J$73,6,0) -> 1274.16 | O5: =O4 -> 1379.58 | P5: =(O5-N5)/O5 -> 0.076414561 | Q5: =M5*P5 -> 84056.017 | S5: Marzo | T5: ='[1]Actividades 2025'!J11 -> 1566666.7 | U5: =N5 -> 1274.16 | V5: =O5 -> 1379.58 | W5: =(V5-U5)/V5 -> 0.076414561 | X5: =T5*W5 -> 119716.15 | Z5: Marzo | AA5: ='data S&P500'!AM5 -> 0 | AB5: =U5 -> 1274.16 | AC5: =V5 -> 1379.58 | AD5: =(AC5-AB5)/AC5 -> 0.076414561 | AE5: =AA5*AD5 -> 0
A6: =_xlfn.CONCAT(B6,C6) -> agosto2024 | B6: agosto | C6: 2024 | D6: 45299 | E6: 1339.79 | F6: 1345.7 | G6: 1362.85 | H6: 1272.05 | J6: -0.0066 | L6: Abril | M6: ='[1]Actividades 2025'!K6 -> 1100000 | N6: =VLOOKUP(_xlfn.CONCAT(L6,$M$1),$A$2:$J$73,6,0) -> 1337.49 | O6: =O5 -> 1379.58 | P6: =(O6-N6)/O6 -> 0.030509285 | Q6: =M6*P6 -> 33560.214 | S6: Abril | T6: ='[1]Actividades 2025'!K11 -> 700000 | U6: =N6 -> 1337.49 | V6: =O6 -> 1379.58 | W6: =(V6-U6)/V6 -> 0.030509285 | X6: =T6*W6 -> 21356.5 | Z6: Abril | AA6: ='data S&P500'!AM6 -> 0 | AB6: =U6 -> 1337.49 | AC6: =V6 -> 1379.58 | AD6: =(AC6-AB6)/AC6 -> 0.030509285 | AE6: =AA6*AD6 -> 0
A7: =_xlfn.CONCAT(B7,C7) -> julio2024 | B7: julio | C7: 2024 | D7: 45298 | E7: 1348.69 | F7: 1381.32 | G7: 1390.05 | H7: 1332.96 | J7: -0.0243 | L7: Mayo | M7: ='[1]Actividades 2025'!L6 -> 1100000 | N7: =VLOOKUP(_xlfn.CONCAT(L7,$M$1),$A$2:$J$73,6,0) -> 1356.44 | O7: =O6 -> 1379.58 | P7: =(O7-N7)/O7 -> 0.016773221 | Q7: =M7*P7 -> 18450.543 | S7: Mayo | T7: ='[1]Actividades 2025'!L11 -> 566666.67 | U7: =N7 -> 1356.44 | V7: =O7 -> 1379.58 | W7: =(V7-U7)/V7 -> 0.016773221 | X7: =T7*W7 -> 9504.8251 | Z7: Mayo | AA7: ='data S&P500'!AM7 -> 0 | AB7: =U7 -> 1356.44 | AC7: =V7 -> 1379.58 | AD7: =(AC7-AB7)/AC7 -> 0.016773221 | AE7: =AA7*AD7 -> 0
A8: =_xlfn.CONCAT(B8,C8) -> junio2024 | B8: junio | C8: 2024 | D8: 45297 | E8: 1382.29 | F8: 1399.94 | G8: 1416.87 | H8: 1363.7 | J8: -0.0125 | L8: Junio | M8: ='[1]Actividades 2025'!M6 -> 1100000 | N8: =VLOOKUP(_xlfn.CONCAT(L8,$M$1),$A$2:$J$73,6,0) -> 1399.94 | O8: =O7 -> 1379.58 | P8: =(O8-N8)/O8 -> -0.014758115 | Q8: =M8*P8 -> -16233.926 | S8: Junio | T8: ='[1]Actividades 2025'!M11 -> 300000 | U8: =N8 -> 1399.94 | V8: =O8 -> 1379.58 | W8: =(V8-U8)/V8 -> -0.014758115 | X8: =T8*W8 -> -4427.4344 | Z8: Junio | AA8: ='data S&P500'!AM8 -> 0 | AB8: =U8 -> 1399.94 | AC8: =V8 -> 1379.58 | AD8: =(AC8-AB8)/AC8 -> -0.014758115 | AE8: =AA8*AD8 -> 0
A9: =_xlfn.CONCAT(B9,C9) -> mayo2024 | B9: mayo | C9: 2024 | D9: 45296 | E9: 1399.72 | F9: 1356.44 | G9: 1451.31 | H9: 1356.01 | J9: 0.0228 | L9: Julio | M9: ='[1]Actividades 2025'!N6 -> 1100000 | N9: =VLOOKUP(_xlfn.CONCAT(L9,$M$1),$A$2:$J$73,6,0) -> 1381.32 | O9: =O8 -> 1379.58 | P9: =(O9-N9)/O9 -> -0.0012612534 | Q9: =M9*P9 -> -1387.3788 | S9: Julio | T9: ='[1]Actividades 2025'!N11 -> 1566666.7 | U9: =N9 -> 1381.32 | V9: =O9 -> 1379.58 | W9: =(V9-U9)/V9 -> -0.0012612534 | X9: =T9*W9 -> -1975.9637 | Z9: Julio | AA9: ='data S&P500'!AM9 -> 0 | AB9: =U9 -> 1381.32 | AC9: =V9 -> 1379.58 | AD9: =(AC9-AB9)/AC9 -> -0.0012612534 | AE9: =AA9*AD9 -> 0
A10: =_xlfn.CONCAT(B10,C10) -> abril2024 | B10: abril | C10: 2024 | D10: 45295 | E10: 1368.46 | F10: 1337.49 | G10: 1426.23 | H10: 1323.61 | J10: 0.0268 | L10: Agosto | M10: ='[1]Actividades 2025'!O6 -> 1100000 | N10: =VLOOKUP(_xlfn.CONCAT(L10,$M$1),$A$2:$J$73,6,0) -> 1345.7 | O10: =O9 -> 1379.58 | P10: =(O10-N10)/O10 -> 0.024558199 | Q10: =M10*P10 -> 27014.019 | S10: Agosto | T10: ='[1]Actividades 2025'!O11 -> 1566666.7 | U10: =N10 -> 1345.7 | V10: =O10 -> 1379.58 | W10: =(V10-U10)/V10 -> 0.024558199 | X10: =T10*W10 -> 38474.512 | Z10: Agosto | AA10: ='data S&P500'!AM10 -> 0 | AB10: =U10 -> 1345.7 | AC10: =V10 -> 1379.58 | AD10: =(AC10-AB10)/AC10 -> 0.024558199 | AE10: =AA10*AD10 -> 0
A11: =_xlfn.CONCAT(B11,C11) -> marzo2024 | B11: marzo | C11: 2024 | D11: 45294 | E11: 1332.76 | F11: 1274.16 | G11: 1334.52 | H11: 1268.18 | J11: 0.0461 | L11: Septiembre | M11: ='[1]Actividades 2025'!P6 -> 1100000 | N11: =VLOOKUP(_xlfn.CONCAT(L11,$M$1),$A$2:$J$73,6,0) -> 1361.95 | O11: =O10 -> 1379.58 | P11: =(O11-N11)/O11 -> 0.012779252 | Q11: =M11*P11 -> 14057.177 | S11: Septiembre | T11: ='[1]Actividades 2025'!P11 -> 966666.67 | U11: =N11 -> 1361.95 | V11: =O11 -> 1379.58 | W11: =(V11-U11)/V11 -> 0.012779252 | X11: =T11*W11 -> 12353.277 | Z11: Septiembre | AA11: ='data S&P500'!AM11 -> 0 | AB11: =U11 -> 1361.95 | AC11: =V11 -> 1379.58 | AD11: =(AC11-AB11)/AC11 -> 0.012779252 | AE11: =AA11*AD11 -> 0
A12: =_xlfn.CONCAT(B12,C12) -> febrero2024 | B12: febrero | C12: 2024 | D12: 45293 | E12: 1274.08 | F12: 1279.43 | G12: 1297 | H12: 1215.46 | J12: -0.0019 | L12: Octubre | M12: ='[1]Actividades 2025'!Q6 -> 1100000 | N12: =VLOOKUP(_xlfn.CONCAT(L12,$M$1),$A$2:$J$73,6,0) -> 1305.37 | O12: =O11 -> 1379.58 | P12: =(O12-N12)/O12 -> 0.053791734 | Q12: =M12*P12 -> 59170.907 | S12: Octubre | T12: ='[1]Actividades 2025'!Q11 -> 1566666.7 | U12: =N12 -> 1305.37 | V12: =O12 -> 1379.58 | W12: =(V12-U12)/V12 -> 0.053791734 | X12: =T12*W12 -> 84273.716 | Z12: Octubre | AA12: ='data S&P500'!AM12 -> 0 | AB12: =U12 -> 1305.37 | AC12: =V12 -> 1379.58 | AD12: =(AC12-AB12)/AC12 -> 0.053791734 | AE12: =AA12*AD12 -> 0
A13: =_xlfn.CONCAT(B13,C13) -> enero2024 | B13: enero | C13: 2024 | D13: 45292 | E13: 1276.55 | F13: 1195.2 | G13: 1302.55 | H13: 1194.6 | J13: 0.0681 | L13: Noviembre | M13: ='[1]Actividades 2025'!R6 -> 1100000 | N13: =VLOOKUP(_xlfn.CONCAT(L13,$M$1),$A$2:$J$73,6,0) -> 1357.89 | O13: =O12 -> 1379.58 | P13: =(O13-N13)/O13 -> 0.015722176 | Q13: =M13*P13 -> 17294.394 | S13: Noviembre | T13: ='[1]Actividades 2025'!R11 -> 1566666.7 | U13: =N13 -> 1357.89 | V13: =O13 -> 1379.58 | W13: =(V13-U13)/V13 -> 0.015722176 | X13: =T13*W13 -> 24631.41 | Z13: Noviembre | AA13: ='data S&P500'!AM13 -> 0 | AB13: =U13 -> 1357.89 | AC13: =V13 -> 1379.58 | AD13: =(AC13-AB13)/AC13 -> 0.015722176 | AE13: =AA13*AD13 -> 0
A14: =_xlfn.CONCAT(B14,C14) -> diciembre2023 | B14: diciembre | C14: 2023 | D14: 44938 | E14: 1195.2 | F14: 1146.87 | G14: 1195.2 | H14: 1129.11 | J14: 0.0421 | L14: Diciembre | M14: ='[1]Actividades 2025'!S6 -> 1100000 | N14: =VLOOKUP(_xlfn.CONCAT(L14,$M$1),$A$2:$J$73,6,0) -> 1393.62 | O14: =O13 -> 1379.58 | P14: =(O14-N14)/O14 -> -0.01017701 | Q14: =M14*P14 -> -11194.711 | S14: Diciembre | T14: ='[1]Actividades 2025'!S11 -> 833333.33 | U14: =N14 -> 1393.62 | V14: =O14 -> 1379.58 | W14: =(V14-U14)/V14 -> -0.01017701 | X14: =T14*W14 -> -8480.842 | Z14: Diciembre | AA14: ='data S&P500'!AM14 -> 0 | AB14: =U14 -> 1393.62 | AC14: =V14 -> 1379.58 | AD14: =(AC14-AB14)/AC14 -> -0.01017701 | AE14: =AA14*AD14 -> 0
A15: =_xlfn.CONCAT(B15,C15) -> noviembre2023 | B15: noviembre | C15: 2023 | D15: 44937 | E15: 1146.87 | F15: 1090.51 | G15: 1148.46 | H15: 1086.12 | J15: 0.054 | M15: =SUM(M3:M14) -> 13200000 | P15: =Q15/M15 -> 0.034216332 | Q15: =SUM(Q3:Q14) -> 451655.58 | T15: =SUM(T3:T14) -> 13200000 | W15: =X15/T15 -> 0.035384269 | X15: =SUM(X3:X14) -> 467072.35 | AA15: =SUM(AA3:AA14) -> 0 | AD15: =AE15/AA15 -> #DIV/0! | AE15: =SUM(AE3:AE14) -> 0
A16: =_xlfn.CONCAT(B16,C16) -> octubre2023 | B16: octubre | C16: 2023 | D16: 44936 | E16: 1088.15 | F16: 1121.82 | G16: 1143.05 | H16: 1083.95 | J16: -0.0299
A17: =_xlfn.CONCAT(B17,C17) -> septiembre2023 | B17: septiembre | C17: 2023 | D17: 44935 | E17: 1121.64 | F17: 1076.12 | G17: 1124.61 | H17: 1044.56 | J17: 0.0423 | L17: Año | M17: 2023
A18: =_xlfn.CONCAT(B18,C18) -> agosto2023 | B18: agosto | C18: 2023 | D18: 44934 | E18: 1076.12 | F18: 1175.44 | G18: 1182.34 | H18: 1076.12 | J18: -0.0839
A19: =_xlfn.CONCAT(B19,C19) -> julio2023 | B19: julio | C19: 2023 | D19: 44933 | E19: 1174.7 | F19: 1124.35 | G19: 1182.5 | H19: 1110.71 | J19: 0.0363 | L19: Enero | M19: =M3 -> 1100000 | N19: =VLOOKUP(_xlfn.CONCAT(L19,$M$17),$A$2:$J$73,6,0) -> 1290.95 | O19: =VLOOKUP(_xlfn.CONCAT(L30,M17),$A$1:$E$73,5,0) -> 1195.2 | P19: =(O19-N19)/O19 -> -0.080112115 | Q19: =M19*P19 -> -88123.327 | S19: Enero | T19: =T3 -> 433333.33 | U19: =N19 -> 1290.95 | V19: =O19 -> 1195.2 | W19: =(V19-U19)/V19 -> -0.080112115 | X19: =T19*W19 -> -34715.25 | Z19: Enero | AA19: ='data S&P500'!AM19 -> 0 | AB19: =U19 -> 1290.95 | AC19: =V19 -> 1195.2 | AD19: =(AC19-AB19)/AC19 -> -0.080112115 | AE19: =AA19*AD19 -> 0
A20: =_xlfn.CONCAT(B20,C20) -> junio2023 | B20: junio | C20: 2023 | D20: 44932 | E20: 1133.6 | F20: 1099.03 | G20: 1201.77 | H20: 1098.95 | J20: 0.0315 | L20: Febrero | M20: =M4 -> 1100000 | N20: =VLOOKUP(_xlfn.CONCAT(L20,$M$17),$A$2:$J$73,6,0) -> 1286.53 | O20: =O19 -> 1195.2 | P20: =(O20-N20)/O20 -> -0.076413989 | Q20: =M20*P20 -> -84055.388 | S20: Febrero | T20: =T4 -> 1566666.7 | U20: =N20 -> 1286.53 | V20: =O20 -> 1195.2 | W20: =(V20-U20)/V20 -> -0.076413989 | X20: =T20*W20 -> -119715.25 | Z20: Febrero | AA20: ='data S&P500'!AM20 -> 0 | AB20: =U20 -> 1286.53 | AC20: =V20 -> 1195.2 | AD20: =(AC20-AB20)/AC20 -> -0.076413989 | AE20: =AA20*AD20 -> 0
A21: =_xlfn.CONCAT(B21,C21) -> mayo2023 | B21: mayo | C21: 2023 | D21: 44931 | E21: 1099.03 | F21: 1194.34 | G21: 1194.34 | H21: 1085.14 | J21: -0.0832 | L21: Marzo | M21: =M5 -> 1100000 | N21: =VLOOKUP(_xlfn.CONCAT(L21,$M$17),$A$2:$J$73,6,0) -> 1191.79 | O21: =O20 -> 1195.2 | P21: =(O21-N21)/O21 -> 0.002853079 | Q21: =M21*P21 -> 3138.3869 | S21: Marzo | T21: =T5 -> 1566666.7 | U21: =N21 -> 1191.79 | V21: =O21 -> 1195.2 | W21: =(V21-U21)/V21 -> 0.002853079 | X21: =T21*W21 -> 4469.8237 | Z21: Marzo | AA21: ='data S&P500'!AM21 -> 0 | AB21: =U21 -> 1191.79 | AC21: =V21 -> 1195.2 | AD21: =(AC21-AB21)/AC21 -> 0.002853079 | AE21: =AA21*AD21 -> 0
A22: =_xlfn.CONCAT(B22,C22) -> abril2023 | B22: abril | C22: 2023 | D22: 44930 | E22: 1198.81 | F22: 1168.31 | G22: 1264.18 | H22: 1153.65 | J22: 0.0356 | L22: Abril | M22: =M6 -> 1100000 | N22: =VLOOKUP(_xlfn.CONCAT(L22,$M$17),$A$2:$J$73,6,0) -> 1168.31 | O22: =O21 -> 1195.2 | P22: =(O22-N22)/O22 -> 0.022498327 | Q22: =M22*P22 -> 24748.159 | S22: Abril | T22: =T6 -> 700000 | U22: =N22 -> 1168.31 | V22: =O22 -> 1195.2 | W22: =(V22-U22)/V22 -> 0.022498327 | X22: =T22*W22 -> 15748.829 | Z22: Abril | AA22: ='data S&P500'!AM22 -> 0 | AB22: =U22 -> 1168.31 | AC22: =V22 -> 1195.2 | AD22: =(AC22-AB22)/AC22 -> 0.022498327 | AE22: =AA22*AD22 -> 0
A23: =_xlfn.CONCAT(B23,C23) -> marzo2023 | B23: marzo | C23: 2023 | D23: 44929 | E23: 1157.59 | F23: 1191.79 | G23: 1244.96 | H23: 1084.58 | J23: -0.0252 | L23: Mayo | M23: =M7 -> 1100000 | N23: =VLOOKUP(_xlfn.CONCAT(L23,$M$17),$A$2:$J$73,6,0) -> 1194.34 | O23: =O22 -> 1195.2 | P23: =(O23-N23)/O23 -> 0.00071954485 | Q23: =M23*P23 -> 791.49933 | S23: Mayo | T23: =T7 -> 566666.67 | U23: =N23 -> 1194.34 | V23: =O23 -> 1195.2 | W23: =(V23-U23)/V23 -> 0.00071954485 | X23: =T23*W23 -> 407.74208 | Z23: Mayo | AA23: ='data S&P500'!AM23 -> 0 | AB23: =U23 -> 1194.34 | AC23: =V23 -> 1195.2 | AD23: =(AC23-AB23)/AC23 -> 0.00071954485 | AE23: =AA23*AD23 -> 0
A24: =_xlfn.CONCAT(B24,C24) -> febrero2023 | B24: febrero | C24: 2023 | D24: 44928 | E24: 1187.56 | F24: 1286.53 | G24: 1291.85 | H24: 1182.8 | J24: -0.0795 | L24: Junio | M24: =M8 -> 1100000 | N24: =VLOOKUP(_xlfn.CONCAT(L24,$M$17),$A$2:$J$73,6,0) -> 1099.03 | O24: =O23 -> 1195.2 | P24: =(O24-N24)/O24 -> 0.080463521 | Q24: =M24*P24 -> 88509.873 | S24: Junio | T24: =T8 -> 300000 | U24: =N24 -> 1099.03 | V24: =O24 -> 1195.2 | W24: =(V24-U24)/V24 -> 0.080463521 | X24: =T24*W24 -> 24139.056 | Z24: Junio | AA24: ='data S&P500'!AM24 -> 0 | AB24: =U24 -> 1099.03 | AC24: =V24 -> 1195.2 | AD24: =(AC24-AB24)/AC24 -> 0.080463521 | AE24: =AA24*AD24 -> 0
A25: =_xlfn.CONCAT(B25,C25) -> enero2023 | B25: enero | C25: 2023 | D25: 44927 | E25: 1290.11 | F25: 1290.95 | G25: 1347.58 | H25: 1264.76 | J25: 0.0031 | L25: Julio | M25: =M9 -> 1100000 | N25: =VLOOKUP(_xlfn.CONCAT(L25,$M$17),$A$2:$J$73,6,0) -> 1124.35 | O25: =O24 -> 1195.2 | P25: =(O25-N25)/O25 -> 0.059278782 | Q25: =M25*P25 -> 65206.66 | S25: Julio | T25: =T9 -> 1566666.7 | U25: =N25 -> 1124.35 | V25: =O25 -> 1195.2 | W25: =(V25-U25)/V25 -> 0.059278782 | X25: =T25*W25 -> 92870.091 | Z25: Julio | AA25: ='data S&P500'!AM25 -> 0 | AB25: =U25 -> 1124.35 | AC25: =V25 -> 1195.2 | AD25: =(AC25-AB25)/AC25 -> 0.059278782 | AE25: =AA25*AD25 -> 0
A26: =_xlfn.CONCAT(B26,C26) -> diciembre2022 | B26: diciembre | C26: 2022 | D26: 44573 | E26: 1286.07 | F26: 1235.35 | G26: 1290.11 | H26: 1207.6 | J26: 0.035 | L26: Agosto | M26: =M10 -> 1100000 | N26: =VLOOKUP(_xlfn.CONCAT(L26,$M$17),$A$2:$J$73,6,0) -> 1175.44 | O26: =O25 -> 1195.2 | P26: =(O26-N26)/O26 -> 0.016532798 | Q26: =M26*P26 -> 18186.078 | S26: Agosto | T26: =T10 -> 1566666.7 | U26: =N26 -> 1175.44 | V26: =O26 -> 1195.2 | W26: =(V26-U26)/V26 -> 0.016532798 | X26: =T26*W26 -> 25901.383 | Z26: Agosto | AA26: ='data S&P500'!AM26 -> 0 | AB26: =U26 -> 1175.44 | AC26: =V26 -> 1195.2 | AD26: =(AC26-AB26)/AC26 -> 0.016532798 | AE26: =AA26*AD26 -> 0
A27: =_xlfn.CONCAT(B27,C27) -> noviembre2022 | B27: noviembre | C27: 2022 | D27: 44572 | E27: 1242.63 | F27: 1235.72 | G27: 1295.81 | H27: 1215.51 | J27: 0.009 | L27: Septiembre | M27: =M11 -> 1100000 | N27: =VLOOKUP(_xlfn.CONCAT(L27,$M$17),$A$2:$J$73,6,0) -> 1076.12 | O27: =O26 -> 1195.2 | P27: =(O27-N27)/O27 -> 0.099631861 | Q27: =M27*P27 -> 109595.05 | S27: Septiembre | T27: =T11 -> 966666.67 | U27: =N27 -> 1076.12 | V27: =O27 -> 1195.2 | W27: =(V27-U27)/V27 -> 0.099631861 | X27: =T27*W27 -> 96310.799 | Z27: Septiembre | AA27: ='data S&P500'!AM27 -> 0 | AB27: =U27 -> 1076.12 | AC27: =V27 -> 1195.2 | AD27: =(AC27-AB27)/AC27 -> 0.099631861 | AE27: =AA27*AD27 -> 0
A28: =_xlfn.CONCAT(B28,C28) -> octubre2022 | B28: octubre | C28: 2022 | D28: 44571 | E28: 1231.52 | F28: 1132.29 | G28: 1259.57 | H28: 1131.75 | J28: 0.0915 | L28: Octubre | M28: =M12 -> 1100000 | N28: =VLOOKUP(_xlfn.CONCAT(L28,$M$17),$A$2:$J$73,6,0) -> 1121.82 | O28: =O27 -> 1195.2 | P28: =(O28-N28)/O28 -> 0.061395582 | Q28: =M28*P28 -> 67535.141 | S28: Octubre | T28: =T12 -> 1566666.7 | U28: =N28 -> 1121.82 | V28: =O28 -> 1195.2 | W28: =(V28-U28)/V28 -> 0.061395582 | X28: =T28*W28 -> 96186.412 | Z28: Octubre | AA28: ='data S&P500'!AM28 -> 0 | AB28: =U28 -> 1121.82 | AC28: =V28 -> 1195.2 | AD28: =(AC28-AB28)/AC28 -> 0.061395582 | AE28: =AA28*AD28 -> 0
A29: =_xlfn.CONCAT(B29,C29) -> septiembre2022 | B29: septiembre | C29: 2022 | D29: 44570 | E29: 1128.24 | F29: 1228.65 | G29: 1244.77 | H29: 1108.05 | J29: -0.0815 | L29: Noviembre | M29: =M13 -> 1100000 | N29: =VLOOKUP(_xlfn.CONCAT(L29,$M$17),$A$2:$J$73,6,0) -> 1090.51 | O29: =O28 -> 1195.2 | P29: =(O29-N29)/O29 -> 0.087592035 | Q29: =M29*P29 -> 96351.238 | S29: Noviembre | T29: =T13 -> 1566666.7 | U29: =N29 -> 1090.51 | V29: =O29 -> 1195.2 | W29: =(V29-U29)/V29 -> 0.087592035 | X29: =T29*W29 -> 137227.52 | Z29: Noviembre | AA29: ='data S&P500'!AM29 -> 0 | AB29: =U29 -> 1090.51 | AC29: =V29 -> 1195.2 | AD29: =(AC29-AB29)/AC29 -> 0.087592035 | AE29: =AA29*AD29 -> 0
A30: =_xlfn.CONCAT(B30,C30) -> agosto2022 | B30: agosto | C30: 2022 | D30: 44569 | E30: 1228.33 | F30: 1289.06 | G30: 1343.04 | H30: 1228.33 | J30: -0.0522 | L30: Diciembre | M30: =M14 -> 1100000 | N30: =VLOOKUP(_xlfn.CONCAT(L30,$M$17),$A$2:$J$73,6,0) -> 1146.87 | O30: =O29 -> 1195.2 | P30: =(O30-N30)/O30 -> 0.040436747 | Q30: =M30*P30 -> 44480.422 | S30: Diciembre | T30: =T14 -> 833333.33 | U30: =N30 -> 1146.87 | V30: =O30 -> 1195.2 | W30: =(V30-U30)/V30 -> 0.040436747 | X30: =T30*W30 -> 33697.289 | Z30: Diciembre | AA30: ='data S&P500'!AM30 -> 0 | AB30: =U30 -> 1146.87 | AC30: =V30 -> 1195.2 | AD30: =(AC30-AB30)/AC30 -> 0.040436747 | AE30: =AA30*AD30 -> 0
A31: =_xlfn.CONCAT(B31,C31) -> julio2022 | B31: julio | C31: 2022 | D31: 44568 | E31: 1295.96 | F31: 1324.23 | G31: 1360.73 | H31: 1251.69 | J31: -0.0203 | M31: =SUM(M19:M30) -> 13200000 | P31: =Q31/M31 -> 0.026239681 | Q31: =SUM(Q19:Q30) -> 346363.79 | T31: =SUM(T19:T30) -> 13200000 | W31: =X31/T31 -> 0.028221852 | X31: =SUM(X19:X30) -> 372528.45 | AA31: =SUM(AA19:AA30) -> 0 | AD31: =AE31/AA31 -> #DIV/0! | AE31: =SUM(AE19:AE30) -> 0
A32: =_xlfn.CONCAT(B32,C32) -> junio2022 | B32: junio | C32: 2022 | D32: 44567 | E32: 1322.88 | F32: 1615.11 | G32: 1619.4 | H32: 1322.88 | J32: -0.1749
A33: =_xlfn.CONCAT(B33,C33) -> mayo2022 | B33: mayo | C33: 2022 | D33: 44566 | E33: 1603.23 | F33: 1576.09 | G33: 1619.48 | H33: 1403.32 | J33: 0.0261 | L33: Año | M33: 2022
A34: =_xlfn.CONCAT(B34,C34) -> abril2022 | B34: abril | C34: 2022 | D34: 44565 | E34: 1562.46 | F34: 1616.9 | G34: 1642.41 | H34: 1562.31 | J34: -0.0332
A35: =_xlfn.CONCAT(B35,C35) -> marzo2022 | B35: marzo | C35: 2022 | D35: 44564 | E35: 1616.08 | F35: 1532.5 | G35: 1616.08 | H35: 1506.98 | J35: 0.0578 | L35: Enero | M35: =M19 -> 1100000 | N35: =VLOOKUP(_xlfn.CONCAT(L35,$M$33),$A$2:$J$73,6,0) -> 1410.76 | O35: =VLOOKUP(_xlfn.CONCAT(L46,M33),$A$1:$E$73,5,0) -> 1286.07 | P35: =(O35-N35)/O35 -> -0.096954287 | Q35: =M35*P35 -> -106649.72 | S35: Enero | T35: =T19 -> 433333.33 | U35: =N35 -> 1410.76 | V35: =O35 -> 1286.07 | W35: =(V35-U35)/V35 -> -0.096954287 | X35: =T35*W35 -> -42013.524 | Z35: Enero | AA35: ='data S&P500'!AM35 -> 0 | AB35: =U35 -> 1410.76 | AC35: =V35 -> 1286.07 | AD35: =(AC35-AB35)/AC35 -> -0.096954287 | AE35: =AA35*AD35 -> 0
A36: =_xlfn.CONCAT(B36,C36) -> febrero2022 | B36: febrero | C36: 2022 | D36: 44563 | E36: 1527.75 | F36: 1536.35 | G36: 1564.22 | H36: 1468.71 | J36: -0.006 | L36: Febrero | M36: =M20 -> 1100000 | N36: =VLOOKUP(_xlfn.CONCAT(L36,$M$33),$A$2:$J$73,6,0) -> 1536.35 | O36: =O35 -> 1286.07 | P36: =(O36-N36)/O36 -> -0.19460838 | Q36: =M36*P36 -> -214069.22 | S36: Febrero | T36: =T20 -> 1566666.7 | U36: =N36 -> 1536.35 | V36: =O36 -> 1286.07 | W36: =(V36-U36)/V36 -> -0.19460838 | X36: =T36*W36 -> -304886.46 | Z36: Febrero | AA36: ='data S&P500'!AM36 -> 0 | AB36: =U36 -> 1536.35 | AC36: =V36 -> 1286.07 | AD36: =(AC36-AB36)/AC36 -> -0.19460838 | AE36: =AA36*AD36 -> 0
A37: =_xlfn.CONCAT(B37,C37) -> enero2022 | B37: enero | C37: 2022 | D37: 44562 | E37: 1536.92 | F37: 1410.76 | G37: 1598.15 | H37: 1363.38 | J37: 0.0893 | L37: Marzo | M37: =M21 -> 1100000 | N37: =VLOOKUP(_xlfn.CONCAT(L37,$M$33),$A$2:$J$73,6,0) -> 1532.5 | O37: =O36 -> 1286.07 | P37: =(O37-N37)/O37 -> -0.19161476 | Q37: =M37*P37 -> -210776.24 | S37: Marzo | T37: =T21 -> 1566666.7 | U37: =N37 -> 1532.5 | V37: =O37 -> 1286.07 | W37: =(V37-U37)/V37 -> -0.19161476 | X37: =T37*W37 -> -300196.46 | Z37: Marzo | AA37: ='data S&P500'!AM37 -> 0 | AB37: =U37 -> 1532.5 | AC37: =V37 -> 1286.07 | AD37: =(AC37-AB37)/AC37 -> -0.19161476 | AE37: =AA37*AD37 -> 0
A38: =_xlfn.CONCAT(B38,C38) -> diciembre2021 | B38: diciembre | C38: 2021 | D38: 44208 | E38: 1410.97 | F38: 1396.49 | G38: 1451.32 | H38: 1351.83 | J38: 0.027 | L38: Abril | M38: =M22 -> 1100000 | N38: =VLOOKUP(_xlfn.CONCAT(L38,$M$33),$A$2:$J$73,6,0) -> 1616.9 | O38: =O37 -> 1286.07 | P38: =(O38-N38)/O38 -> -0.25724105 | Q38: =M38*P38 -> -282965.16 | S38: Abril | T38: =T22 -> 700000 | U38: =N38 -> 1616.9 | V38: =O38 -> 1286.07 | W38: =(V38-U38)/V38 -> -0.25724105 | X38: =T38*W38 -> -180068.74 | Z38: Abril | AA38: ='data S&P500'!AM38 -> 0 | AB38: =U38 -> 1616.9 | AC38: =V38 -> 1286.07 | AD38: =(AC38-AB38)/AC38 -> -0.25724105 | AE38: =AA38*AD38 -> 0
A39: =_xlfn.CONCAT(B39,C39) -> noviembre2021 | B39: noviembre | C39: 2021 | D39: 44207 | E39: 1373.84 | F39: 1395.62 | G39: 1409.86 | H39: 1298.64 | J39: -0.0145 | L39: Mayo | M39: =M23 -> 1100000 | N39: =VLOOKUP(_xlfn.CONCAT(L39,$M$33),$A$2:$J$73,6,0) -> 1576.09 | O39: =O38 -> 1286.07 | P39: =(O39-N39)/O39 -> -0.22550872 | Q39: =M39*P39 -> -248059.59 | S39: Mayo | T39: =T23 -> 566666.67 | U39: =N39 -> 1576.09 | V39: =O39 -> 1286.07 | W39: =(V39-U39)/V39 -> -0.22550872 | X39: =T39*W39 -> -127788.27 | Z39: Mayo | AA39: ='data S&P500'!AM39 -> 0 | AB39: =U39 -> 1576.09 | AC39: =V39 -> 1286.07 | AD39: =(AC39-AB39)/AC39 -> -0.22550872 | AE39: =AA39*AD39 -> 0
A40: =_xlfn.CONCAT(B40,C40) -> octubre2021 | B40: octubre | C40: 2021 | D40: 44206 | E40: 1394.04 | F40: 1362.08 | G40: 1429.85 | H40: 1359.3 | J40: 0.0236 | L40: Junio | M40: =M24 -> 1100000 | N40: =VLOOKUP(_xlfn.CONCAT(L40,$M$33),$A$2:$J$73,6,0) -> 1615.11 | O40: =O39 -> 1286.07 | P40: =(O40-N40)/O40 -> -0.25584922 | Q40: =M40*P40 -> -281434.14 | S40: Junio | T40: =T24 -> 300000 | U40: =N40 -> 1615.11 | V40: =O40 -> 1286.07 | W40: =(V40-U40)/V40 -> -0.25584922 | X40: =T40*W40 -> -76754.765 | Z40: Junio | AA40: ='data S&P500'!AM40 -> 0 | AB40: =U40 -> 1615.11 | AC40: =V40 -> 1286.07 | AD40: =(AC40-AB40)/AC40 -> -0.25584922 | AE40: =AA40*AD40 -> 0
A41: =_xlfn.CONCAT(B41,C41) -> septiembre2021 | B41: septiembre | C41: 2021 | D41: 44205 | E41: 1361.95 | F41: 1320.61 | G41: 1363.05 | H41: 1301.32 | J41: 0.0318 | L41: Julio | M41: =M25 -> 1100000 | N41: =VLOOKUP(_xlfn.CONCAT(L41,$M$33),$A$2:$J$73,6,0) -> 1324.23 | O41: =O40 -> 1286.07 | P41: =(O41-N41)/O41 -> -0.029671791 | Q41: =M41*P41 -> -32638.97 | S41: Julio | T41: =T25 -> 1566666.7 | U41: =N41 -> 1324.23 | V41: =O41 -> 1286.07 | W41: =(V41-U41)/V41 -> -0.029671791 | X41: =T41*W41 -> -46485.806 | Z41: Julio | AA41: ='data S&P500'!AM41 -> 0 | AB41: =U41 -> 1324.23 | AC41: =V41 -> 1286.07 | AD41: =(AC41-AB41)/AC41 -> -0.029671791 | AE41: =AA41*AD41 -> 0
A42: =_xlfn.CONCAT(B42,C42) -> agosto2021 | B42: agosto | C42: 2021 | D42: 44204 | E42: 1319.96 | F42: 1236.73 | G42: 1341.28 | H42: 1222.53 | J42: 0.0673 | L42: Agosto | M42: =M26 -> 1100000 | N42: =VLOOKUP(_xlfn.CONCAT(L42,$M$33),$A$2:$J$73,6,0) -> 1289.06 | O42: =O41 -> 1286.07 | P42: =(O42-N42)/O42 -> -0.0023249123 | Q42: =M42*P42 -> -2557.4036 | S42: Agosto | T42: =T26 -> 1566666.7 | U42: =N42 -> 1289.06 | V42: =O42 -> 1286.07 | W42: =(V42-U42)/V42 -> -0.0023249123 | X42: =T42*W42 -> -3642.3627 | Z42: Agosto | AA42: ='data S&P500'!AM42 -> 0 | AB42: =U42 -> 1289.06 | AC42: =V42 -> 1286.07 | AD42: =(AC42-AB42)/AC42 -> -0.0023249123 | AE42: =AA42*AD42 -> 0
A43: =_xlfn.CONCAT(B43,C43) -> julio2021 | B43: julio | C43: 2021 | D43: 44203 | E43: 1236.73 | F43: 1251.56 | G43: 1300.1 | H43: 1232.38 | J43: -0.0097 | L43: Septiembre | M43: =M27 -> 1100000 | N43: =VLOOKUP(_xlfn.CONCAT(L43,$M$33),$A$2:$J$73,6,0) -> 1228.65 | O43: =O42 -> 1286.07 | P43: =(O43-N43)/O43 -> 0.044647647 | Q43: =M43*P43 -> 49112.412 | S43: Septiembre | T43: =T27 -> 966666.67 | U43: =N43 -> 1228.65 | V43: =O43 -> 1286.07 | W43: =(V43-U43)/V43 -> 0.044647647 | X43: =T43*W43 -> 43159.393 | Z43: Septiembre | AA43: ='data S&P500'!AM43 -> 0 | AB43: =U43 -> 1228.65 | AC43: =V43 -> 1286.07 | AD43: =(AC43-AB43)/AC43 -> 0.044647647 | AE43: =AA43*AD43 -> 0
A44: =_xlfn.CONCAT(B44,C44) -> junio2021 | B44: junio | C44: 2021 | D44: 44202 | E44: 1248.83 | F44: 1204.85 | G44: 1286.95 | H44: 1204.85 | J44: 0.0399 | L44: Octubre | M44: =M28 -> 1100000 | N44: =VLOOKUP(_xlfn.CONCAT(L44,$M$33),$A$2:$J$73,6,0) -> 1132.29 | O44: =O43 -> 1286.07 | P44: =(O44-N44)/O44 -> 0.11957358 | Q44: =M44*P44 -> 131530.94 | S44: Octubre | T44: =T28 -> 1566666.7 | U44: =N44 -> 1132.29 | V44: =O44 -> 1286.07 | W44: =(V44-U44)/V44 -> 0.11957358 | X44: =T44*W44 -> 187331.95 | Z44: Octubre | AA44: ='data S&P500'!AM44 -> 0 | AB44: =U44 -> 1132.29 | AC44: =V44 -> 1286.07 | AD44: =(AC44-AB44)/AC44 -> 0.11957358 | AE44: =AA44*AD44 -> 0
A45: =_xlfn.CONCAT(B45,C45) -> mayo2021 | B45: mayo | C45: 2021 | D45: 44201 | E45: 1200.9 | F45: 1250.65 | G45: 1311.73 | H45: 1181.53 | J45: -0.0398 | L45: Noviembre | M45: =M29 -> 1100000 | N45: =VLOOKUP(_xlfn.CONCAT(L45,$M$33),$A$2:$J$73,6,0) -> 1235.72 | O45: =O44 -> 1286.07 | P45: =(O45-N45)/O45 -> 0.03915028 | Q45: =M45*P45 -> 43065.307 | S45: Noviembre | T45: =T29 -> 1566666.7 | U45: =N45 -> 1235.72 | V45: =O45 -> 1286.07 | W45: =(V45-U45)/V45 -> 0.03915028 | X45: =T45*W45 -> 61335.438 | Z45: Noviembre | AA45: ='data S&P500'!AM45 -> 0 | AB45: =U45 -> 1235.72 | AC45: =V45 -> 1286.07 | AD45: =(AC45-AB45)/AC45 -> 0.03915028 | AE45: =AA45*AD45 -> 0
A46: =_xlfn.CONCAT(B46,C46) -> abril2021 | B46: abril | C46: 2021 | D46: 44200 | E46: 1250.65 | F46: 1316.81 | G46: 1335.89 | H46: 1250.52 | J46: -0.0502 | L46: Diciembre | M46: =M30 -> 1100000 | N46: =VLOOKUP(_xlfn.CONCAT(L46,$M$33),$A$2:$J$73,6,0) -> 1235.35 | O46: =O45 -> 1286.07 | P46: =(O46-N46)/O46 -> 0.039437978 | Q46: =M46*P46 -> 43381.775 | S46: Diciembre | T46: =T30 -> 833333.33 | U46: =N46 -> 1235.35 | V46: =O46 -> 1286.07 | W46: =(V46-U46)/V46 -> 0.039437978 | X46: =T46*W46 -> 32864.981 | Z46: Diciembre | AA46: ='data S&P500'!AM46 -> 0 | AB46: =U46 -> 1235.35 | AC46: =V46 -> 1286.07 | AD46: =(AC46-AB46)/AC46 -> 0.039437978 | AE46: =AA46*AD46 -> 0
A47: =_xlfn.CONCAT(B47,C47) -> marzo2021 | B47: marzo | C47: 2021 | D47: 44199 | E47: 1316.81 | F47: 1359.48 | G47: 1360.79 | H47: 1309.03 | J47: -0.0314 | M47: =SUM(M35:M46) -> 13200000 | P47: =Q47/M47 -> -0.084246969 | Q47: =SUM(Q35:Q46) -> -1112060 | T47: =SUM(T35:T46) -> 13200000 | W47: =X47/T47 -> -0.057359442 | X47: =SUM(X35:X46) -> -757144.63 | AA47: =SUM(AA35:AA46) -> 0 | AD47: =AE47/AA47 -> #DIV/0! | AE47: =SUM(AE35:AE46) -> 0
A48: =_xlfn.CONCAT(B48,C48) -> febrero2021 | B48: febrero | C48: 2021 | D48: 44198 | E48: 1359.48 | F48: 1348.12 | G48: 1385.57 | H48: 1321.73 | J48: 0.0084
A49: =_xlfn.CONCAT(B49,C49) -> enero2021 | B49: enero | C49: 2021 | D49: 44197 | E49: 1348.12 | F49: 1437.89 | G49: 1468.16 | H49: 1346.54 | J49: -0.0624 | L49: Año | M49: 2021
A50: =_xlfn.CONCAT(B50,C50) -> diciembre2020 | B50: diciembre | C50: 2020 | D50: 43842 | E50: 1437.89 | F50: 1258 | G50: 1452.59 | H50: 1256.28 | J50: 0.143
A51: =_xlfn.CONCAT(B51,C51) -> noviembre2020 | B51: noviembre | C51: 2020 | D51: 43841 | E51: 1258 | F51: 1136.75 | G51: 1275.59 | H51: 1136.75 | J51: 0.1067 | L51: Enero | M51: =M35 -> 1100000 | N51: =VLOOKUP(_xlfn.CONCAT(L51,$M$49),$A$2:$J$73,6,0) -> 1437.89 | O51: =VLOOKUP(_xlfn.CONCAT(L62,M49),$A$1:$E$73,5,0) -> 1410.97 | P51: =(O51-N51)/O51 -> -0.019079073 | Q51: =M51*P51 -> -20986.981 | S51: Enero | T51: =T35 -> 433333.33 | U51: =N51 -> 1437.89 | V51: =O51 -> 1410.97 | W51: =(V51-U51)/V51 -> -0.019079073 | X51: =T51*W51 -> -8267.5984 | Z51: Enero | AA51: ='data S&P500'!AM51 -> 0 | AB51: =U51 -> 1437.89 | AC51: =V51 -> 1410.97 | AD51: =(AC51-AB51)/AC51 -> -0.019079073 | AE51: =AA51*AD51 -> 0
A52: =_xlfn.CONCAT(B52,C52) -> octubre2020 | B52: octubre | C52: 2020 | D52: 43840 | E52: 1136.75 | F52: 1171.92 | G52: 1190.01 | H52: 1103.61 | J52: -0.03 | L52: Febrero | M52: =M36 -> 1100000 | N52: =VLOOKUP(_xlfn.CONCAT(L52,$M$49),$A$2:$J$73,6,0) -> 1348.12 | O52: =O51 -> 1410.97 | P52: =(O52-N52)/O52 -> 0.044543824 | Q52: =M52*P52 -> 48998.207 | S52: Febrero | T52: =T36 -> 1566666.7 | U52: =N52 -> 1348.12 | V52: =O52 -> 1410.97 | W52: =(V52-U52)/V52 -> 0.044543824 | X52: =T52*W52 -> 69785.325 | Z52: Febrero | AA52: ='data S&P500'!AM52 -> 0 | AB52: =U52 -> 1348.12 | AC52: =V52 -> 1410.97 | AD52: =(AC52-AB52)/AC52 -> 0.044543824 | AE52: =AA52*AD52 -> 0
A53: =_xlfn.CONCAT(B53,C53) -> septiembre2020 | B53: septiembre | C53: 2020 | D53: 43839 | E53: 1171.92 | F53: 1216.03 | G53: 1270.37 | H53: 1162.62 | J53: -0.0363 | L53: Marzo | M53: =M37 -> 1100000 | N53: =VLOOKUP(_xlfn.CONCAT(L53,$M$49),$A$2:$J$73,6,0) -> 1359.48 | O53: =O52 -> 1410.97 | P53: =(O53-N53)/O53 -> 0.036492626 | Q53: =M53*P53 -> 40141.888 | S53: Marzo | T53: =T37 -> 1566666.7 | U53: =N53 -> 1359.48 | V53: =O53 -> 1410.97 | W53: =(V53-U53)/V53 -> 0.036492626 | X53: =T53*W53 -> 57171.78 | Z53: Marzo | AA53: ='data S&P500'!AM53 -> 0 | AB53: =U53 -> 1359.48 | AC53: =V53 -> 1410.97 | AD53: =(AC53-AB53)/AC53 -> 0.036492626 | AE53: =AA53*AD53 -> 0
A54: =_xlfn.CONCAT(B54,C54) -> agosto2020 | B54: agosto | C54: 2020 | D54: 43838 | E54: 1216.03 | F54: 1134.34 | G54: 1236.1 | H54: 1128.03 | J54: 0.072 | L54: Abril | M54: =M38 -> 1100000 | N54: =VLOOKUP(_xlfn.CONCAT(L54,$M$49),$A$2:$J$73,6,0) -> 1316.81 | O54: =O53 -> 1410.97 | P54: =(O54-N54)/O54 -> 0.066734232 | Q54: =M54*P54 -> 73407.656 | S54: Abril | T54: =T38 -> 700000 | U54: =N54 -> 1316.81 | V54: =O54 -> 1410.97 | W54: =(V54-U54)/V54 -> 0.066734232 | X54: =T54*W54 -> 46713.963 | Z54: Abril | AA54: ='data S&P500'!AM54 -> 0 | AB54: =U54 -> 1316.81 | AC54: =V54 -> 1410.97 | AD54: =(AC54-AB54)/AC54 -> 0.066734232 | AE54: =AA54*AD54 -> 0
A55: =_xlfn.CONCAT(B55,C55) -> julio2020 | B55: julio | C55: 2020 | D55: 43837 | E55: 1134.34 | F55: 1111.8 | G55: 1184.34 | H55: 1109.7 | J55: 0.0203 | L55: Mayo | M55: =M39 -> 1100000 | N55: =VLOOKUP(_xlfn.CONCAT(L55,$M$49),$A$2:$J$73,6,0) -> 1250.65 | O55: =O54 -> 1410.97 | P55: =(O55-N55)/O55 -> 0.11362396 | Q55: =M55*P55 -> 124986.36 | S55: Mayo | T55: =T39 -> 566666.67 | U55: =N55 -> 1250.65 | V55: =O55 -> 1410.97 | W55: =(V55-U55)/V55 -> 0.11362396 | X55: =T55*W55 -> 64386.911 | Z55: Mayo | AA55: ='data S&P500'!AM55 -> 0 | AB55: =U55 -> 1250.65 | AC55: =V55 -> 1410.97 | AD55: =(AC55-AB55)/AC55 -> 0.11362396 | AE55: =AA55*AD55 -> 0
A56: =_xlfn.CONCAT(B56,C56) -> junio2020 | B56: junio | C56: 2020 | D56: 43836 | E56: 1111.8 | F56: 1095.84 | G56: 1228.73 | H56: 1093.17 | J56: 0.0146 | L56: Junio | M56: =M40 -> 1100000 | N56: =VLOOKUP(_xlfn.CONCAT(L56,$M$49),$A$2:$J$73,6,0) -> 1204.85 | O56: =O55 -> 1410.97 | P56: =(O56-N56)/O56 -> 0.1460839 | Q56: =M56*P56 -> 160692.29 | S56: Junio | T56: =T40 -> 300000 | U56: =N56 -> 1204.85 | V56: =O56 -> 1410.97 | W56: =(V56-U56)/V56 -> 0.1460839 | X56: =T56*W56 -> 43825.17 | Z56: Junio | AA56: ='data S&P500'!AM56 -> 0 | AB56: =U56 -> 1204.85 | AC56: =V56 -> 1410.97 | AD56: =(AC56-AB56)/AC56 -> 0.1460839 | AE56: =AA56*AD56 -> 0
A57: =_xlfn.CONCAT(B57,C57) -> mayo2020 | B57: mayo | C57: 2020 | D57: 43835 | E57: 1095.84 | F57: 1142.04 | G57: 1142.04 | H57: 1038.34 | J57: -0.0405 | L57: Julio | M57: =M41 -> 1100000 | N57: =VLOOKUP(_xlfn.CONCAT(L57,$M$49),$A$2:$J$73,6,0) -> 1251.56 | O57: =O56 -> 1410.97 | P57: =(O57-N57)/O57 -> 0.11297901 | Q57: =M57*P57 -> 124276.92 | S57: Julio | T57: =T41 -> 1566666.7 | U57: =N57 -> 1251.56 | V57: =O57 -> 1410.97 | W57: =(V57-U57)/V57 -> 0.11297901 | X57: =T57*W57 -> 177000.46 | Z57: Julio | AA57: ='data S&P500'!AM57 -> 0 | AB57: =U57 -> 1251.56 | AC57: =V57 -> 1410.97 | AD57: =(AC57-AB57)/AC57 -> 0.11297901 | AE57: =AA57*AD57 -> 0
A58: =_xlfn.CONCAT(B58,C58) -> abril2020 | B58: abril | C58: 2020 | D58: 43834 | E58: 1142.04 | F58: 1123.85 | G58: 1221.39 | H58: 1056.81 | J58: 0.0162 | L58: Agosto | M58: =M42 -> 1100000 | N58: =VLOOKUP(_xlfn.CONCAT(L58,$M$49),$A$2:$J$73,6,0) -> 1236.73 | O58: =O57 -> 1410.97 | P58: =(O58-N58)/O58 -> 0.12348951 | Q58: =M58*P58 -> 135838.47 | S58: Agosto | T58: =T42 -> 1566666.7 | U58: =N58 -> 1236.73 | V58: =O58 -> 1410.97 | W58: =(V58-U58)/V58 -> 0.12348951 | X58: =T58*W58 -> 193466.91 | Z58: Agosto | AA58: ='data S&P500'!AM58 -> 0 | AB58: =U58 -> 1236.73 | AC58: =V58 -> 1410.97 | AD58: =(AC58-AB58)/AC58 -> 0.12348951 | AE58: =AA58*AD58 -> 0
A59: =_xlfn.CONCAT(B59,C59) -> marzo2020 | B59: marzo | C59: 2020 | D59: 43833 | E59: 1123.85 | F59: 1549.61 | G59: 1573.56 | H59: 880.72 | J59: -0.2748 | L59: Septiembre | M59: =M43 -> 1100000 | N59: =VLOOKUP(_xlfn.CONCAT(L59,$M$49),$A$2:$J$73,6,0) -> 1320.61 | O59: =O58 -> 1410.97 | P59: =(O59-N59)/O59 -> 0.06404105 | Q59: =M59*P59 -> 70445.155 | S59: Septiembre | T59: =T43 -> 966666.67 | U59: =N59 -> 1320.61 | V59: =O59 -> 1410.97 | W59: =(V59-U59)/V59 -> 0.06404105 | X59: =T59*W59 -> 61906.348 | Z59: Septiembre | AA59: ='data S&P500'!AM59 -> 0 | AB59: =U59 -> 1320.61 | AC59: =V59 -> 1410.97 | AD59: =(AC59-AB59)/AC59 -> 0.06404105 | AE59: =AA59*AD59 -> 0
A60: =_xlfn.CONCAT(B60,C60) -> febrero2020 | B60: febrero | C60: 2020 | D60: 43832 | E60: 1549.61 | F60: 1623.83 | G60: 1681.72 | H60: 1517.13 | J60: -0.0457 | L60: Octubre | M60: =M44 -> 1100000 | N60: =VLOOKUP(_xlfn.CONCAT(L60,$M$49),$A$2:$J$73,6,0) -> 1362.08 | O60: =O59 -> 1410.97 | P60: =(O60-N60)/O60 -> 0.034649922 | Q60: =M60*P60 -> 38114.914 | S60: Octubre | T60: =T44 -> 1566666.7 | U60: =N60 -> 1362.08 | V60: =O60 -> 1410.97 | W60: =(V60-U60)/V60 -> 0.034649922 | X60: =T60*W60 -> 54284.877 | Z60: Octubre | AA60: ='data S&P500'!AM60 -> 0 | AB60: =U60 -> 1362.08 | AC60: =V60 -> 1410.97 | AD60: =(AC60-AB60)/AC60 -> 0.034649922 | AE60: =AA60*AD60 -> 0
A61: =_xlfn.CONCAT(B61,C61) -> enero2020 | B61: enero | C61: 2020 | D61: 43831 | E61: 1623.83 | F61: 1662.42 | G61: 1677.6 | H61: 1618.54 | J61: -0.0232 | L61: Noviembre | M61: =M45 -> 1100000 | N61: =VLOOKUP(_xlfn.CONCAT(L61,$M$49),$A$2:$J$73,6,0) -> 1395.62 | O61: =O60 -> 1410.97 | P61: =(O61-N61)/O61 -> 0.010879041 | Q61: =M61*P61 -> 11966.945 | S61: Noviembre | T61: =T45 -> 1566666.7 | U61: =N61 -> 1395.62 | V61: =O61 -> 1410.97 | W61: =(V61-U61)/V61 -> 0.010879041 | X61: =T61*W61 -> 17043.83 | Z61: Noviembre | AA61: ='data S&P500'!AM61 -> 0 | AB61: =U61 -> 1395.62 | AC61: =V61 -> 1410.97 | AD61: =(AC61-AB61)/AC61 -> 0.010879041 | AE61: =AA61*AD61 -> 0
A62: =_xlfn.CONCAT(B62,C62) -> diciembre2019 | B62: diciembre | C62: 2019 | D62: 43477 | E62: 1662.42 | F62: 1611.92 | G62: 1673.36 | H62: 1583.11 | J62: 0.0313 | L62: Diciembre | M62: =M46 -> 1100000 | N62: =VLOOKUP(_xlfn.CONCAT(L62,$M$49),$A$2:$J$73,6,0) -> 1396.49 | O62: =O61 -> 1410.97 | P62: =(O62-N62)/O62 -> 0.010262444 | Q62: =M62*P62 -> 11288.688 | S62: Diciembre | T62: =T46 -> 833333.33 | U62: =N62 -> 1396.49 | V62: =O62 -> 1410.97 | W62: =(V62-U62)/V62 -> 0.010262444 | X62: =T62*W62 -> 8552.0363 | Z62: Diciembre | AA62: ='data S&P500'!AM62 -> 0 | AB62: =U62 -> 1396.49 | AC62: =V62 -> 1410.97 | AD62: =(AC62-AB62)/AC62 -> 0.010262444 | AE62: =AA62*AD62 -> 0
A63: =_xlfn.CONCAT(B63,C63) -> noviembre2019 | B63: noviembre | C63: 2019 | D63: 43476 | E63: 1611.92 | F63: 1633.15 | G63: 1666.8 | H63: 1572.86 | J63: -0.013 | M63: =SUM(M51:M62) -> 13200000 | P63: =Q63/M63 -> 0.062058371 | Q63: =SUM(Q51:Q62) -> 819170.5 | T63: =SUM(T51:T62) -> 13200000 | W63: =X63/T63 -> 0.059535606 | X63: =SUM(X51:X62) -> 785870 | AA63: =SUM(AA51:AA62) -> 0 | AD63: =AE63/AA63 -> #DIV/0! | AE63: =SUM(AE51:AE62) -> 0
A64: =_xlfn.CONCAT(B64,C64) -> octubre2019 | B64: octubre | C64: 2019 | D64: 43475 | E64: 1633.15 | F64: 1577.96 | G64: 1637.09 | H64: 1568.52 | J64: 0.035
A65: =_xlfn.CONCAT(B65,C65) -> septiembre2019 | B65: septiembre | C65: 2019 | D65: 43474 | E65: 1577.96 | F65: 1559.52 | G65: 1607.53 | H65: 1544.82 | J65: 0.0118 | L65: Año | M65: 2020
A66: =_xlfn.CONCAT(B66,C66) -> agosto2019 | B66: agosto | C66: 2019 | D66: 43473 | E66: 1559.52 | F66: 1562.13 | G66: 1566.06 | H66: 1502.28 | J66: -0.0017
A67: =_xlfn.CONCAT(B67,C67) -> julio2019 | B67: julio | C67: 2019 | D67: 43472 | E67: 1562.13 | F67: 1548.98 | G67: 1622.37 | H67: 1538.76 | J67: 0.0085 | L67: Enero | M67: =M51 -> 1100000 | N67: =VLOOKUP(_xlfn.CONCAT(L67,$M$65),$A$2:$J$73,6,0) -> 1662.42 | O67: =VLOOKUP(_xlfn.CONCAT(L78,M65),$A$1:$E$73,5,0) -> 1437.89 | P67: =(O67-N67)/O67 -> -0.15615242 | Q67: =M67*P67 -> -171767.66 | S67: Enero | T67: =T51 -> 433333.33 | U67: =N67 -> 1662.42 | V67: =O67 -> 1437.89 | W67: =(V67-U67)/V67 -> -0.15615242 | X67: =T67*W67 -> -67666.048 | Z67: Enero | AA67: ='data S&P500'!AM67 -> 0 | AB67: =U67 -> 1662.42 | AC67: =V67 -> 1437.89 | AD67: =(AC67-AB67)/AC67 -> -0.15615242 | AE67: =AA67*AD67 -> 0
A68: =_xlfn.CONCAT(B68,C68) -> junio2019 | B68: junio | C68: 2019 | D68: 43471 | E68: 1548.98 | F68: 1487 | G68: 1567.36 | H68: 1482.28 | J68: 0.0417 | L68: Febrero | M68: =M52 -> 1100000 | N68: =VLOOKUP(_xlfn.CONCAT(L68,$M$65),$A$2:$J$73,6,0) -> 1623.83 | O68: =O67 -> 1437.89 | P68: =(O68-N68)/O68 -> -0.12931448 | Q68: =M68*P68 -> -142245.93 | S68: Febrero | T68: =T52 -> 1566666.7 | U68: =N68 -> 1623.83 | V68: =O68 -> 1437.89 | W68: =(V68-U68)/V68 -> -0.12931448 | X68: =T68*W68 -> -202592.69 | Z68: Febrero | AA68: ='data S&P500'!AM68 -> 0 | AB68: =U68 -> 1623.83 | AC68: =V68 -> 1437.89 | AD68: =(AC68-AB68)/AC68 -> -0.12931448 | AE68: =AA68*AD68 -> 0
A69: =_xlfn.CONCAT(B69,C69) -> mayo2019 | B69: mayo | C69: 2019 | D69: 43470 | E69: 1487 | F69: 1573.64 | G69: 1573.64 | H69: 1457.26 | J69: -0.0551 | L69: Marzo | M69: =M53 -> 1100000 | N69: =VLOOKUP(_xlfn.CONCAT(L69,$M$65),$A$2:$J$73,6,0) -> 1549.61 | O69: =O68 -> 1437.89 | P69: =(O69-N69)/O69 -> -0.077697181 | Q69: =M69*P69 -> -85466.899 | S69: Marzo | T69: =T53 -> 1566666.7 | U69: =N69 -> 1549.61 | V69: =O69 -> 1437.89 | W69: =(V69-U69)/V69 -> -0.077697181 | X69: =T69*W69 -> -121725.58 | Z69: Marzo | AA69: ='data S&P500'!AM69 -> 0 | AB69: =U69 -> 1549.61 | AC69: =V69 -> 1437.89 | AD69: =(AC69-AB69)/AC69 -> -0.077697181 | AE69: =AA69*AD69 -> 0
A70: =_xlfn.CONCAT(B70,C70) -> abril2019 | B70: abril | C70: 2019 | D70: 43469 | E70: 1573.64 | F70: 1587.74 | G70: 1626.58 | H70: 1562.88 | J70: -0.0089 | L70: Abril | M70: =M54 -> 1100000 | N70: =VLOOKUP(_xlfn.CONCAT(L70,$M$65),$A$2:$J$73,6,0) -> 1123.85 | O70: =O69 -> 1437.89 | P70: =(O70-N70)/O70 -> 0.21840335 | Q70: =M70*P70 -> 240243.69 | S70: Abril | T70: =T54 -> 700000 | U70: =N70 -> 1123.85 | V70: =O70 -> 1437.89 | W70: =(V70-U70)/V70 -> 0.21840335 | X70: =T70*W70 -> 152882.35 | Z70: Abril | AA70: ='data S&P500'!AM70 -> 0 | AB70: =U70 -> 1123.85 | AC70: =V70 -> 1437.89 | AD70: =(AC70-AB70)/AC70 -> 0.21840335 | AE70: =AA70*AD70 -> 0
A71: =_xlfn.CONCAT(B71,C71) -> marzo2019 | B71: marzo | C71: 2019 | D71: 43468 | E71: 1587.74 | F71: 1508.27 | G71: 1634.17 | H71: 1499.26 | J71: 0.0527 | L71: Mayo | M71: =M55 -> 1100000 | N71: =VLOOKUP(_xlfn.CONCAT(L71,$M$65),$A$2:$J$73,6,0) -> 1142.04 | O71: =O70 -> 1437.89 | P71: =(O71-N71)/O71 -> 0.20575287 | Q71: =M71*P71 -> 226328.16 | S71: Mayo | T71: =T55 -> 566666.67 | U71: =N71 -> 1142.04 | V71: =O71 -> 1437.89 | W71: =(V71-U71)/V71 -> 0.20575287 | X71: =T71*W71 -> 116593.3 | Z71: Mayo | AA71: ='data S&P500'!AM71 -> 0 | AB71: =U71 -> 1142.04 | AC71: =V71 -> 1437.89 | AD71: =(AC71-AB71)/AC71 -> 0.20575287 | AE71: =AA71*AD71 -> 0
A72: =_xlfn.CONCAT(B72,C72) -> febrero2019 | B72: febrero | C72: 2019 | D72: 43467 | E72: 1508.27 | F72: 1447.01 | G72: 1527.94 | H72: 1446.6 | J72: 0.0423 | L72: Junio | M72: =M56 -> 1100000 | N72: =VLOOKUP(_xlfn.CONCAT(L72,$M$65),$A$2:$J$73,6,0) -> 1095.84 | O72: =O71 -> 1437.89 | P72: =(O72-N72)/O72 -> 0.23788329 | Q72: =M72*P72 -> 261671.62 | S72: Junio | T72: =T56 -> 300000 | U72: =N72 -> 1095.84 | V72: =O72 -> 1437.89 | W72: =(V72-U72)/V72 -> 0.23788329 | X72: =T72*W72 -> 71364.986 | Z72: Junio | AA72: ='data S&P500'!AM72 -> 0 | AB72: =U72 -> 1095.84 | AC72: =V72 -> 1437.89 | AD72: =(AC72-AB72)/AC72 -> 0.23788329 | AE72: =AA72*AD72 -> 0
A73: =_xlfn.CONCAT(B73,C73) -> enero2019 | B73: enero | C73: 2019 | D73: 43466 | E73: 1447.01 | F73: 1325.93 | G73: 1456.5 | H73: 1318.28 | J73: 0.0913 | L73: Julio | M73: =M57 -> 1100000 | N73: =VLOOKUP(_xlfn.CONCAT(L73,$M$65),$A$2:$J$73,6,0) -> 1111.8 | O73: =O72 -> 1437.89 | P73: =(O73-N73)/O73 -> 0.22678369 | Q73: =M73*P73 -> 249462.06 | S73: Julio | T73: =T57 -> 1566666.7 | U73: =N73 -> 1111.8 | V73: =O73 -> 1437.89 | W73: =(V73-U73)/V73 -> 0.22678369 | X73: =T73*W73 -> 355294.45 | Z73: Julio | AA73: ='data S&P500'!AM73 -> 0 | AB73: =U73 -> 1111.8 | AC73: =V73 -> 1437.89 | AD73: =(AC73-AB73)/AC73 -> 0.22678369 | AE73: =AA73*AD73 -> 0
L74: Agosto | M74: =M58 -> 1100000 | N74: =VLOOKUP(_xlfn.CONCAT(L74,$M$65),$A$2:$J$73,6,0) -> 1134.34 | O74: =O73 -> 1437.89 | P74: =(O74-N74)/O74 -> 0.21110794 | Q74: =M74*P74 -> 232218.74 | S74: Agosto | T74: =T58 -> 1566666.7 | U74: =N74 -> 1134.34 | V74: =O74 -> 1437.89 | W74: =(V74-U74)/V74 -> 0.21110794 | X74: =T74*W74 -> 330735.78 | Z74: Agosto | AA74: ='data S&P500'!AM74 -> 0 | AB74: =U74 -> 1134.34 | AC74: =V74 -> 1437.89 | AD74: =(AC74-AB74)/AC74 -> 0.21110794 | AE74: =AA74*AD74 -> 0
L75: Septiembre | M75: =M59 -> 1100000 | N75: =VLOOKUP(_xlfn.CONCAT(L75,$M$65),$A$2:$J$73,6,0) -> 1216.03 | O75: =O74 -> 1437.89 | P75: =(O75-N75)/O75 -> 0.15429553 | Q75: =M75*P75 -> 169725.08 | S75: Septiembre | T75: =T59 -> 966666.67 | U75: =N75 -> 1216.03 | V75: =O75 -> 1437.89 | W75: =(V75-U75)/V75 -> 0.15429553 | X75: =T75*W75 -> 149152.35 | Z75: Septiembre | AA75: ='data S&P500'!AM75 -> 0 | AB75: =U75 -> 1216.03 | AC75: =V75 -> 1437.89 | AD75: =(AC75-AB75)/AC75 -> 0.15429553 | AE75: =AA75*AD75 -> 0
L76: Octubre | M76: =M60 -> 1100000 | N76: =VLOOKUP(_xlfn.CONCAT(L76,$M$65),$A$2:$J$73,6,0) -> 1171.92 | O76: =O75 -> 1437.89 | P76: =(O76-N76)/O76 -> 0.18497242 | Q76: =M76*P76 -> 203469.67 | S76: Octubre | T76: =T60 -> 1566666.7 | U76: =N76 -> 1171.92 | V76: =O76 -> 1437.89 | W76: =(V76-U76)/V76 -> 0.18497242 | X76: =T76*W76 -> 289790.13 | Z76: Octubre | AA76: ='data S&P500'!AM76 -> 0 | AB76: =U76 -> 1171.92 | AC76: =V76 -> 1437.89 | AD76: =(AC76-AB76)/AC76 -> 0.18497242 | AE76: =AA76*AD76 -> 0
L77: Noviembre | M77: =M61 -> 1100000 | N77: =VLOOKUP(_xlfn.CONCAT(L77,$M$65),$A$2:$J$73,6,0) -> 1136.75 | O77: =O76 -> 1437.89 | P77: =(O77-N77)/O77 -> 0.20943188 | Q77: =M77*P77 -> 230375.06 | S77: Noviembre | T77: =T61 -> 1566666.7 | U77: =N77 -> 1136.75 | V77: =O77 -> 1437.89 | W77: =(V77-U77)/V77 -> 0.20943188 | X77: =T77*W77 -> 328109.94 | Z77: Noviembre | AA77: ='data S&P500'!AM77 -> 0 | AB77: =U77 -> 1136.75 | AC77: =V77 -> 1437.89 | AD77: =(AC77-AB77)/AC77 -> 0.20943188 | AE77: =AA77*AD77 -> 0
L78: Diciembre | M78: =M62 -> 1100000 | N78: =VLOOKUP(_xlfn.CONCAT(L78,$M$65),$A$2:$J$73,6,0) -> 1258 | O78: =O77 -> 1437.89 | P78: =(O78-N78)/O78 -> 0.12510693 | Q78: =M78*P78 -> 137617.62 | S78: Diciembre | T78: =T62 -> 833333.33 | U78: =N78 -> 1258 | V78: =O78 -> 1437.89 | W78: =(V78-U78)/V78 -> 0.12510693 | X78: =T78*W78 -> 104255.77 | Z78: Diciembre | AA78: ='data S&P500'!AM78 -> 0 | AB78: =U78 -> 1258 | AC78: =V78 -> 1437.89 | AD78: =(AC78-AB78)/AC78 -> 0.12510693 | AE78: =AA78*AD78 -> 0
M79: =SUM(M67:M78) -> 13200000 | P79: =Q79/M79 -> 0.11754782 | Q79: =SUM(Q67:Q78) -> 1551631.2 | T79: =SUM(T67:T78) -> 13200000 | W79: =X79/T79 -> 0.11410566 | X79: =SUM(X67:X78) -> 1506194.7 | AA79: =SUM(AA67:AA78) -> 0 | AD79: =AE79/AA79 -> #DIV/0! | AE79: =SUM(AE67:AE78) -> 0
L81: Año | M81: 2019
L83: Enero | M83: =M67 -> 1100000 | N83: =VLOOKUP(_xlfn.CONCAT(L83,$M$81),$A$2:$J$73,6,0) -> 1325.93 | O83: =VLOOKUP(_xlfn.CONCAT(L94,M81),$A$1:$E$73,5,0) -> 1662.42 | P83: =(O83-N83)/O83 -> 0.20240974 | Q83: =M83*P83 -> 222650.71 | S83: Enero | T83: =T67 -> 433333.33 | U83: =N83 -> 1325.93 | V83: =O83 -> 1662.42 | W83: =(V83-U83)/V83 -> 0.20240974 | X83: =T83*W83 -> 87710.887 | Z83: Enero | AA83: ='data S&P500'!AM83 -> 0 | AB83: =U83 -> 1325.93 | AC83: =V83 -> 1662.42 | AD83: =(AC83-AB83)/AC83 -> 0.20240974 | AE83: =AA83*AD83 -> 0
L84: Febrero | M84: =M68 -> 1100000 | N84: =VLOOKUP(_xlfn.CONCAT(L84,$M$81),$A$2:$J$73,6,0) -> 1447.01 | O84: =O83 -> 1662.42 | P84: =(O84-N84)/O84 -> 0.12957616 | Q84: =M84*P84 -> 142533.78 | S84: Febrero | T84: =T68 -> 1566666.7 | U84: =N84 -> 1447.01 | V84: =O84 -> 1662.42 | W84: =(V84-U84)/V84 -> 0.12957616 | X84: =T84*W84 -> 203002.65 | Z84: Febrero | AA84: ='data S&P500'!AM84 -> 0 | AB84: =U84 -> 1447.01 | AC84: =V84 -> 1662.42 | AD84: =(AC84-AB84)/AC84 -> 0.12957616 | AE84: =AA84*AD84 -> 0
L85: Marzo | M85: =M69 -> 1100000 | N85: =VLOOKUP(_xlfn.CONCAT(L85,$M$81),$A$2:$J$73,6,0) -> 1508.27 | O85: =O84 -> 1662.42 | P85: =(O85-N85)/O85 -> 0.092726267 | Q85: =M85*P85 -> 101998.89 | S85: Marzo | T85: =T69 -> 1566666.7 | U85: =N85 -> 1508.27 | V85: =O85 -> 1662.42 | W85: =(V85-U85)/V85 -> 0.092726267 | X85: =T85*W85 -> 145271.15 | Z85: Marzo | AA85: ='data S&P500'!AM85 -> 0 | AB85: =U85 -> 1508.27 | AC85: =V85 -> 1662.42 | AD85: =(AC85-AB85)/AC85 -> 0.092726267 | AE85: =AA85*AD85 -> 0
L86: Abril | M86: =M70 -> 1100000 | N86: =VLOOKUP(_xlfn.CONCAT(L86,$M$81),$A$2:$J$73,6,0) -> 1587.74 | O86: =O85 -> 1662.42 | P86: =(O86-N86)/O86 -> 0.044922462 | Q86: =M86*P86 -> 49414.709 | S86: Abril | T86: =T70 -> 700000 | U86: =N86 -> 1587.74 | V86: =O86 -> 1662.42 | W86: =(V86-U86)/V86 -> 0.044922462 | X86: =T86*W86 -> 31445.724 | Z86: Abril | AA86: ='data S&P500'!AM86 -> 0 | AB86: =U86 -> 1587.74 | AC86: =V86 -> 1662.42 | AD86: =(AC86-AB86)/AC86 -> 0.044922462 | AE86: =AA86*AD86 -> 0
L87: Mayo | M87: =M71 -> 1100000 | N87: =VLOOKUP(_xlfn.CONCAT(L87,$M$81),$A$2:$J$73,6,0) -> 1573.64 | O87: =O86 -> 1662.42 | P87: =(O87-N87)/O87 -> 0.053404074 | Q87: =M87*P87 -> 58744.481 | S87: Mayo | T87: =T71 -> 566666.67 | U87: =N87 -> 1573.64 | V87: =O87 -> 1662.42 | W87: =(V87-U87)/V87 -> 0.053404074 | X87: =T87*W87 -> 30262.308 | Z87: Mayo | AA87: ='data S&P500'!AM87 -> 0 | AB87: =U87 -> 1573.64 | AC87: =V87 -> 1662.42 | AD87: =(AC87-AB87)/AC87 -> 0.053404074 | AE87: =AA87*AD87 -> 0
L88: Junio | M88: =M72 -> 1100000 | N88: =VLOOKUP(_xlfn.CONCAT(L88,$M$81),$A$2:$J$73,6,0) -> 1487 | O88: =O87 -> 1662.42 | P88: =(O88-N88)/O88 -> 0.10552087 | Q88: =M88*P88 -> 116072.95 | S88: Junio | T88: =T72 -> 300000 | U88: =N88 -> 1487 | V88: =O88 -> 1662.42 | W88: =(V88-U88)/V88 -> 0.10552087 | X88: =T88*W88 -> 31656.26 | Z88: Junio | AA88: ='data S&P500'!AM88 -> 0 | AB88: =U88 -> 1487 | AC88: =V88 -> 1662.42 | AD88: =(AC88-AB88)/AC88 -> 0.10552087 | AE88: =AA88*AD88 -> 0
L89: Julio | M89: =M73 -> 1100000 | N89: =VLOOKUP(_xlfn.CONCAT(L89,$M$81),$A$2:$J$73,6,0) -> 1548.98 | O89: =O88 -> 1662.42 | P89: =(O89-N89)/O89 -> 0.06823787 | Q89: =M89*P89 -> 75061.657 | S89: Julio | T89: =T73 -> 1566666.7 | U89: =N89 -> 1548.98 | V89: =O89 -> 1662.42 | W89: =(V89-U89)/V89 -> 0.06823787 | X89: =T89*W89 -> 106906 | Z89: Julio | AA89: ='data S&P500'!AM89 -> 0 | AB89: =U89 -> 1548.98 | AC89: =V89 -> 1662.42 | AD89: =(AC89-AB89)/AC89 -> 0.06823787 | AE89: =AA89*AD89 -> 0
L90: Agosto | M90: =M74 -> 1100000 | N90: =VLOOKUP(_xlfn.CONCAT(L90,$M$81),$A$2:$J$73,6,0) -> 1562.13 | O90: =O89 -> 1662.42 | P90: =(O90-N90)/O90 -> 0.060327715 | Q90: =M90*P90 -> 66360.487 | S90: Agosto | T90: =T74 -> 1566666.7 | U90: =N90 -> 1562.13 | V90: =O90 -> 1662.42 | W90: =(V90-U90)/V90 -> 0.060327715 | X90: =T90*W90 -> 94513.42 | Z90: Agosto | AA90: ='data S&P500'!AM90 -> 0 | AB90: =U90 -> 1562.13 | AC90: =V90 -> 1662.42 | AD90: =(AC90-AB90)/AC90 -> 0.060327715 | AE90: =AA90*AD90 -> 0
L91: Septiembre | M91: =M75 -> 1100000 | N91: =VLOOKUP(_xlfn.CONCAT(L91,$M$81),$A$2:$J$73,6,0) -> 1559.52 | O91: =O90 -> 1662.42 | P91: =(O91-N91)/O91 -> 0.061897715 | Q91: =M91*P91 -> 68087.487 | S91: Septiembre | T91: =T75 -> 966666.67 | U91: =N91 -> 1559.52 | V91: =O91 -> 1662.42 | W91: =(V91-U91)/V91 -> 0.061897715 | X91: =T91*W91 -> 59834.458 | Z91: Septiembre | AA91: ='data S&P500'!AM91 -> 0 | AB91: =U91 -> 1559.52 | AC91: =V91 -> 1662.42 | AD91: =(AC91-AB91)/AC91 -> 0.061897715 | AE91: =AA91*AD91 -> 0
L92: Octubre | M92: =M76 -> 1100000 | N92: =VLOOKUP(_xlfn.CONCAT(L92,$M$81),$A$2:$J$73,6,0) -> 1577.96 | O92: =O91 -> 1662.42 | P92: =(O92-N92)/O92 -> 0.050805452 | Q92: =M92*P92 -> 55885.998 | S92: Octubre | T92: =T76 -> 1566666.7 | U92: =N92 -> 1577.96 | V92: =O92 -> 1662.42 | W92: =(V92-U92)/V92 -> 0.050805452 | X92: =T92*W92 -> 79595.209 | Z92: Octubre | AA92: ='data S&P500'!AM92 -> 0 | AB92: =U92 -> 1577.96 | AC92: =V92 -> 1662.42 | AD92: =(AC92-AB92)/AC92 -> 0.050805452 | AE92: =AA92*AD92 -> 0
L93: Noviembre | M93: =M77 -> 1100000 | N93: =VLOOKUP(_xlfn.CONCAT(L93,$M$81),$A$2:$J$73,6,0) -> 1633.15 | O93: =O92 -> 1662.42 | P93: =(O93-N93)/O93 -> 0.017606862 | Q93: =M93*P93 -> 19367.549 | S93: Noviembre | T93: =T77 -> 1566666.7 | U93: =N93 -> 1633.15 | V93: =O93 -> 1662.42 | W93: =(V93-U93)/V93 -> 0.017606862 | X93: =T93*W93 -> 27584.084 | Z93: Noviembre | AA93: ='data S&P500'!AM93 -> 0 | AB93: =U93 -> 1633.15 | AC93: =V93 -> 1662.42 | AD93: =(AC93-AB93)/AC93 -> 0.017606862 | AE93: =AA93*AD93 -> 0
L94: Diciembre | M94: =M78 -> 1100000 | N94: =VLOOKUP(_xlfn.CONCAT(L94,$M$81),$A$2:$J$73,6,0) -> 1611.92 | O94: =O93 -> 1662.42 | P94: =(O94-N94)/O94 -> 0.030377402 | Q94: =M94*P94 -> 33415.142 | S94: Diciembre | T94: =T78 -> 833333.33 | U94: =N94 -> 1611.92 | V94: =O94 -> 1662.42 | W94: =(V94-U94)/V94 -> 0.030377402 | X94: =T94*W94 -> 25314.501 | Z94: Diciembre | AA94: ='data S&P500'!AM94 -> 0 | AB94: =U94 -> 1611.92 | AC94: =V94 -> 1662.42 | AD94: =(AC94-AB94)/AC94 -> 0.030377402 | AE94: =AA94*AD94 -> 0
M95: =SUM(M83:M94) -> 13200000 | P95: =Q95/M95 -> 0.076484382 | Q95: =SUM(Q83:Q94) -> 1009593.8 | T95: =SUM(T83:T94) -> 13200000 | W95: =X95/T95 -> 0.069931564 | X95: =SUM(X83:X94) -> 923096.65 | AA95: =SUM(AA83:AA94) -> 0 | AD95: =AE95/AA95 -> #DIV/0! | AE95: =SUM(AE83:AE94) -> 0

Sheet data S&P500
A1: aux | B1: mes | C1: año | D1: Date | E1: Price | F1: Open | G1: High | H1: Low | I1: Vol. | J1: Change % | L1: Año | M1: 2024 | AY1: aux | AZ1: mes | BA1: año | BB1: Date | BC1: Price | BD1: Open | BE1: High | BF1: Low | BG1: Vol. | BH1: Change %
A2: =_xlfn.CONCAT(B2,C2) -> diciembre2024 | B2: diciembre | C2: 2024 | D2: 45303 | E2: 586.08 | F2: 602.97 | G2: 609.07 | H2: 580.91 | I2: 1.06B | J2: -0.0273 | AY2: =_xlfn.CONCAT(AZ2,BA2) -> diciembre2024 | AZ2: diciembre | BA2: 2024 | BB2: 45303 | BC2: 4401.96 | BD2: 4432.98 | BE2: 4482.29 | BF2: 4308.12 | BH2: -0.0069
A3: =_xlfn.CONCAT(B3,C3) -> noviembre2024 | B3: noviembre | C3: 2024 | D3: 45302 | E3: 602.55 | F3: 571.32 | G3: 603.35 | H3: 567.89 | I3: 901.84M | J3: 0.0596 | L3: Enero | M3: ='Actividades 2025'!H6 | N3: =VLOOKUP(_xlfn.CONCAT(L3,$M$1),'data S&P500'!$AY$2:$BH$73,6,0) -> 3872.5 | O3: =M3/N3 -> #VALUE! | P3: =VLOOKUP(_xlfn.CONCAT(L3,$M$1),'data S&P500'!$A$2:$J$73,6,0) -> 472.16 | Q3: =VLOOKUP(_xlfn.CONCAT(L14,M1),$A$1:$E$73,5,0) -> 586.08 | R3: =(Q3-P3)/Q3 -> 0.19437619 | S3: =O3*(1+R3) -> #VALUE! | T3: =VLOOKUP(_xlfn.CONCAT(L14,M1),$AY$1:$BC$73,5,0) -> 4401.96 | U3: =T3*S3 -> #VALUE! | V3: =U3-M3 -> #VALUE! | W3: =V3/M3 -> #VALUE! | Y3: Enero | Z3: ='Actividades 2025'!H11 -> #VALUE! | AA3: =N3 -> 3872.5 | AB3: =Z3/AA3 -> #VALUE! | AC3: =P3 -> 472.16 | AD3: =Q3 -> 586.08 | AE3: =(AD3-AC3)/AD3 -> 0.19437619 | AF3: =AB3*(1+AE3) -> #VALUE! | AG3: =T3 -> 4401.96 | AH3: =AG3*AF3 -> #VALUE! | AI3: =AH3-Z3 -> #VALUE! | AJ3: =AI3/Z3 -> #VALUE! | AL3: Enero | AM3: ='Actividades 2025'!H19 -> 0 | AN3: =AA3 -> 3872.5 | AO3: =AM3/AN3 -> 0 | AP3: =AC3 -> 472.16 | AQ3: =AD3 -> 586.08 | AR3: =(AQ3-AP3)/AQ3 -> 0.19437619 | AS3: =AO3*(1+AR3) -> 0 | AT3: =AG3 -> 4401.96 | AU3: =AT3*AS3 -> 0 | AV3: =AU3-AM3 -> 0 | AW3: =AV3/AM3 -> #DIV/0! | AY3: =_xlfn.CONCAT(AZ3,BA3) -> noviembre2024 | AZ3: noviembre | BA3: 2024 | BB3: 45302 | BC3: 4432.5 | BD3: 4427.8 | BE3: 4543.59 | BF3: 4294 | BH3: 0.0017
A4: =_xlfn.CONCAT(B4,C4) -> octubre2024 | B4: octubre | C4: 2024 | D4: 45301 | E4: 568.64 | F4: 573.4 | G4: 586.12 | H4: 565.27 | I4: 976.13M | J4: -0.0089 | L4: Febrero | M4: ='Actividades 2025'!I6 | N4: =VLOOKUP(_xlfn.CONCAT(L4,$M$1),'data S&P500'!$AY$2:$BH$73,6,0) -> 3915.05 | O4: =M4/N4 -> #VALUE! | P4: =VLOOKUP(_xlfn.CONCAT(L4,$M$1),'data S&P500'!$A$2:$J$73,6,0) -> 484.63 | Q4: =Q3 -> 586.08 | R4: =(Q4-P4)/Q4 -> 0.17309924 | S4: =O4*(1+R4) -> #VALUE! | T4: =T3 -> 4401.96 | U4: =T4*S4 -> #VALUE! | V4: =U4-M4 -> #VALUE! | W4: =V4/M4 -> #VALUE! | Y4: Febrero | Z4: ='Actividades 2025'!I11 -> #VALUE! | AA4: =N4 -> 3915.05 | AB4: =Z4/AA4 -> #VALUE! | AC4: =P4 -> 484.63 | AD4: =Q4 -> 586.08 | AE4: =(AD4-AC4)/AD4 -> 0.17309924 | AF4: =AB4*(1+AE4) -> #VALUE! | AG4: =AG3 -> 4401.96 | AH4: =AG4*AF4 -> #VALUE! | AI4: =AH4-Z4 -> #VALUE! | AJ4: =AI4/Z4 -> #VALUE! | AL4: Febrero | AM4: ='Actividades 2025'!I19 -> 0 | AN4: =AA4 -> 3915.05 | AO4: =AM4/AN4 -> 0 | AP4: =AC4 -> 484.63 | AQ4: =AD4 -> 586.08 | AR4: =(AQ4-AP4)/AQ4 -> 0.17309924 | AS4: =AO4*(1+AR4) -> 0 | AT4: =AT3 -> 4401.96 | AU4: =AT4*AS4 -> 0 | AV4: =AU4-AM4 -> 0 | AW4: =AV4/AM4 -> #DIV/0! | AY4: =_xlfn.CONCAT(AZ4,BA4) -> octubre2024 | AZ4: octubre | BA4: 2024 | BB4: 45301 | BC4: 4425.07 | BD4: 4209.5 | BE4: 4435.5 | BF4: 4154.75 | BH4: 0.0521
A5: =_xlfn.CONCAT(B5,C5) -> septiembre2024 | B5: septiembre | C5: 2024 | D5: 45300 | E5: 573.76 | F5: 560.47 | G5: 574.71 | H5: 539.44 | I5: 1.05B | J5: 0.0179 | L5: Marzo | M5: ='Actividades 2025'!J6 | N5: =VLOOKUP(_xlfn.CONCAT(L5,$M$1),'data S&P500'!$AY$2:$BH$73,6,0) -> 3925.76 | O5: =M5/N5 -> #VALUE! | P5: =VLOOKUP(_xlfn.CONCAT(L5,$M$1),'data S&P500'!$A$2:$J$73,6,0) -> 508.98 | Q5: =Q4 -> 586.08 | R5: =(Q5-P5)/Q5 -> 0.13155201 | S5: =O5*(1+R5) -> #VALUE! | T5: =T4 -> 4401.96 | U5: =T5*S5 -> #VALUE! | V5: =U5-M5 -> #VALUE! | W5: =V5/M5 -> #VALUE! | Y5: Marzo | Z5: ='Actividades 2025'!J11 -> #VALUE! | AA5: =N5 -> 3925.76 | AB5: =Z5/AA5 -> #VALUE! | AC5: =P5 -> 508.98 | AD5: =Q5 -> 586.08 | AE5: =(AD5-AC5)/AD5 -> 0.13155201 | AF5: =AB5*(1+AE5) -> #VALUE! | AG5: =AG4 -> 4401.96 | AH5: =AG5*AF5 -> #VALUE! | AI5: =AH5-Z5 -> #VALUE! | AJ5: =AI5/Z5 -> #VALUE! | AL5: Marzo | AM5: ='Actividades 2025'!J19 -> 0 | AN5: =AA5 -> 3925.76 | AO5: =AM5/AN5 -> 0 | AP5: =AC5 -> 508.98 | AQ5: =AD5 -> 586.08 | AR5: =(AQ5-AP5)/AQ5 -> 0.13155201 | AS5: =AO5*(1+AR5) -> 0 | AT5: =AT4 -> 4401.96 | AU5: =AT5*AS5 -> 0 | AV5: =AU5-AM5 -> 0 | AW5: =AV5/AM5 -> #DIV/0! | AY5: =_xlfn.CONCAT(AZ5,BA5) -> septiembre2024 | AZ5: septiembre | BA5: 2024 | BB5: 45300 | BC5: 4205.97 | BD5: 4172.5 | BE5: 4301.37 | BF5: 4121.27 | BH5: 0.0047
A6: =_xlfn.CONCAT(B6,C6) -> agosto2024 | B6: agosto | C6: 2024 | D6: 45299 | E6: 563.68 | F6: 552.57 | G6: 564.2 | H6: 510.27 | I6: 1.24B | J6: 0.0234 | L6: Abril | M6: ='Actividades 2025'!K6 | N6: =VLOOKUP(_xlfn.CONCAT(L6,$M$1),'data S&P500'!$AY$2:$BH$73,6,0) -> 3861.2 | O6: =M6/N6 -> #VALUE! | P6: =VLOOKUP(_xlfn.CONCAT(L6,$M$1),'data S&P500'!$A$2:$J$73,6,0) -> 523.83 | Q6: =Q5 -> 586.08 | R6: =(Q6-P6)/Q6 -> 0.10621417 | S6: =O6*(1+R6) -> #VALUE! | T6: =T5 -> 4401.96 | U6: =T6*S6 -> #VALUE! | V6: =U6-M6 -> #VALUE! | W6: =V6/M6 -> #VALUE! | Y6: Abril | Z6: ='Actividades 2025'!K11 -> #VALUE! | AA6: =N6 -> 3861.2 | AB6: =Z6/AA6 -> #VALUE! | AC6: =P6 -> 523.83 | AD6: =Q6 -> 586.08 | AE6: =(AD6-AC6)/AD6 -> 0.10621417 | AF6: =AB6*(1+AE6) -> #VALUE! | AG6: =AG5 -> 4401.96 | AH6: =AG6*AF6 -> #VALUE! | AI6: =AH6-Z6 -> #VALUE! | AJ6: =AI6/Z6 -> #VALUE! | AL6: Abril | AM6: ='Actividades 2025'!K19 -> 0 | AN6: =AA6 -> 3861.2 | AO6: =AM6/AN6 -> 0 | AP6: =AC6 -> 523.83 | AQ6: =AD6 -> 586.08 | AR6: =(AQ6-AP6)/AQ6 -> 0.10621417 | AS6: =AO6*(1+AR6) -> 0 | AT6: =AT5 -> 4401.96 | AU6: =AT6*AS6 -> 0 | AV6: =AU6-AM6 -> 0 | AW6: =AV6/AM6 -> #DIV/0! | AY6: =_xlfn.CONCAT(AZ6,BA6) -> agosto2024 | AZ6: agosto | BA6: 2024 | BB6: 45299 | BC6: 4186.5 | BD6: 4050.2 | BE6: 4209.52 | BF6: 3999 | BH6: 0.0343
A7: =_xlfn.CONCAT(B7,C7) -> julio2024 | B7: julio | C7: 2024 | D7: 45298 | E7: 550.81 | F7: 545.63 | G7: 565.16 | H7: 537.45 | I7: 1.04B | J7: 0.0121 | L7: Mayo | M7: ='Actividades 2025'!L6 | N7: =VLOOKUP(_xlfn.CONCAT(L7,$M$1),'data S&P500'!$AY$2:$BH$73,6,0) -> 3917 | O7: =M7/N7 -> #VALUE! | P7: =VLOOKUP(_xlfn.CONCAT(L7,$M$1),'data S&P500'!$A$2:$J$73,6,0) -> 501.38 | Q7: =Q6 -> 586.08 | R7: =(Q7-P7)/Q7 -> 0.14451952 | S7: =O7*(1+R7) -> #VALUE! | T7: =T6 -> 4401.96 | U7: =T7*S7 -> #VALUE! | V7: =U7-M7 -> #VALUE! | W7: =V7/M7 -> #VALUE! | Y7: Mayo | Z7: ='Actividades 2025'!L11 -> #VALUE! | AA7: =N7 -> 3917 | AB7: =Z7/AA7 -> #VALUE! | AC7: =P7 -> 501.38 | AD7: =Q7 -> 586.08 | AE7: =(AD7-AC7)/AD7 -> 0.14451952 | AF7: =AB7*(1+AE7) -> #VALUE! | AG7: =AG6 -> 4401.96 | AH7: =AG7*AF7 -> #VALUE! | AI7: =AH7-Z7 -> #VALUE! | AJ7: =AI7/Z7 -> #VALUE! | AL7: Mayo | AM7: ='Actividades 2025'!L19 -> 0 | AN7: =AA7 -> 3917 | AO7: =AM7/AN7 -> 0 | AP7: =AC7 -> 501.38 | AQ7: =AD7 -> 586.08 | AR7: =(AQ7-AP7)/AQ7 -> 0.14451952 | AS7: =AO7*(1+AR7) -> 0 | AT7: =AT6 -> 4401.96 | AU7: =AT7*AS7 -> 0 | AV7: =AU7-AM7 -> 0 | AW7: =AV7/AM7 -> #DIV/0! | AY7: =_xlfn.CONCAT(AZ7,BA7) -> julio2024 | AZ7: julio | BA7: 2024 | BB7: 45298 | BC7: 4047.59 | BD7: 4148.63 | BE7: 4155.01 | BF7: 3916.13 | BH7: -0.0244
A8: =_xlfn.CONCAT(B8,C8) -> junio2024 | B8: junio | C8: 2024 | D8: 45297 | E8: 544.22 | F8: 529.02 | G8: 550.28 | H8: 522.6 | I8: 888.92M | J8: 0.032 | L8: Junio | M8: ='Actividades 2025'!M6 | N8: =VLOOKUP(_xlfn.CONCAT(L8,$M$1),'data S&P500'!$AY$2:$BH$73,6,0) -> 3874 | O8: =M8/N8 -> #VALUE! | P8: =VLOOKUP(_xlfn.CONCAT(L8,$M$1),'data S&P500'!$A$2:$J$73,6,0) -> 529.02 | Q8: =Q7 -> 586.08 | R8: =(Q8-P8)/Q8 -> 0.097358722 | S8: =O8*(1+R8) -> #VALUE! | T8: =T7 -> 4401.96 | U8: =T8*S8 -> #VALUE! | V8: =U8-M8 -> #VALUE! | W8: =V8/M8 -> #VALUE! | Y8: Junio | Z8: ='Actividades 2025'!M11 -> #VALUE! | AA8: =N8 -> 3874 | AB8: =Z8/AA8 -> #VALUE! | AC8: =P8 -> 529.02 | AD8: =Q8 -> 586.08 | AE8: =(AD8-AC8)/AD8 -> 0.097358722 | AF8: =AB8*(1+AE8) -> #VALUE! | AG8: =AG7 -> 4401.96 | AH8: =AG8*AF8 -> #VALUE! | AI8: =AH8-Z8 -> #VALUE! | AJ8: =AI8/Z8 -> #VALUE! | AL8: Junio | AM8: ='Actividades 2025'!M19 -> 0 | AN8: =AA8 -> 3874 | AO8: =AM8/AN8 -> 0 | AP8: =AC8 -> 529.02 | AQ8: =AD8 -> 586.08 | AR8: =(AQ8-AP8)/AQ8 -> 0.097358722 | AS8: =AO8*(1+AR8) -> 0 | AT8: =AT7 -> 4401.96 | AU8: =AT8*AS8 -> 0 | AV8: =AU8-AM8 -> 0 | AW8: =AV8/AM8 -> #DIV/0! | AY8: =_xlfn.CONCAT(AZ8,BA8) -> junio2024 | AZ8: junio | BA8: 2024 | BB8: 45297 | BC8: 4148.65 | BD8: 3874 | BE8: 4191.5 | BF8: 3854.07 | BH8: 0.0761
A9: =_xlfn.CONCAT(B9,C9) -> mayo2024 | B9: mayo | C9: 2024 | D9: 45296 | E9: 527.37 | F9: 501.38 | G9: 533.07 | H9: 499.55 | I9: 1.15B | J9: 0.0506 | L9: Julio | M9: ='Actividades 2025'!N6 | N9: =VLOOKUP(_xlfn.CONCAT(L9,$M$1),'data S&P500'!$AY$2:$BH$73,6,0) -> 4148.63 | O9: =M9/N9 -> #VALUE! | P9: =VLOOKUP(_xlfn.CONCAT(L9,$M$1),'data S&P500'!$A$2:$J$73,6,0) -> 545.63 | Q9: =Q8 -> 586.08 | R9: =(Q9-P9)/Q9 -> 0.069017882 | S9: =O9*(1+R9) -> #VALUE! | T9: =T8 -> 4401.96 | U9: =T9*S9 -> #VALUE! | V9: =U9-M9 -> #VALUE! | W9: =V9/M9 -> #VALUE! | Y9: Julio | Z9: ='Actividades 2025'!N11 -> #VALUE! | AA9: =N9 -> 4148.63 | AB9: =Z9/AA9 -> #VALUE! | AC9: =P9 -> 545.63 | AD9: =Q9 -> 586.08 | AE9: =(AD9-AC9)/AD9 -> 0.069017882 | AF9: =AB9*(1+AE9) -> #VALUE! | AG9: =AG8 -> 4401.96 | AH9: =AG9*AF9 -> #VALUE! | AI9: =AH9-Z9 -> #VALUE! | AJ9: =AI9/Z9 -> #VALUE! | AL9: Julio | AM9: ='Actividades 2025'!N19 -> 0 | AN9: =AA9 -> 4148.63 | AO9: =AM9/AN9 -> 0 | AP9: =AC9 -> 545.63 | AQ9: =AD9 -> 586.08 | AR9: =(AQ9-AP9)/AQ9 -> 0.069017882 | AS9: =AO9*(1+AR9) -> 0 | AT9: =AT8 -> 4401.96 | AU9: =AT9*AS9 -> 0 | AV9: =AU9-AM9 -> 0 | AW9: =AV9/AM9 -> #DIV/0! | AY9: =_xlfn.CONCAT(AZ9,BA9) -> mayo2024 | AZ9: mayo | BA9: 2024 | BB9: 45296 | BC9: 3855.16 | BD9: 3917 | BE9: 3924.22 | BF9: 3807.69 | BH9: -0.0167
A10: =_xlfn.CONCAT(B10,C10) -> abril2024 | B10: abril | C10: 2024 | D10: 45295 | E10: 501.98 | F10: 523.83 | G10: 524.38 | H10: 493.86 | I10: 1.59B | J10: -0.0403 | L10: Agosto | M10: ='Actividades 2025'!O6 | N10: =VLOOKUP(_xlfn.CONCAT(L10,$M$1),'data S&P500'!$AY$2:$BH$73,6,0) -> 4050.2 | O10: =M10/N10 -> #VALUE! | P10: =VLOOKUP(_xlfn.CONCAT(L10,$M$1),'data S&P500'!$A$2:$J$73,6,0) -> 552.57 | Q10: =Q9 -> 586.08 | R10: =(Q10-P10)/Q10 -> 0.057176495 | S10: =O10*(1+R10) -> #VALUE! | T10: =T9 -> 4401.96 | U10: =T10*S10 -> #VALUE! | V10: =U10-M10 -> #VALUE! | W10: =V10/M10 -> #VALUE! | Y10: Agosto | Z10: ='Actividades 2025'!O11 -> #VALUE! | AA10: =N10 -> 4050.2 | AB10: =Z10/AA10 -> #VALUE! | AC10: =P10 -> 552.57 | AD10: =Q10 -> 586.08 | AE10: =(AD10-AC10)/AD10 -> 0.057176495 | AF10: =AB10*(1+AE10) -> #VALUE! | AG10: =AG9 -> 4401.96 | AH10: =AG10*AF10 -> #VALUE! | AI10: =AH10-Z10 -> #VALUE! | AJ10: =AI10/Z10 -> #VALUE! | AL10: Agosto | AM10: ='Actividades 2025'!O19 -> 0 | AN10: =AA10 -> 4050.2 | AO10: =AM10/AN10 -> 0 | AP10: =AC10 -> 552.57 | AQ10: =AD10 -> 586.08 | AR10: =(AQ10-AP10)/AQ10 -> 0.057176495 | AS10: =AO10*(1+AR10) -> 0 | AT10: =AT9 -> 4401.96 | AU10: =AT10*AS10 -> 0 | AV10: =AU10-AM10 -> 0 | AW10: =AV10/AM10 -> #DIV/0! | AY10: =_xlfn.CONCAT(AZ10,BA10) -> abril2024 | AZ10: abril | BA10: 2024 | BB10: 45295 | BC10: 3920.5 | BD10: 3861.2 | BE10: 3974.3 | BF10: 3740.25 | BH10: 0.0165
A11: =_xlfn.CONCAT(B11,C11) -> marzo2024 | B11: marzo | C11: 2024 | D11: 45294 | E11: 523.07 | F11: 508.98 | G11: 524.61 | H11: 504.91 | I11: 1.47B | J11: 0.0295 | L11: Septiembre | M11: ='Actividades 2025'!P6 | N11: =VLOOKUP(_xlfn.CONCAT(L11,$M$1),'data S&P500'!$AY$2:$BH$73,6,0) -> 4172.5 | O11: =M11/N11 -> #VALUE! | P11: =VLOOKUP(_xlfn.CONCAT(L11,$M$1),'data S&P500'!$A$2:$J$73,6,0) -> 560.47 | Q11: =Q10 -> 586.08 | R11: =(Q11-P11)/Q11 -> 0.043697106 | S11: =O11*(1+R11) -> #VALUE! | T11: =T10 -> 4401.96 | U11: =T11*S11 -> #VALUE! | V11: =U11-M11 -> #VALUE! | W11: =V11/M11 -> #VALUE! | Y11: Septiembre | Z11: ='Actividades 2025'!P11 -> #VALUE! | AA11: =N11 -> 4172.5 | AB11: =Z11/AA11 -> #VALUE! | AC11: =P11 -> 560.47 | AD11: =Q11 -> 586.08 | AE11: =(AD11-AC11)/AD11 -> 0.043697106 | AF11: =AB11*(1+AE11) -> #VALUE! | AG11: =AG10 -> 4401.96 | AH11: =AG11*AF11 -> #VALUE! | AI11: =AH11-Z11 -> #VALUE! | AJ11: =AI11/Z11 -> #VALUE! | AL11: Septiembre | AM11: ='Actividades 2025'!P19 -> 0 | AN11: =AA11 -> 4172.5 | AO11: =AM11/AN11 -> 0 | AP11: =AC11 -> 560.47 | AQ11: =AD11 -> 586.08 | AR11: =(AQ11-AP11)/AQ11 -> 0.043697106 | AS11: =AO11*(1+AR11) -> 0 | AT11: =AT10 -> 4401.96 | AU11: =AT11*AS11 -> 0 | AV11: =AU11-AM11 -> 0 | AW11: =AV11/AM11 -> #DIV/0! | AY11: =_xlfn.CONCAT(AZ11,BA11) -> marzo2024 | AZ11: marzo | BA11: 2024 | BB11: 45294 | BC11: 3857 | BD11: 3925.76 | BE11: 3964.35 | BF11: 3827.58 | BH11: -0.0162
A12: =_xlfn.CONCAT(B12,C12) -> febrero2024 | B12: febrero | C12: 2024 | D12: 45293 | E12: 508.08 | F12: 484.63 | G12: 510.13 | H12: 483.8 | I12: 1.39B | J12: 0.0522 | L12: Octubre | M12: ='Actividades 2025'!Q6 | N12: =VLOOKUP(_xlfn.CONCAT(L12,$M$1),'data S&P500'!$AY$2:$BH$73,6,0) -> 4209.5 | O12: =M12/N12 -> #VALUE! | P12: =VLOOKUP(_xlfn.CONCAT(L12,$M$1),'data S&P500'!$A$2:$J$73,6,0) -> 573.4 | Q12: =Q11 -> 586.08 | R12: =(Q12-P12)/Q12 -> 0.021635272 | S12: =O12*(1+R12) -> #VALUE! | T12: =T11 -> 4401.96 | U12: =T12*S12 -> #VALUE! | V12: =U12-M12 -> #VALUE! | W12: =V12/M12 -> #VALUE! | Y12: Octubre | Z12: ='Actividades 2025'!Q11 -> #VALUE! | AA12: =N12 -> 4209.5 | AB12: =Z12/AA12 -> #VALUE! | AC12: =P12 -> 573.4 | AD12: =Q12 -> 586.08 | AE12: =(AD12-AC12)/AD12 -> 0.021635272 | AF12: =AB12*(1+AE12) -> #VALUE! | AG12: =AG11 -> 4401.96 | AH12: =AG12*AF12 -> #VALUE! | AI12: =AH12-Z12 -> #VALUE! | AJ12: =AI12/Z12 -> #VALUE! | AL12: Octubre | AM12: ='Actividades 2025'!Q19 -> 0 | AN12: =AA12 -> 4209.5 | AO12: =AM12/AN12 -> 0 | AP12: =AC12 -> 573.4 | AQ12: =AD12 -> 586.08 | AR12: =(AQ12-AP12)/AQ12 -> 0.021635272 | AS12: =AO12*(1+AR12) -> 0 | AT12: =AT11 -> 4401.96 | AU12: =AT12*AS12 -> 0 | AV12: =AU12-AM12 -> 0 | AW12: =AV12/AM12 -> #DIV/0! | AY12: =_xlfn.CONCAT(AZ12,BA12) -> febrero2024 | AZ12: febrero | BA12: 2024 | BB12: 45293 | BC12: 3920.51 | BD12: 3915.05 | BE12: 3985.26 | BF12: 3879.07 | BH12: 0.0064
A13: =_xlfn.CONCAT(B13,C13) -> enero2024 | B13: enero | C13: 2024 | D13: 45292 | E13: 482.88 | F13: 472.16 | G13: 491.62 | H13: 466.43 | I13: 1.70B | J13: 0.0159 | L13: Noviembre | M13: ='Actividades 2025'!R6 | N13: =VLOOKUP(_xlfn.CONCAT(L13,$M$1),'data S&P500'!$AY$2:$BH$73,6,0) -> 4427.8 | O13: =M13/N13 -> #VALUE! | P13: =VLOOKUP(_xlfn.CONCAT(L13,$M$1),'data S&P500'!$A$2:$J$73,6,0) -> 571.32 | Q13: =Q12 -> 586.08 | R13: =(Q13-P13)/Q13 -> 0.025184275 | S13: =O13*(1+R13) -> #VALUE! | T13: =T12 -> 4401.96 | U13: =T13*S13 -> #VALUE! | V13: =U13-M13 -> #VALUE! | W13: =V13/M13 -> #VALUE! | Y13: Noviembre | Z13: ='Actividades 2025'!R11 -> #VALUE! | AA13: =N13 -> 4427.8 | AB13: =Z13/AA13 -> #VALUE! | AC13: =P13 -> 571.32 | AD13: =Q13 -> 586.08 | AE13: =(AD13-AC13)/AD13 -> 0.025184275 | AF13: =AB13*(1+AE13) -> #VALUE! | AG13: =AG12 -> 4401.96 | AH13: =AG13*AF13 -> #VALUE! | AI13: =AH13-Z13 -> #VALUE! | AJ13: =AI13/Z13 -> #VALUE! | AL13: Noviembre | AM13: ='Actividades 2025'!R19 -> 0 | AN13: =AA13 -> 4427.8 | AO13: =AM13/AN13 -> 0 | AP13: =AC13 -> 571.32 | AQ13: =AD13 -> 586.08 | AR13: =(AQ13-AP13)/AQ13 -> 0.025184275 | AS13: =AO13*(1+AR13) -> 0 | AT13: =AT12 -> 4401.96 | AU13: =AT13*AS13 -> 0 | AV13: =AU13-AM13 -> 0 | AW13: =AV13/AM13 -> #DIV/0! | AY13: =_xlfn.CONCAT(AZ13,BA13) -> enero2024 | AZ13: enero | BA13: 2024 | BB13: 45292 | BC13: 3895.5 | BD13: 3872.5 | BE13: 3986.2 | BF13: 3865.94 | BH13: 0.0059
A14: =_xlfn.CONCAT(B14,C14) -> diciembre2023 | B14: diciembre | C14: 2023 | D14: 44938 | E14: 475.31 | F14: 455.77 | G14: 477.55 | H14: 454.31 | I14: 1.64B | J14: 0.0414 | L14: Diciembre | M14: ='Actividades 2025'!S6 | N14: =VLOOKUP(_xlfn.CONCAT(L14,$M$1),'data S&P500'!$AY$2:$BH$73,6,0) -> 4432.98 | O14: =M14/N14 -> #VALUE! | P14: =VLOOKUP(_xlfn.CONCAT(L14,$M$1),'data S&P500'!$A$2:$J$73,6,0) -> 602.97 | Q14: =Q13 -> 586.08 | R14: =(Q14-P14)/Q14 -> -0.028818591 | S14: =O14*(1+R14) -> #VALUE! | T14: =T13 -> 4401.96 | U14: =T14*S14 -> #VALUE! | V14: =U14-M14 -> #VALUE! | W14: =V14/M14 -> #VALUE! | Y14: Diciembre | Z14: ='Actividades 2025'!S11 -> #VALUE! | AA14: =N14 -> 4432.98 | AB14: =Z14/AA14 -> #VALUE! | AC14: =P14 -> 602.97 | AD14: =Q14 -> 586.08 | AE14: =(AD14-AC14)/AD14 -> -0.028818591 | AF14: =AB14*(1+AE14) -> #VALUE! | AG14: =AG13 -> 4401.96 | AH14: =AG14*AF14 -> #VALUE! | AI14: =AH14-Z14 -> #VALUE! | AJ14: =AI14/Z14 -> #VALUE! | AL14: Diciembre | AM14: ='Actividades 2025'!S19 -> 0 | AN14: =AA14 -> 4432.98 | AO14: =AM14/AN14 -> 0 | AP14: =AC14 -> 602.97 | AQ14: =AD14 -> 586.08 | AR14: =(AQ14-AP14)/AQ14 -> -0.028818591 | AS14: =AO14*(1+AR14) -> 0 | AT14: =AT13 -> 4401.96 | AU14: =AT14*AS14 -> 0 | AV14: =AU14-AM14 -> 0 | AW14: =AV14/AM14 -> #DIV/0! | AY14: =_xlfn.CONCAT(AZ14,BA14) -> diciembre2023 | AZ14: diciembre | BA14: 2023 | BB14: 44938 | BC14: 3872.59 | BD14: 4030.3 | BE14: 4043.5 | BF14: 3807 | BH14: -0.0337
A15: =_xlfn.CONCAT(B15,C15) -> noviembre2023 | B15: noviembre | C15: 2023 | D15: 44937 | E15: 456.4 | F15: 419.2 | G15: 458.32 | H15: 418.65 | I15: 1.50B | J15: 0.0913 | M15: =SUM(M3:M14) -> 0 | R15: =S15/M15 -> #VALUE! | S15: =SUM(S3:S14) -> #VALUE! | V15: =SUM(V3:V14) -> #VALUE! | W15: =V15/M15 -> #VALUE! | Z15: =SUM(Z3:Z14) -> #VALUE! | AE15: =AF15/Z15 -> #VALUE! | AF15: =SUM(AF3:AF14) -> #VALUE! | AI15: =SUM(AI3:AI14) -> #VALUE! | AJ15: =AI15/Z15 -> #VALUE! | AM15: =SUM(AM3:AM14) -> 0 | AR15: =AS15/AM15 -> #DIV/0! | AS15: =SUM(AS3:AS14) -> 0 | AV15: =SUM(AV3:AV14) -> 0 | AW15: =AV15/AM15 -> #DIV/0! | AY15: =_xlfn.CONCAT(AZ15,BA15) -> noviembre2023 | AZ15: noviembre | BA15: 2023 | BB15: 44937 | BC15: 4007.57 | BD15: 4118 | BE15: 4141.62 | BF15: 3922.17 | BH15: -0.0262
A16: =_xlfn.CONCAT(B16,C16) -> octubre2023 | B16: octubre | C16: 2023 | D16: 44936 | E16: 418.2 | F16: 426.62 | G16: 438.14 | H16: 409.21 | I16: 2.00B | J16: -0.0217 | AY16: =_xlfn.CONCAT(AZ16,BA16) -> octubre2023 | AZ16: octubre | BA16: 2023 | BB16: 44936 | BC16: 4115.5 | BD16: 4077.67 | BE16: 4432.4 | BF16: 4028.6 | BH16: 0.0099
A17: =_xlfn.CONCAT(B17,C17) -> septiembre2023 | B17: septiembre | C17: 2023 | D17: 44935 | E17: 427.48 | F17: 453.17 | G17: 453.67 | H17: 422.29 | I17: 1.59B | J17: -0.0508 | L17: Año | M17: 2023 | AY17: =_xlfn.CONCAT(AZ17,BA17) -> septiembre2023 | AZ17: septiembre | BA17: 2023 | BB17: 44935 | BC17: 4075 | BD17: 4092.11 | BE17: 4129.64 | BF17: 3867.48 | BH17: -0.0031
A18: =_xlfn.CONCAT(B18,C18) -> agosto2023 | B18: agosto | C18: 2023 | D18: 44934 | E18: 450.35 | F18: 456.27 | G18: 457.25 | H18: 433.01 | I18: 1.76B | J18: -0.0163 | AY18: =_xlfn.CONCAT(AZ18,BA18) -> agosto2023 | AZ18: agosto | BA18: 2023 | BB18: 44934 | BC18: 4087.55 | BD18: 3924.53 | BE18: 4172.25 | BF18: 3920.15 | BH18: 0.0429
A19: =_xlfn.CONCAT(B19,C19) -> julio2023 | B19: julio | C19: 2023 | D19: 44933 | E19: 457.79 | F19: 442.92 | G19: 459.44 | H19: 437.06 | I19: 1.37B | J19: 0.0327 | L19: Enero | M19: =M3 | N19: =VLOOKUP(_xlfn.CONCAT(L19,$M$17),'data S&P500'!$AY$2:$BH$73,6,0) -> 4848 | O19: =M19/N19 -> #VALUE! | P19: =VLOOKUP(_xlfn.CONCAT(L19,M17),'data S&P500'!$A$2:$J$73,6,0) -> 384.37 | Q19: =VLOOKUP(_xlfn.CONCAT(L30,M17),$A$1:$E$73,5,0) -> 475.31 | R19: =(Q19-P19)/Q19 -> 0.19132777 | S19: =O19*(1+R19) -> #VALUE! | T19: =VLOOKUP(_xlfn.CONCAT(L30,M17),$AY$1:$BC$73,5,0) -> 3872.59 | U19: =S19*T19 -> #VALUE! | V19: =U19-M19 -> #VALUE! | W19: =V19/M19 -> #VALUE! | Y19: Enero | Z19: =Z3 -> #VALUE! | AA19: =N19 -> 4848 | AB19: =Z19/AA19 -> #VALUE! | AC19: =P19 -> 384.37 | AD19: =Q19 -> 475.31 | AE19: =(AD19-AC19)/AD19 -> 0.19132777 | AF19: =AB19*(1+AE19) -> #VALUE! | AG19: =T19 -> 3872.59 | AH19: =AF19*AG19 -> #VALUE! | AI19: =AH19-Z19 -> #VALUE! | AJ19: =AI19/Z19 -> #VALUE! | AL19: Enero | AM19: =AM3 -> 0 | AN19: =AA19 -> 4848 | AO19: =AM19/AN19 -> 0 | AP19: =AC19 -> 384.37 | AQ19: =AD19 -> 475.31 | AR19: =(AQ19-AP19)/AQ19 -> 0.19132777 | AS19: =AO19*(1+AR19) -> 0 | AT19: =AG19 -> 3872.59 | AU19: =AS19*AT19 -> 0 | AV19: =AU19-AM19 -> 0 | AW19: =AV19/AM19 -> #DIV/0! | AY19: =_xlfn.CONCAT(AZ19,BA19) -> julio2023 | AZ19: julio | BA19: 2023 | BB19: 44933 | BC19: 3919.5 | BD19: 4161 | BE19: 4237.28 | BF19: 3870.09 | BH19: -0.0606
A20: =_xlfn.CONCAT(B20,C20) -> junio2023 | B20: junio | C20: 2023 | D20: 44932 | E20: 443.28 | F20: 418.09 | G20: 444.3 | H20: 416.79 | I20: 1.75B | J20: 0.0609 | L20: Febrero | M20: =M4 | N20: =VLOOKUP(_xlfn.CONCAT(L20,$M$17),'data S&P500'!$AY$2:$BH$73,6,0) -> 4668.51 | O20: =M20/N20 -> #VALUE! | P20: =VLOOKUP(_xlfn.CONCAT(L20,M17),'data S&P500'!$A$2:$J$73,6,0) -> 405.21 | Q20: =Q19 -> 475.31 | R20: =(Q20-P20)/Q20 -> 0.1474827 | S20: =O20*(1+R20) -> #VALUE! | T20: =T19 -> 3872.59 | U20: =T20*S20 -> #VALUE! | V20: =U20-M20 -> #VALUE! | W20: =V20/M20 -> #VALUE! | Y20: Febrero | Z20: =Z4 -> #VALUE! | AA20: =N20 -> 4668.51 | AB20: =Z20/AA20 -> #VALUE! | AC20: =P20 -> 405.21 | AD20: =Q20 -> 475.31 | AE20: =(AD20-AC20)/AD20 -> 0.1474827 | AF20: =AB20*(1+AE20) -> #VALUE! | AG20: =AG19 -> 3872.59 | AH20: =AG20*AF20 -> #VALUE! | AI20: =AH20-Z20 -> #VALUE! | AJ20: =AI20/Z20 -> #VALUE! | AL20: Febrero | AM20: =AM4 -> 0 | AN20: =AA20 -> 4668.51 | AO20: =AM20/AN20 -> 0 | AP20: =AC20 -> 405.21 | AQ20: =AD20 -> 475.31 | AR20: =(AQ20-AP20)/AQ20 -> 0.1474827 | AS20: =AO20*(1+AR20) -> 0 | AT20: =AT19 -> 3872.59 | AU20: =AT20*AS20 -> 0 | AV20: =AU20-AM20 -> 0 | AW20: =AV20/AM20 -> #DIV/0! | AY20: =_xlfn.CONCAT(AZ20,BA20) -> junio2023 | AZ20: junio | BA20: 2023 | BB20: 44932 | BC20: 4172.5 | BD20: 4452.8 | BE20: 4454 | BF20: 4080.7 | BH20: -0.062
A21: =_xlfn.CONCAT(B21,C21) -> mayo2023 | B21: mayo | C21: 2023 | D21: 44931 | E21: 417.85 | F21: 415.47 | G21: 422.58 | H21: 403.74 | I21: 1.78B | J21: 0.0046 | L21: Marzo | M21: =M5 | N21: =VLOOKUP(_xlfn.CONCAT(L21,$M$17),'data S&P500'!$AY$2:$BH$73,6,0) -> 4859.9 | O21: =M21/N21 -> #VALUE! | P21: =VLOOKUP(_xlfn.CONCAT(L21,M17),'data S&P500'!$A$2:$J$73,6,0) -> 395.41 | Q21: =Q20 -> 475.31 | R21: =(Q21-P21)/Q21 -> 0.16810082 | S21: =O21*(1+R21) -> #VALUE! | T21: =T20 -> 3872.59 | U21: =T21*S21 -> #VALUE! | V21: =U21-M21 -> #VALUE! | W21: =V21/M21 -> #VALUE! | Y21: Marzo | Z21: =Z5 -> #VALUE! | AA21: =N21 -> 4859.9 | AB21: =Z21/AA21 -> #VALUE! | AC21: =P21 -> 395.41 | AD21: =Q21 -> 475.31 | AE21: =(AD21-AC21)/AD21 -> 0.16810082 | AF21: =AB21*(1+AE21) -> #VALUE! | AG21: =AG20 -> 3872.59 | AH21: =AG21*AF21 -> #VALUE! | AI21: =AH21-Z21 -> #VALUE! | AJ21: =AI21/Z21 -> #VALUE! | AL21: Marzo | AM21: =AM5 -> 0 | AN21: =AA21 -> 4859.9 | AO21: =AM21/AN21 -> 0 | AP21: =AC21 -> 395.41 | AQ21: =AD21 -> 475.31 | AR21: =(AQ21-AP21)/AQ21 -> 0.16810082 | AS21: =AO21*(1+AR21) -> 0 | AT21: =AT20 -> 3872.59 | AU21: =AT21*AS21 -> 0 | AV21: =AU21-AM21 -> 0 | AW21: =AV21/AM21 -> #DIV/0! | AY21: =_xlfn.CONCAT(AZ21,BA21) -> mayo2023 | AZ21: mayo | BA21: 2023 | BB21: 44931 | BC21: 4448.5 | BD21: 4695.25 | BE21: 4732.63 | BF21: 4372.8 | BH21: -0.0526
A22: =_xlfn.CONCAT(B22,C22) -> abril2023 | B22: abril | C22: 2023 | D22: 44930 | E22: 415.93 | F22: 408.85 | G22: 415.94 | H22: 403.78 | I22: 1.40B | J22: 0.016 | L22: Abril | M22: =M6 | N22: =VLOOKUP(_xlfn.CONCAT(L22,$M$17),'data S&P500'!$AY$2:$BH$73,6,0) -> 4662.62 | O22: =M22/N22 -> #VALUE! | P22: =VLOOKUP(_xlfn.CONCAT(L22,M17),'data S&P500'!$A$2:$J$73,6,0) -> 408.85 | Q22: =Q21 -> 475.31 | R22: =(Q22-P22)/Q22 -> 0.13982454 | S22: =O22*(1+R22) -> #VALUE! | T22: =T21 -> 3872.59 | U22: =T22*S22 -> #VALUE! | V22: =U22-M22 -> #VALUE! | W22: =V22/M22 -> #VALUE! | Y22: Abril | Z22: =Z6 -> #VALUE! | AA22: =N22 -> 4662.62 | AB22: =Z22/AA22 -> #VALUE! | AC22: =P22 -> 408.85 | AD22: =Q22 -> 475.31 | AE22: =(AD22-AC22)/AD22 -> 0.13982454 | AF22: =AB22*(1+AE22) -> #VALUE! | AG22: =AG21 -> 3872.59 | AH22: =AG22*AF22 -> #VALUE! | AI22: =AH22-Z22 -> #VALUE! | AJ22: =AI22/Z22 -> #VALUE! | AL22: Abril | AM22: =AM6 -> 0 | AN22: =AA22 -> 4662.62 | AO22: =AM22/AN22 -> 0 | AP22: =AC22 -> 408.85 | AQ22: =AD22 -> 475.31 | AR22: =(AQ22-AP22)/AQ22 -> 0.13982454 | AS22: =AO22*(1+AR22) -> 0 | AT22: =AT21 -> 3872.59 | AU22: =AT22*AS22 -> 0 | AV22: =AU22-AM22 -> 0 | AW22: =AV22/AM22 -> #DIV/0! | AY22: =_xlfn.CONCAT(AZ22,BA22) -> abril2023 | AZ22: abril | BA22: 2023 | BB22: 44930 | BC22: 4695.5 | BD22: 4662.62 | BE22: 4718.03 | BF22: 4393.75 | BH22: 0.0095
A23: =_xlfn.CONCAT(B23,C23) -> marzo2023 | B23: marzo | C23: 2023 | D23: 44929 | E23: 409.39 | F23: 395.41 | G23: 409.7 | H23: 380.65 | I23: 2.52B | J23: 0.0331 | L23: Mayo | M23: =M7 | N23: =VLOOKUP(_xlfn.CONCAT(L23,$M$17),'data S&P500'!$AY$2:$BH$73,6,0) -> 4695.25 | O23: =M23/N23 -> #VALUE! | P23: =VLOOKUP(_xlfn.CONCAT(L23,M17),'data S&P500'!$A$2:$J$73,6,0) -> 415.47 | Q23: =Q22 -> 475.31 | R23: =(Q23-P23)/Q23 -> 0.12589678 | S23: =O23*(1+R23) -> #VALUE! | T23: =T22 -> 3872.59 | U23: =T23*S23 -> #VALUE! | V23: =U23-M23 -> #VALUE! | W23: =V23/M23 -> #VALUE! | Y23: Mayo | Z23: =Z7 -> #VALUE! | AA23: =N23 -> 4695.25 | AB23: =Z23/AA23 -> #VALUE! | AC23: =P23 -> 415.47 | AD23: =Q23 -> 475.31 | AE23: =(AD23-AC23)/AD23 -> 0.12589678 | AF23: =AB23*(1+AE23) -> #VALUE! | AG23: =AG22 -> 3872.59 | AH23: =AG23*AF23 -> #VALUE! | AI23: =AH23-Z23 -> #VALUE! | AJ23: =AI23/Z23 -> #VALUE! | AL23: Mayo | AM23: =AM7 -> 0 | AN23: =AA23 -> 4695.25 | AO23: =AM23/AN23 -> 0 | AP23: =AC23 -> 415.47 | AQ23: =AD23 -> 475.31 | AR23: =(AQ23-AP23)/AQ23 -> 0.12589678 | AS23: =AO23*(1+AR23) -> 0 | AT23: =AT22 -> 3872.59 | AU23: =AT23*AS23 -> 0 | AV23: =AU23-AM23 -> 0 | AW23: =AV23/AM23 -> #DIV/0! | AY23: =_xlfn.CONCAT(AZ23,BA23) -> marzo2023 | AZ23: marzo | BA23: 2023 | BB23: 44929 | BC23: 4651.5 | BD23: 4859.9 | BE23: 4898.5 | BF23: 4570.85 | BH23: -0.0422
A24: =_xlfn.CONCAT(B24,C24) -> febrero2023 | B24: febrero | C24: 2023 | D24: 44928 | E24: 396.26 | F24: 405.21 | G24: 418.31 | H24: 393.64 | I24: 1.60B | J24: -0.0251 | L24: Junio | M24: =M8 | N24: =VLOOKUP(_xlfn.CONCAT(L24,$M$17),'data S&P500'!$AY$2:$BH$73,6,0) -> 4452.8 | O24: =M24/N24 -> #VALUE! | P24: =VLOOKUP(_xlfn.CONCAT(L24,M17),'data S&P500'!$A$2:$J$73,6,0) -> 418.09 | Q24: =Q23 -> 475.31 | R24: =(Q24-P24)/Q24 -> 0.12038459 | S24: =O24*(1+R24) -> #VALUE! | T24: =T23 -> 3872.59 | U24: =T24*S24 -> #VALUE! | V24: =U24-M24 -> #VALUE! | W24: =V24/M24 -> #VALUE! | Y24: Junio | Z24: =Z8 -> #VALUE! | AA24: =N24 -> 4452.8 | AB24: =Z24/AA24 -> #VALUE! | AC24: =P24 -> 418.09 | AD24: =Q24 -> 475.31 | AE24: =(AD24-AC24)/AD24 -> 0.12038459 | AF24: =AB24*(1+AE24) -> #VALUE! | AG24: =AG23 -> 3872.59 | AH24: =AG24*AF24 -> #VALUE! | AI24: =AH24-Z24 -> #VALUE! | AJ24: =AI24/Z24 -> #VALUE! | AL24: Junio | AM24: =AM8 -> 0 | AN24: =AA24 -> 4452.8 | AO24: =AM24/AN24 -> 0 | AP24: =AC24 -> 418.09 | AQ24: =AD24 -> 475.31 | AR24: =(AQ24-AP24)/AQ24 -> 0.12038459 | AS24: =AO24*(1+AR24) -> 0 | AT24: =AT23 -> 3872.59 | AU24: =AT24*AS24 -> 0 | AV24: =AU24-AM24 -> 0 | AW24: =AV24/AM24 -> #DIV/0! | AY24: =_xlfn.CONCAT(AZ24,BA24) -> febrero2023 | AZ24: febrero | BA24: 2023 | BB24: 44928 | BC24: 4856.68 | BD24: 4668.51 | BE24: 4998.49 | BF24: 4542.58 | BH24: 0.0405
A25: =_xlfn.CONCAT(B25,C25) -> enero2023 | B25: enero | C25: 2023 | D25: 44927 | E25: 406.48 | F25: 384.37 | G25: 408.16 | H25: 377.83 | I25: 1.58B | J25: 0.0629 | L25: Julio | M25: =M9 | N25: =VLOOKUP(_xlfn.CONCAT(L25,$M$17),'data S&P500'!$AY$2:$BH$73,6,0) -> 4161 | O25: =M25/N25 -> #VALUE! | P25: =VLOOKUP(_xlfn.CONCAT(L25,M17),'data S&P500'!$A$2:$J$73,6,0) -> 442.92 | Q25: =Q24 -> 475.31 | R25: =(Q25-P25)/Q25 -> 0.068145 | S25: =O25*(1+R25) -> #VALUE! | T25: =T24 -> 3872.59 | U25: =T25*S25 -> #VALUE! | V25: =U25-M25 -> #VALUE! | W25: =V25/M25 -> #VALUE! | Y25: Julio | Z25: =Z9 -> #VALUE! | AA25: =N25 -> 4161 | AB25: =Z25/AA25 -> #VALUE! | AC25: =P25 -> 442.92 | AD25: =Q25 -> 475.31 | AE25: =(AD25-AC25)/AD25 -> 0.068145 | AF25: =AB25*(1+AE25) -> #VALUE! | AG25: =AG24 -> 3872.59 | AH25: =AG25*AF25 -> #VALUE! | AI25: =AH25-Z25 -> #VALUE! | AJ25: =AI25/Z25 -> #VALUE! | AL25: Julio | AM25: =AM9 -> 0 | AN25: =AA25 -> 4161 | AO25: =AM25/AN25 -> 0 | AP25: =AC25 -> 442.92 | AQ25: =AD25 -> 475.31 | AR25: =(AQ25-AP25)/AQ25 -> 0.068145 | AS25: =AO25*(1+AR25) -> 0 | AT25: =AT24 -> 3872.59 | AU25: =AT25*AS25 -> 0 | AV25: =AU25-AM25 -> 0 | AW25: =AV25/AM25 -> #DIV/0! | AY25: =_xlfn.CONCAT(AZ25,BA25) -> enero2023 | AZ25: enero | BA25: 2023 | BB25: 44927 | BC25: 4667.72 | BD25: 4848 | BE25: 5008.88 | BF25: 4489.54 | BH25: -0.037
A26: =_xlfn.CONCAT(B26,C26) -> diciembre2022 | B26: diciembre | C26: 2022 | D26: 44573 | E26: 382.43 | F26: 408.77 | G26: 410.49 | H26: 374.77 | I26: 1.74B | J26: -0.0619 | L26: Agosto | M26: =M10 | N26: =VLOOKUP(_xlfn.CONCAT(L26,$M$17),'data S&P500'!$AY$2:$BH$73,6,0) -> 3924.53 | O26: =M26/N26 -> #VALUE! | P26: =VLOOKUP(_xlfn.CONCAT(L26,M17),'data S&P500'!$A$2:$J$73,6,0) -> 456.27 | Q26: =Q25 -> 475.31 | R26: =(Q26-P26)/Q26 -> 0.040058067 | S26: =O26*(1+R26) -> #VALUE! | T26: =T25 -> 3872.59 | U26: =T26*S26 -> #VALUE! | V26: =U26-M26 -> #VALUE! | W26: =V26/M26 -> #VALUE! | Y26: Agosto | Z26: =Z10 -> #VALUE! | AA26: =N26 -> 3924.53 | AB26: =Z26/AA26 -> #VALUE! | AC26: =P26 -> 456.27 | AD26: =Q26 -> 475.31 | AE26: =(AD26-AC26)/AD26 -> 0.040058067 | AF26: =AB26*(1+AE26) -> #VALUE! | AG26: =AG25 -> 3872.59 | AH26: =AG26*AF26 -> #VALUE! | AI26: =AH26-Z26 -> #VALUE! | AJ26: =AI26/Z26 -> #VALUE! | AL26: Agosto | AM26: =AM10 -> 0 | AN26: =AA26 -> 3924.53 | AO26: =AM26/AN26 -> 0 | AP26: =AC26 -> 456.27 | AQ26: =AD26 -> 475.31 | AR26: =(AQ26-AP26)/AQ26 -> 0.040058067 | AS26: =AO26*(1+AR26) -> 0 | AT26: =AT25 -> 3872.59 | AU26: =AT26*AS26 -> 0 | AV26: =AU26-AM26 -> 0 | AW26: =AV26/AM26 -> #DIV/0! | AY26: =_xlfn.CONCAT(AZ26,BA26) -> diciembre2022 | AZ26: diciembre | BA26: 2022 | BB26: 44573 | BC26: 4847 | BD26: 4830.57 | BE26: 4861 | BF26: 4727.21 | BH26: 0.0041
A27: =_xlfn.CONCAT(B27,C27) -> noviembre2022 | B27: noviembre | C27: 2022 | D27: 44572 | E27: 407.68 | F27: 390.14 | G27: 407.68 | H27: 368.79 | I27: 1.75B | J27: 0.0556 | L27: Septiembre | M27: =M11 | N27: =VLOOKUP(_xlfn.CONCAT(L27,$M$17),'data S&P500'!$AY$2:$BH$73,6,0) -> 4092.11 | O27: =M27/N27 -> #VALUE! | P27: =VLOOKUP(_xlfn.CONCAT(L27,M17),'data S&P500'!$A$2:$J$73,6,0) -> 453.17 | Q27: =Q26 -> 475.31 | R27: =(Q27-P27)/Q27 -> 0.046580127 | S27: =O27*(1+R27) -> #VALUE! | T27: =T26 -> 3872.59 | U27: =T27*S27 -> #VALUE! | V27: =U27-M27 -> #VALUE! | W27: =V27/M27 -> #VALUE! | Y27: Septiembre | Z27: =Z11 -> #VALUE! | AA27: =N27 -> 4092.11 | AB27: =Z27/AA27 -> #VALUE! | AC27: =P27 -> 453.17 | AD27: =Q27 -> 475.31 | AE27: =(AD27-AC27)/AD27 -> 0.046580127 | AF27: =AB27*(1+AE27) -> #VALUE! | AG27: =AG26 -> 3872.59 | AH27: =AG27*AF27 -> #VALUE! | AI27: =AH27-Z27 -> #VALUE! | AJ27: =AI27/Z27 -> #VALUE! | AL27: Septiembre | AM27: =AM11 -> 0 | AN27: =AA27 -> 4092.11 | AO27: =AM27/AN27 -> 0 | AP27: =AC27 -> 453.17 | AQ27: =AD27 -> 475.31 | AR27: =(AQ27-AP27)/AQ27 -> 0.046580127 | AS27: =AO27*(1+AR27) -> 0 | AT27: =AT26 -> 3872.59 | AU27: =AT27*AS27 -> 0 | AV27: =AU27-AM27 -> 0 | AW27: =AV27/AM27 -> #DIV/0! | AY27: =_xlfn.CONCAT(AZ27,BA27) -> noviembre2022 | AZ27: noviembre | BA27: 2022 | BB27: 44572 | BC27: 4827 | BD27: 4936.6 | BE27: 5123.13 | BF27: 4767.21 | BH27: -0.0208
A28: =_xlfn.CONCAT(B28,C28) -> octubre2022 | B28: octubre | C28: 2022 | D28: 44571 | E28: 386.21 | F28: 361.08 | G28: 389.52 | H28: 348.11 | I28: 2.02B | J28: 0.0813 | L28: Octubre | M28: =M12 | N28: =VLOOKUP(_xlfn.CONCAT(L28,$M$17),'data S&P500'!$AY$2:$BH$73,6,0) -> 4077.67 | O28: =M28/N28 -> #VALUE! | P28: =VLOOKUP(_xlfn.CONCAT(L28,M17),'data S&P500'!$A$2:$J$73,6,0) -> 426.62 | Q28: =Q27 -> 475.31 | R28: =(Q28-P28)/Q28 -> 0.10243841 | S28: =O28*(1+R28) -> #VALUE! | T28: =T27 -> 3872.59 | U28: =T28*S28 -> #VALUE! | V28: =U28-M28 -> #VALUE! | W28: =V28/M28 -> #VALUE! | Y28: Octubre | Z28: =Z12 -> #VALUE! | AA28: =N28 -> 4077.67 | AB28: =Z28/AA28 -> #VALUE! | AC28: =P28 -> 426.62 | AD28: =Q28 -> 475.31 | AE28: =(AD28-AC28)/AD28 -> 0.10243841 | AF28: =AB28*(1+AE28) -> #VALUE! | AG28: =AG27 -> 3872.59 | AH28: =AG28*AF28 -> #VALUE! | AI28: =AH28-Z28 -> #VALUE! | AJ28: =AI28/Z28 -> #VALUE! | AL28: Octubre | AM28: =AM12 -> 0 | AN28: =AA28 -> 4077.67 | AO28: =AM28/AN28 -> 0 | AP28: =AC28 -> 426.62 | AQ28: =AD28 -> 475.31 | AR28: =(AQ28-AP28)/AQ28 -> 0.10243841 | AS28: =AO28*(1+AR28) -> 0 | AT28: =AT27 -> 3872.59 | AU28: =AT28*AS28 -> 0 | AV28: =AU28-AM28 -> 0 | AW28: =AV28/AM28 -> #DIV/0! | AY28: =_xlfn.CONCAT(AZ28,BA28) -> octubre2022 | AZ28: octubre | BA28: 2022 | BB28: 44571 | BC28: 4929.35 | BD28: 4610 | BE28: 5003.58 | BF28: 4462.04 | BH28: 0.0706
A29: =_xlfn.CONCAT(B29,C29) -> septiembre2022 | B29: septiembre | C29: 2022 | D29: 44570 | E29: 357.18 | F29: 392.89 | G29: 411.73 | H29: 357.04 | I29: 2.00B | J29: -0.0962 | L29: Noviembre | M29: =M13 | N29: =VLOOKUP(_xlfn.CONCAT(L29,$M$17),'data S&P500'!$AY$2:$BH$73,6,0) -> 4118 | O29: =M29/N29 -> #VALUE! | P29: =VLOOKUP(_xlfn.CONCAT(L29,M17),'data S&P500'!$A$2:$J$73,6,0) -> 419.2 | Q29: =Q28 -> 475.31 | R29: =(Q29-P29)/Q29 -> 0.11804927 | S29: =O29*(1+R29) -> #VALUE! | T29: =T28 -> 3872.59 | U29: =T29*S29 -> #VALUE! | V29: =U29-M29 -> #VALUE! | W29: =V29/M29 -> #VALUE! | Y29: Noviembre | Z29: =Z13 -> #VALUE! | AA29: =N29 -> 4118 | AB29: =Z29/AA29 -> #VALUE! | AC29: =P29 -> 419.2 | AD29: =Q29 -> 475.31 | AE29: =(AD29-AC29)/AD29 -> 0.11804927 | AF29: =AB29*(1+AE29) -> #VALUE! | AG29: =AG28 -> 3872.59 | AH29: =AG29*AF29 -> #VALUE! | AI29: =AH29-Z29 -> #VALUE! | AJ29: =AI29/Z29 -> #VALUE! | AL29: Noviembre | AM29: =AM13 -> 0 | AN29: =AA29 -> 4118 | AO29: =AM29/AN29 -> 0 | AP29: =AC29 -> 419.2 | AQ29: =AD29 -> 475.31 | AR29: =(AQ29-AP29)/AQ29 -> 0.11804927 | AS29: =AO29*(1+AR29) -> 0 | AT29: =AT28 -> 3872.59 | AU29: =AT29*AS29 -> 0 | AV29: =AU29-AM29 -> 0 | AW29: =AV29/AM29 -> #DIV/0! | AY29: =_xlfn.CONCAT(AZ29,BA29) -> septiembre2022 | AZ29: septiembre | BA29: 2022 | BB29: 44570 | BC29: 4604.13 | BD29: 4429 | BE29: 4616.25 | BF29: 4322.23 | BH29: 0.041
A30: =_xlfn.CONCAT(B30,C30) -> agosto2022 | B30: agosto | C30: 2022 | D30: 44569 | E30: 395.18 | F30: 409.15 | G30: 431.73 | H30: 395.04 | I30: 1.44B | J30: -0.0408 | L30: Diciembre | M30: =M14 | N30: =VLOOKUP(_xlfn.CONCAT(L30,$M$17),'data S&P500'!$AY$2:$BH$73,6,0) -> 4030.3 | O30: =M30/N30 -> #VALUE! | P30: =VLOOKUP(_xlfn.CONCAT(L30,M17),'data S&P500'!$A$2:$J$73,6,0) -> 455.77 | Q30: =Q29 -> 475.31 | R30: =(Q30-P30)/Q30 -> 0.041110012 | S30: =O30*(1+R30) -> #VALUE! | T30: =T29 -> 3872.59 | U30: =T30*S30 -> #VALUE! | V30: =U30-M30 -> #VALUE! | W30: =V30/M30 -> #VALUE! | Y30: Diciembre | Z30: =Z14 -> #VALUE! | AA30: =N30 -> 4030.3 | AB30: =Z30/AA30 -> #VALUE! | AC30: =P30 -> 455.77 | AD30: =Q30 -> 475.31 | AE30: =(AD30-AC30)/AD30 -> 0.041110012 | AF30: =AB30*(1+AE30) -> #VALUE! | AG30: =AG29 -> 3872.59 | AH30: =AG30*AF30 -> #VALUE! | AI30: =AH30-Z30 -> #VALUE! | AJ30: =AI30/Z30 -> #VALUE! | AL30: Diciembre | AM30: =AM14 -> 0 | AN30: =AA30 -> 4030.3 | AO30: =AM30/AN30 -> 0 | AP30: =AC30 -> 455.77 | AQ30: =AD30 -> 475.31 | AR30: =(AQ30-AP30)/AQ30 -> 0.041110012 | AS30: =AO30*(1+AR30) -> 0 | AT30: =AT29 -> 3872.59 | AU30: =AT30*AS30 -> 0 | AV30: =AU30-AM30 -> 0 | AW30: =AV30/AM30 -> #DIV/0! | AY30: =_xlfn.CONCAT(AZ30,BA30) -> agosto2022 | AZ30: agosto | BA30: 2022 | BB30: 44569 | BC30: 4423 | BD30: 4287 | BE30: 4447.29 | BF30: 4154.44 | BH30: 0.034
A31: =_xlfn.CONCAT(B31,C31) -> julio2022 | B31: julio | C31: 2022 | D31: 44568 | E31: 411.99 | F31: 376.56 | G31: 413.03 | H31: 371.04 | I31: 1.44B | J31: 0.0921 | M31: =SUM(M19:M30) -> 0 | R31: =S31/M31 -> #VALUE! | S31: =SUM(S19:S30) -> #VALUE! | V31: =SUM(V19:V30) -> #VALUE! | W31: =V31/M31 -> #VALUE! | Z31: =SUM(Z19:Z30) -> #VALUE! | AE31: =AF31/Z31 -> #VALUE! | AF31: =SUM(AF19:AF30) -> #VALUE! | AI31: =SUM(AI19:AI30) -> #VALUE! | AJ31: =AI31/Z31 -> #VALUE! | AM31: =SUM(AM19:AM30) -> 0 | AR31: =AS31/AM31 -> #DIV/0! | AS31: =SUM(AS19:AS30) -> 0 | AV31: =SUM(AV19:AV30) -> 0 | AW31: =AV31/AM31 -> #DIV/0! | AY31: =_xlfn.CONCAT(AZ31,BA31) -> julio2022 | AZ31: julio | BA31: 2022 | BB31: 44568 | BC31: 4277.6 | BD31: 4151.37 | BE31: 4665.21 | BF31: 4151.37 | BH31: 0.0327
A32: =_xlfn.CONCAT(B32,C32) -> junio2022 | B32: junio | C32: 2022 | D32: 44567 | E32: 377.25 | F32: 415.17 | G32: 417.44 | H32: 362.17 | I32: 1.96B | J32: -0.0864 | AY32: =_xlfn.CONCAT(AZ32,BA32) -> junio2022 | AZ32: junio | BA32: 2022 | BB32: 44567 | BC32: 4141.97 | BD32: 3770 | BE32: 4179.8 | BF32: 3754.7 | BH32: 0.1014
A33: =_xlfn.CONCAT(B33,C33) -> mayo2022 | B33: mayo | C33: 2022 | D33: 44566 | E33: 412.93 | F33: 412.07 | G33: 429.66 | H33: 380.54 | I33: 2.42B | J33: 0.0023 | L33: Año | M33: 2022 | AY33: =_xlfn.CONCAT(AZ33,BA33) -> mayo2022 | AZ33: mayo | BA33: 2022 | BB33: 44566 | BC33: 3760.6 | BD33: 3958 | BE33: 4133 | BF33: 3763.45 | BH33: -0.0482
A34: =_xlfn.CONCAT(B34,C34) -> abril2022 | B34: abril | C34: 2022 | D34: 44565 | E34: 412 | F34: 453.31 | G34: 457.83 | H34: 411.21 | I34: 1.86B | J34: -0.0878 | AY34: =_xlfn.CONCAT(AZ34,BA34) -> abril2022 | AZ34: abril | BA34: 2022 | BB34: 44565 | BC34: 3950.95 | BD34: 3773 | BE34: 3999.75 | BF34: 3690 | BH34: 0.0486
A35: =_xlfn.CONCAT(B35,C35) -> marzo2022 | B35: marzo | C35: 2022 | D35: 44564 | E35: 451.64 | F35: 435.04 | G35: 462.07 | H35: 415.12 | I35: 2.38B | J35: 0.0344 | L35: Enero | M35: =M19 | N35: =VLOOKUP(_xlfn.CONCAT(L35,$M$33),'data S&P500'!$AY$2:$BH$73,6,0) -> 4070 | O35: =M35/N35 -> #VALUE! | P35: =VLOOKUP(_xlfn.CONCAT(L35,M33),'data S&P500'!$A$2:$J$73,6,0) -> 476.3 | Q35: =VLOOKUP(_xlfn.CONCAT(L46,M33),$A$1:$E$73,5,0) -> 382.43 | R35: =(Q35-P35)/Q35 -> -0.24545668 | S35: =O35*(1+R35) -> #VALUE! | T35: =VLOOKUP(_xlfn.CONCAT(L46,M33),$AY$1:$BC$73,5,0) -> 4847 | U35: =S35*T35 -> #VALUE! | V35: =U35-M35 -> #VALUE! | W35: =V35/M35 -> #VALUE! | Y35: Enero | Z35: =Z19 -> #VALUE! | AA35: =N35 -> 4070 | AB35: =Z35/AA35 -> #VALUE! | AC35: =P35 -> 476.3 | AD35: =Q35 -> 382.43 | AE35: =(AD35-AC35)/AD35 -> -0.24545668 | AF35: =AB35*(1+AE35) -> #VALUE! | AG35: =T35 -> 4847 | AH35: =AF35*AG35 -> #VALUE! | AI35: =AH35-Z35 -> #VALUE! | AJ35: =AI35/Z35 -> #VALUE! | AL35: Enero | AM35: =AM19 -> 0 | AN35: =AA35 -> 4070 | AO35: =AM35/AN35 -> 0 | AP35: =AC35 -> 476.3 | AQ35: =AD35 -> 382.43 | AR35: =(AQ35-AP35)/AQ35 -> -0.24545668 | AS35: =AO35*(1+AR35) -> 0 | AT35: =AG35 -> 4847 | AU35: =AS35*AT35 -> 0 | AV35: =AU35-AM35 -> 0 | AW35: =AV35/AM35 -> #DIV/0! | AY35: =_xlfn.CONCAT(AZ35,BA35) -> marzo2022 | AZ35: marzo | BA35: 2022 | BB35: 44564 | BC35: 3767.82 | BD35: 3937 | BE35: 3947 | BF35: 3727.8 | BH35: -0.042
A36: =_xlfn.CONCAT(B36,C36) -> febrero2022 | B36: febrero | C36: 2022 | D36: 44563 | E36: 436.63 | F36: 450.68 | G36: 458.12 | H36: 410.64 | I36: 2.30B | J36: -0.0295 | L36: Febrero | M36: =M20 | N36: =VLOOKUP(_xlfn.CONCAT(L36,$M$33),'data S&P500'!$AY$2:$BH$73,6,0) -> 3947.78 | O36: =M36/N36 -> #VALUE! | P36: =VLOOKUP(_xlfn.CONCAT(L36,M33),'data S&P500'!$A$2:$J$73,6,0) -> 450.68 | Q36: =Q35 -> 382.43 | R36: =(Q36-P36)/Q36 -> -0.17846403 | S36: =O36*(1+R36) -> #VALUE! | T36: =T35 -> 4847 | U36: =T36*S36 -> #VALUE! | V36: =U36-M36 -> #VALUE! | W36: =V36/M36 -> #VALUE! | Y36: Febrero | Z36: =Z20 -> #VALUE! | AA36: =N36 -> 3947.78 | AB36: =Z36/AA36 -> #VALUE! | AC36: =P36 -> 450.68 | AD36: =Q36 -> 382.43 | AE36: =(AD36-AC36)/AD36 -> -0.17846403 | AF36: =AB36*(1+AE36) -> #VALUE! | AG36: =AG35 -> 4847 | AH36: =AG36*AF36 -> #VALUE! | AI36: =AH36-Z36 -> #VALUE! | AJ36: =AI36/Z36 -> #VALUE! | AL36: Febrero | AM36: =AM20 -> 0 | AN36: =AA36 -> 3947.78 | AO36: =AM36/AN36 -> 0 | AP36: =AC36 -> 450.68 | AQ36: =AD36 -> 382.43 | AR36: =(AQ36-AP36)/AQ36 -> -0.17846403 | AS36: =AO36*(1+AR36) -> 0 | AT36: =AT35 -> 4847 | AU36: =AT36*AS36 -> 0 | AV36: =AU36-AM36 -> 0 | AW36: =AV36/AM36 -> #DIV/0! | AY36: =_xlfn.CONCAT(AZ36,BA36) -> febrero2022 | AZ36: febrero | BA36: 2022 | BB36: 44563 | BC36: 3933.01 | BD36: 3947.78 | BE36: 3983 | BF36: 3894.21 | BH36: -0.0021
A37: =_xlfn.CONCAT(B37,C37) -> enero2022 | B37: enero | C37: 2022 | D37: 44562 | E37: 449.91 | F37: 476.3 | G37: 479.98 | H37: 420.76 | I37: 2.49B | J37: -0.0527 | L37: Marzo | M37: =M21 | N37: =VLOOKUP(_xlfn.CONCAT(L37,$M$33),'data S&P500'!$AY$2:$BH$73,6,0) -> 3937 | O37: =M37/N37 -> #VALUE! | P37: =VLOOKUP(_xlfn.CONCAT(L37,M33),'data S&P500'!$A$2:$J$73,6,0) -> 435.04 | Q37: =Q36 -> 382.43 | R37: =(Q37-P37)/Q37 -> -0.13756766 | S37: =O37*(1+R37) -> #VALUE! | T37: =T36 -> 4847 | U37: =T37*S37 -> #VALUE! | V37: =U37-M37 -> #VALUE! | W37: =V37/M37 -> #VALUE! | Y37: Marzo | Z37: =Z21 -> #VALUE! | AA37: =N37 -> 3937 | AB37: =Z37/AA37 -> #VALUE! | AC37: =P37 -> 435.04 | AD37: =Q37 -> 382.43 | AE37: =(AD37-AC37)/AD37 -> -0.13756766 | AF37: =AB37*(1+AE37) -> #VALUE! | AG37: =AG36 -> 4847 | AH37: =AG37*AF37 -> #VALUE! | AI37: =AH37-Z37 -> #VALUE! | AJ37: =AI37/Z37 -> #VALUE! | AL37: Marzo | AM37: =AM21 -> 0 | AN37: =AA37 -> 3937 | AO37: =AM37/AN37 -> 0 | AP37: =AC37 -> 435.04 | AQ37: =AD37 -> 382.43 | AR37: =(AQ37-AP37)/AQ37 -> -0.13756766 | AS37: =AO37*(1+AR37) -> 0 | AT37: =AT36 -> 4847 | AU37: =AT37*AS37 -> 0 | AV37: =AU37-AM37 -> 0 | AW37: =AV37/AM37 -> #DIV/0! | AY37: =_xlfn.CONCAT(AZ37,BA37) -> enero2022 | AZ37: enero | BA37: 2022 | BB37: 44562 | BC37: 3941.41 | BD37: 4070 | BE37: 4105.5 | BF37: 3923.61 | BH37: -0.0305
A38: =_xlfn.CONCAT(B38,C38) -> diciembre2021 | B38: diciembre | C38: 2021 | D38: 44208 | E38: 474.96 | F38: 461.64 | G38: 479 | H38: 448.92 | I38: 1.93B | J38: 0.0426 | L38: Abril | M38: =M22 | N38: =VLOOKUP(_xlfn.CONCAT(L38,$M$33),'data S&P500'!$AY$2:$BH$73,6,0) -> 3773 | O38: =M38/N38 -> #VALUE! | P38: =VLOOKUP(_xlfn.CONCAT(L38,M33),'data S&P500'!$A$2:$J$73,6,0) -> 453.31 | Q38: =Q37 -> 382.43 | R38: =(Q38-P38)/Q38 -> -0.18534111 | S38: =O38*(1+R38) -> #VALUE! | T38: =T37 -> 4847 | U38: =T38*S38 -> #VALUE! | V38: =U38-M38 -> #VALUE! | W38: =V38/M38 -> #VALUE! | Y38: Abril | Z38: =Z22 -> #VALUE! | AA38: =N38 -> 3773 | AB38: =Z38/AA38 -> #VALUE! | AC38: =P38 -> 453.31 | AD38: =Q38 -> 382.43 | AE38: =(AD38-AC38)/AD38 -> -0.18534111 | AF38: =AB38*(1+AE38) -> #VALUE! | AG38: =AG37 -> 4847 | AH38: =AG38*AF38 -> #VALUE! | AI38: =AH38-Z38 -> #VALUE! | AJ38: =AI38/Z38 -> #VALUE! | AL38: Abril | AM38: =AM22 -> 0 | AN38: =AA38 -> 3773 | AO38: =AM38/AN38 -> 0 | AP38: =AC38 -> 453.31 | AQ38: =AD38 -> 382.43 | AR38: =(AQ38-AP38)/AQ38 -> -0.18534111 | AS38: =AO38*(1+AR38) -> 0 | AT38: =AT37 -> 4847 | AU38: =AT38*AS38 -> 0 | AV38: =AU38-AM38 -> 0 | AW38: =AV38/AM38 -> #DIV/0! | AY38: =_xlfn.CONCAT(AZ38,BA38) -> diciembre2021 | AZ38: diciembre | BA38: 2021 | BB38: 44208 | BC38: 4065.41 | BD38: 3995 | BE38: 4075.74 | BF38: 3875.8 | BH38: 0.0183
A39: =_xlfn.CONCAT(B39,C39) -> noviembre2021 | B39: noviembre | C39: 2021 | D39: 44207 | E39: 455.56 | F39: 460.3 | G39: 473.54 | H39: 455.3 | I39: 1.34B | J39: -0.008 | L39: Mayo | M39: =M23 | N39: =VLOOKUP(_xlfn.CONCAT(L39,$M$33),'data S&P500'!$AY$2:$BH$73,6,0) -> 3958 | O39: =M39/N39 -> #VALUE! | P39: =VLOOKUP(_xlfn.CONCAT(L39,M33),'data S&P500'!$A$2:$J$73,6,0) -> 412.07 | Q39: =Q38 -> 382.43 | R39: =(Q39-P39)/Q39 -> -0.07750438 | S39: =O39*(1+R39) -> #VALUE! | T39: =T38 -> 4847 | U39: =T39*S39 -> #VALUE! | V39: =U39-M39 -> #VALUE! | W39: =V39/M39 -> #VALUE! | Y39: Mayo | Z39: =Z23 -> #VALUE! | AA39: =N39 -> 3958 | AB39: =Z39/AA39 -> #VALUE! | AC39: =P39 -> 412.07 | AD39: =Q39 -> 382.43 | AE39: =(AD39-AC39)/AD39 -> -0.07750438 | AF39: =AB39*(1+AE39) -> #VALUE! | AG39: =AG38 -> 4847 | AH39: =AG39*AF39 -> #VALUE! | AI39: =AH39-Z39 -> #VALUE! | AJ39: =AI39/Z39 -> #VALUE! | AL39: Mayo | AM39: =AM23 -> 0 | AN39: =AA39 -> 3958 | AO39: =AM39/AN39 -> 0 | AP39: =AC39 -> 412.07 | AQ39: =AD39 -> 382.43 | AR39: =(AQ39-AP39)/AQ39 -> -0.07750438 | AS39: =AO39*(1+AR39) -> 0 | AT39: =AT38 -> 4847 | AU39: =AT39*AS39 -> 0 | AV39: =AU39-AM39 -> 0 | AW39: =AV39/AM39 -> #DIV/0! | AY39: =_xlfn.CONCAT(AZ39,BA39) -> noviembre2021 | AZ39: noviembre | BA39: 2021 | BB39: 44207 | BC39: 3992.2 | BD39: 3760 | BE39: 4040 | BF39: 3757.03 | BH39: 0.0625
A40: =_xlfn.CONCAT(B40,C40) -> octubre2021 | B40: octubre | C40: 2021 | D40: 44206 | E40: 459.25 | F40: 430.98 | G40: 459.56 | H40: 426.36 | I40: 1.51B | J40: 0.0702 | L40: Junio | M40: =M24 | N40: =VLOOKUP(_xlfn.CONCAT(L40,$M$33),'data S&P500'!$AY$2:$BH$73,6,0) -> 3770 | O40: =M40/N40 -> #VALUE! | P40: =VLOOKUP(_xlfn.CONCAT(L40,M33),'data S&P500'!$A$2:$J$73,6,0) -> 415.17 | Q40: =Q39 -> 382.43 | R40: =(Q40-P40)/Q40 -> -0.085610439 | S40: =O40*(1+R40) -> #VALUE! | T40: =T39 -> 4847 | U40: =T40*S40 -> #VALUE! | V40: =U40-M40 -> #VALUE! | W40: =V40/M40 -> #VALUE! | Y40: Junio | Z40: =Z24 -> #VALUE! | AA40: =N40 -> 3770 | AB40: =Z40/AA40 -> #VALUE! | AC40: =P40 -> 415.17 | AD40: =Q40 -> 382.43 | AE40: =(AD40-AC40)/AD40 -> -0.085610439 | AF40: =AB40*(1+AE40) -> #VALUE! | AG40: =AG39 -> 4847 | AH40: =AG40*AF40 -> #VALUE! | AI40: =AH40-Z40 -> #VALUE! | AJ40: =AI40/Z40 -> #VALUE! | AL40: Junio | AM40: =AM24 -> 0 | AN40: =AA40 -> 3770 | AO40: =AM40/AN40 -> 0 | AP40: =AC40 -> 415.17 | AQ40: =AD40 -> 382.43 | AR40: =(AQ40-AP40)/AQ40 -> -0.085610439 | AS40: =AO40*(1+AR40) -> 0 | AT40: =AT39 -> 4847 | AU40: =AT40*AS40 -> 0 | AV40: =AU40-AM40 -> 0 | AW40: =AV40/AM40 -> #DIV/0! | AY40: =_xlfn.CONCAT(AZ40,BA40) -> octubre2021 | AZ40: octubre | BA40: 2021 | BB40: 44206 | BC40: 3757.53 | BD40: 3807.8 | BE40: 3807.8 | BF40: 3713.5 | BH40: -0.0126
A41: =_xlfn.CONCAT(B41,C41) -> septiembre2021 | B41: septiembre | C41: 2021 | D41: 44205 | E41: 429.14 | F41: 452.56 | G41: 454.05 | H41: 428.78 | I41: 1.75B | J41: -0.0497 | L41: Julio | M41: =M25 | N41: =VLOOKUP(_xlfn.CONCAT(L41,$M$33),'data S&P500'!$AY$2:$BH$73,6,0) -> 4151.37 | O41: =M41/N41 -> #VALUE! | P41: =VLOOKUP(_xlfn.CONCAT(L41,M33),'data S&P500'!$A$2:$J$73,6,0) -> 376.56 | Q41: =Q40 -> 382.43 | R41: =(Q41-P41)/Q41 -> 0.015349214 | S41: =O41*(1+R41) -> #VALUE! | T41: =T40 -> 4847 | U41: =T41*S41 -> #VALUE! | V41: =U41-M41 -> #VALUE! | W41: =V41/M41 -> #VALUE! | Y41: Julio | Z41: =Z25 -> #VALUE! | AA41: =N41 -> 4151.37 | AB41: =Z41/AA41 -> #VALUE! | AC41: =P41 -> 376.56 | AD41: =Q41 -> 382.43 | AE41: =(AD41-AC41)/AD41 -> 0.015349214 | AF41: =AB41*(1+AE41) -> #VALUE! | AG41: =AG40 -> 4847 | AH41: =AG41*AF41 -> #VALUE! | AI41: =AH41-Z41 -> #VALUE! | AJ41: =AI41/Z41 -> #VALUE! | AL41: Julio | AM41: =AM25 -> 0 | AN41: =AA41 -> 4151.37 | AO41: =AM41/AN41 -> 0 | AP41: =AC41 -> 376.56 | AQ41: =AD41 -> 382.43 | AR41: =(AQ41-AP41)/AQ41 -> 0.015349214 | AS41: =AO41*(1+AR41) -> 0 | AT41: =AT40 -> 4847 | AU41: =AT41*AS41 -> 0 | AV41: =AU41-AM41 -> 0 | AW41: =AV41/AM41 -> #DIV/0! | AY41: =_xlfn.CONCAT(AZ41,BA41) -> septiembre2021 | AZ41: septiembre | BA41: 2021 | BB41: 44205 | BC41: 3805.33 | BD41: 3769.15 | BE41: 3868.19 | BF41: 3738.9 | BH41: 0.0103
A42: =_xlfn.CONCAT(B42,C42) -> agosto2021 | B42: agosto | C42: 2021 | D42: 44204 | E42: 451.56 | F42: 440.34 | G42: 453.07 | H42: 436.1 | I42: 1.25B | J42: 0.0298 | L42: Agosto | M42: =M26 | N42: =VLOOKUP(_xlfn.CONCAT(L42,$M$33),'data S&P500'!$AY$2:$BH$73,6,0) -> 4287 | O42: =M42/N42 -> #VALUE! | P42: =VLOOKUP(_xlfn.CONCAT(L42,M33),'data S&P500'!$A$2:$J$73,6,0) -> 409.15 | Q42: =Q41 -> 382.43 | R42: =(Q42-P42)/Q42 -> -0.069868996 | S42: =O42*(1+R42) -> #VALUE! | T42: =T41 -> 4847 | U42: =T42*S42 -> #VALUE! | V42: =U42-M42 -> #VALUE! | W42: =V42/M42 -> #VALUE! | Y42: Agosto | Z42: =Z26 -> #VALUE! | AA42: =N42 -> 4287 | AB42: =Z42/AA42 -> #VALUE! | AC42: =P42 -> 409.15 | AD42: =Q42 -> 382.43 | AE42: =(AD42-AC42)/AD42 -> -0.069868996 | AF42: =AB42*(1+AE42) -> #VALUE! | AG42: =AG41 -> 4847 | AH42: =AG42*AF42 -> #VALUE! | AI42: =AH42-Z42 -> #VALUE! | AJ42: =AI42/Z42 -> #VALUE! | AL42: Agosto | AM42: =AM26 -> 0 | AN42: =AA42 -> 4287 | AO42: =AM42/AN42 -> 0 | AP42: =AC42 -> 409.15 | AQ42: =AD42 -> 382.43 | AR42: =(AQ42-AP42)/AQ42 -> -0.069868996 | AS42: =AO42*(1+AR42) -> 0 | AT42: =AT41 -> 4847 | AU42: =AT42*AS42 -> 0 | AV42: =AU42-AM42 -> 0 | AW42: =AV42/AM42 -> #DIV/0! | AY42: =_xlfn.CONCAT(AZ42,BA42) -> agosto2021 | AZ42: agosto | BA42: 2021 | BB42: 44204 | BC42: 3766.68 | BD42: 3878 | BE42: 4009.14 | BF42: 3761.5 | BH42: -0.0277
A43: =_xlfn.CONCAT(B43,C43) -> julio2021 | B43: julio | C43: 2021 | D43: 44203 | E43: 438.51 | F43: 428.87 | G43: 441.8 | H43: 421.97 | I43: 1.42B | J43: 0.0244 | L43: Septiembre | M43: =M27 | N43: =VLOOKUP(_xlfn.CONCAT(L43,$M$33),'data S&P500'!$AY$2:$BH$73,6,0) -> 4429 | O43: =M43/N43 -> #VALUE! | P43: =VLOOKUP(_xlfn.CONCAT(L43,M33),'data S&P500'!$A$2:$J$73,6,0) -> 392.89 | Q43: =Q42 -> 382.43 | R43: =(Q43-P43)/Q43 -> -0.027351411 | S43: =O43*(1+R43) -> #VALUE! | T43: =T42 -> 4847 | U43: =T43*S43 -> #VALUE! | V43: =U43-M43 -> #VALUE! | W43: =V43/M43 -> #VALUE! | Y43: Septiembre | Z43: =Z27 -> #VALUE! | AA43: =N43 -> 4429 | AB43: =Z43/AA43 -> #VALUE! | AC43: =P43 -> 392.89 | AD43: =Q43 -> 382.43 | AE43: =(AD43-AC43)/AD43 -> -0.027351411 | AF43: =AB43*(1+AE43) -> #VALUE! | AG43: =AG42 -> 4847 | AH43: =AG43*AF43 -> #VALUE! | AI43: =AH43-Z43 -> #VALUE! | AJ43: =AI43/Z43 -> #VALUE! | AL43: Septiembre | AM43: =AM27 -> 0 | AN43: =AA43 -> 4429 | AO43: =AM43/AN43 -> 0 | AP43: =AC43 -> 392.89 | AQ43: =AD43 -> 382.43 | AR43: =(AQ43-AP43)/AQ43 -> -0.027351411 | AS43: =AO43*(1+AR43) -> 0 | AT43: =AT42 -> 4847 | AU43: =AT43*AS43 -> 0 | AV43: =AU43-AM43 -> 0 | AW43: =AV43/AM43 -> #DIV/0! | AY43: =_xlfn.CONCAT(AZ43,BA43) -> julio2021 | AZ43: julio | BA43: 2021 | BB43: 44203 | BC43: 3874 | BD43: 3750 | BE43: 3939.7 | BF43: 3725.8 | BH43: 0.0339
A44: =_xlfn.CONCAT(B44,C44) -> junio2021 | B44: junio | C44: 2021 | D44: 44202 | E44: 428.06 | F44: 422.57 | G44: 428.78 | H44: 414.7 | I44: 1.28B | J44: 0.0191 | L44: Octubre | M44: =M28 | N44: =VLOOKUP(_xlfn.CONCAT(L44,$M$33),'data S&P500'!$AY$2:$BH$73,6,0) -> 4610 | O44: =M44/N44 -> #VALUE! | P44: =VLOOKUP(_xlfn.CONCAT(L44,M33),'data S&P500'!$A$2:$J$73,6,0) -> 361.08 | Q44: =Q43 -> 382.43 | R44: =(Q44-P44)/Q44 -> 0.05582721 | S44: =O44*(1+R44) -> #VALUE! | T44: =T43 -> 4847 | U44: =T44*S44 -> #VALUE! | V44: =U44-M44 -> #VALUE! | W44: =V44/M44 -> #VALUE! | Y44: Octubre | Z44: =Z28 -> #VALUE! | AA44: =N44 -> 4610 | AB44: =Z44/AA44 -> #VALUE! | AC44: =P44 -> 361.08 | AD44: =Q44 -> 382.43 | AE44: =(AD44-AC44)/AD44 -> 0.05582721 | AF44: =AB44*(1+AE44) -> #VALUE! | AG44: =AG43 -> 4847 | AH44: =AG44*AF44 -> #VALUE! | AI44: =AH44-Z44 -> #VALUE! | AJ44: =AI44/Z44 -> #VALUE! | AL44: Octubre | AM44: =AM28 -> 0 | AN44: =AA44 -> 4610 | AO44: =AM44/AN44 -> 0 | AP44: =AC44 -> 361.08 | AQ44: =AD44 -> 382.43 | AR44: =(AQ44-AP44)/AQ44 -> 0.05582721 | AS44: =AO44*(1+AR44) -> 0 | AT44: =AT43 -> 4847 | AU44: =AT44*AS44 -> 0 | AV44: =AU44-AM44 -> 0 | AW44: =AV44/AM44 -> #DIV/0! | AY44: =_xlfn.CONCAT(AZ44,BA44) -> junio2021 | AZ44: junio | BA44: 2021 | BB44: 44202 | BC44: 3747 | BD44: 3708 | BE44: 3798 | BF44: 3573 | BH44: 0.0111
A45: =_xlfn.CONCAT(B45,C45) -> mayo2021 | B45: mayo | C45: 2021 | D45: 44201 | E45: 420.04 | F45: 419.43 | G45: 422.81 | H45: 404 | I45: 1.55B | J45: 0.0066 | L45: Noviembre | M45: =M29 | N45: =VLOOKUP(_xlfn.CONCAT(L45,$M$33),'data S&P500'!$AY$2:$BH$73,6,0) -> 4936.6 | O45: =M45/N45 -> #VALUE! | P45: =VLOOKUP(_xlfn.CONCAT(L45,M33),'data S&P500'!$A$2:$J$73,6,0) -> 390.14 | Q45: =Q44 -> 382.43 | R45: =(Q45-P45)/Q45 -> -0.020160552 | S45: =O45*(1+R45) -> #VALUE! | T45: =T44 -> 4847 | U45: =T45*S45 -> #VALUE! | V45: =U45-M45 -> #VALUE! | W45: =V45/M45 -> #VALUE! | Y45: Noviembre | Z45: =Z29 -> #VALUE! | AA45: =N45 -> 4936.6 | AB45: =Z45/AA45 -> #VALUE! | AC45: =P45 -> 390.14 | AD45: =Q45 -> 382.43 | AE45: =(AD45-AC45)/AD45 -> -0.020160552 | AF45: =AB45*(1+AE45) -> #VALUE! | AG45: =AG44 -> 4847 | AH45: =AG45*AF45 -> #VALUE! | AI45: =AH45-Z45 -> #VALUE! | AJ45: =AI45/Z45 -> #VALUE! | AL45: Noviembre | AM45: =AM29 -> 0 | AN45: =AA45 -> 4936.6 | AO45: =AM45/AN45 -> 0 | AP45: =AC45 -> 390.14 | AQ45: =AD45 -> 382.43 | AR45: =(AQ45-AP45)/AQ45 -> -0.020160552 | AS45: =AO45*(1+AR45) -> 0 | AT45: =AT44 -> 4847 | AU45: =AT45*AS45 -> 0 | AV45: =AU45-AM45 -> 0 | AW45: =AV45/AM45 -> #DIV/0! | AY45: =_xlfn.CONCAT(AZ45,BA45) -> mayo2021 | AZ45: mayo | BA45: 2021 | BB45: 44201 | BC45: 3705.75 | BD45: 3753.3 | BE45: 3866.75 | BF45: 3643.35 | BH45: -0.0122
A46: =_xlfn.CONCAT(B46,C46) -> abril2021 | B46: abril | C46: 2021 | D46: 44200 | E46: 417.3 | F46: 398.4 | G46: 420.72 | H46: 398.18 | I46: 1.46B | J46: 0.0529 | L46: Diciembre | M46: =M30 | N46: =VLOOKUP(_xlfn.CONCAT(L46,$M$33),'data S&P500'!$AY$2:$BH$73,6,0) -> 4830.57 | O46: =M46/N46 -> #VALUE! | P46: =VLOOKUP(_xlfn.CONCAT(L46,M33),'data S&P500'!$A$2:$J$73,6,0) -> 408.77 | Q46: =Q45 -> 382.43 | R46: =(Q46-P46)/Q46 -> -0.06887535 | S46: =O46*(1+R46) -> #VALUE! | T46: =T45 -> 4847 | U46: =T46*S46 -> #VALUE! | V46: =U46-M46 -> #VALUE! | W46: =V46/M46 -> #VALUE! | Y46: Diciembre | Z46: =Z30 -> #VALUE! | AA46: =N46 -> 4830.57 | AB46: =Z46/AA46 -> #VALUE! | AC46: =P46 -> 408.77 | AD46: =Q46 -> 382.43 | AE46: =(AD46-AC46)/AD46 -> -0.06887535 | AF46: =AB46*(1+AE46) -> #VALUE! | AG46: =AG45 -> 4847 | AH46: =AG46*AF46 -> #VALUE! | AI46: =AH46-Z46 -> #VALUE! | AJ46: =AI46/Z46 -> #VALUE! | AL46: Diciembre | AM46: =AM30 -> 0 | AN46: =AA46 -> 4830.57 | AO46: =AM46/AN46 -> 0 | AP46: =AC46 -> 408.77 | AQ46: =AD46 -> 382.43 | AR46: =(AQ46-AP46)/AQ46 -> -0.06887535 | AS46: =AO46*(1+AR46) -> 0 | AT46: =AT45 -> 4847 | AU46: =AT46*AS46 -> 0 | AV46: =AU46-AM46 -> 0 | AW46: =AV46/AM46 -> #DIV/0! | AY46: =_xlfn.CONCAT(AZ46,BA46) -> abril2021 | AZ46: abril | BA46: 2021 | BB46: 44200 | BC46: 3751.43 | BD46: 3661.7 | BE46: 3759.05 | BF46: 3587.55 | BH46: 0.0253
A47: =_xlfn.CONCAT(B47,C47) -> marzo2021 | B47: marzo | C47: 2021 | D47: 44199 | E47: 396.33 | F47: 385.59 | G47: 398.12 | H47: 371.88 | I47: 2.40B | J47: 0.042 | M47: =SUM(M35:M46) -> 0 | R47: =S47/M47 -> #VALUE! | S47: =SUM(S35:S46) -> #VALUE! | V47: =SUM(V35:V46) -> #VALUE! | W47: =V47/M47 -> #VALUE! | Z47: =SUM(Z35:Z46) -> #VALUE! | AE47: =AF47/Z47 -> #VALUE! | AF47: =SUM(AF35:AF46) -> #VALUE! | AI47: =SUM(AI35:AI46) -> #VALUE! | AJ47: =AI47/Z47 -> #VALUE! | AM47: =SUM(AM35:AM46) -> 0 | AR47: =AS47/AM47 -> #DIV/0! | AS47: =SUM(AS35:AS46) -> 0 | AV47: =SUM(AV35:AV46) -> 0 | AW47: =AV47/AM47 -> #DIV/0! | AY47: =_xlfn.CONCAT(AZ47,BA47) -> marzo2021 | AZ47: marzo | BA47: 2021 | BB47: 44199 | BC47: 3658.95 | BD47: 3647 | BE47: 3755 | BF47: 3515.68 | BH47: 0.004
A48: =_xlfn.CONCAT(B48,C48) -> febrero2021 | B48: febrero | C48: 2021 | D48: 44198 | E48: 380.36 | F48: 373.72 | G48: 394.17 | H48: 370.38 | I48: 1.31B | J48: 0.0278 | AY48: =_xlfn.CONCAT(AZ48,BA48) -> febrero2021 | AZ48: febrero | BA48: 2021 | BB48: 44198 | BC48: 3644.5 | BD48: 3569 | BE48: 3651.95 | BF48: 3481.9 | BH48: 0.0215
A49: =_xlfn.CONCAT(B49,C49) -> enero2021 | B49: enero | C49: 2021 | D49: 44197 | E49: 370.07 | F49: 375.31 | G49: 385.85 | H49: 364.82 | I49: 1.40B | J49: -0.0102 | L49: Año | M49: 2021 | AY49: =_xlfn.CONCAT(AZ49,BA49) -> enero2021 | AZ49: enero | BA49: 2021 | BB49: 44197 | BC49: 3567.63 | BD49: 3422 | BE49: 3665.91 | BF49: 3379.71 | BH49: 0.0448
A50: =_xlfn.CONCAT(B50,C50) -> diciembre2020 | B50: diciembre | C50: 2020 | D50: 43842 | E50: 373.88 | F50: 365.57 | G50: 378.46 | H50: 362.03 | I50: 1.35B | J50: 0.0326 | AY50: =_xlfn.CONCAT(AZ50,BA50) -> diciembre2020 | AZ50: diciembre | BA50: 2020 | BB50: 43842 | BC50: 3414.5 | BD50: 3596.25 | BE50: 3597.58 | BF50: 3399.8 | BH50: -0.05
A51: =_xlfn.CONCAT(B51,C51) -> noviembre2020 | B51: noviembre | C51: 2020 | D51: 43841 | E51: 362.06 | F51: 330.2 | G51: 364.38 | H51: 327.24 | I51: 1.54B | J51: 0.1088 | L51: Enero | M51: =M35 | N51: =VLOOKUP(_xlfn.CONCAT(L51,$M$49),'data S&P500'!$AY$2:$BH$73,6,0) -> 3422 | O51: =M51/N51 -> #VALUE! | P51: =VLOOKUP(_xlfn.CONCAT(L51,M49),'data S&P500'!$A$2:$J$73,6,0) -> 375.31 | Q51: =VLOOKUP(_xlfn.CONCAT(L62,M49),$A$1:$E$73,5,0) -> 474.96 | R51: =(Q51-P51)/Q51 -> 0.20980714 | S51: =O51*(1+R51) -> #VALUE! | T51: =VLOOKUP(_xlfn.CONCAT(L62,M49),$AY$1:$BC$73,5,0) -> 4065.41 | U51: =S51*T51 -> #VALUE! | V51: =U51-M51 -> #VALUE! | W51: =V51/M51 -> #VALUE! | Y51: Enero | Z51: =Z35 -> #VALUE! | AA51: =N51 -> 3422 | AB51: =Z51/AA51 -> #VALUE! | AC51: =P51 -> 375.31 | AD51: =Q51 -> 474.96 | AE51: =(AD51-AC51)/AD51 -> 0.20980714 | AF51: =AB51*(1+AE51) -> #VALUE! | AG51: =T51 -> 4065.41 | AH51: =AF51*AG51 -> #VALUE! | AI51: =AH51-Z51 -> #VALUE! | AJ51: =AI51/Z51 -> #VALUE! | AL51: Enero | AM51: =AM35 -> 0 | AN51: =AA51 -> 3422 | AO51: =AM51/AN51 -> 0 | AP51: =AC51 -> 375.31 | AQ51: =AD51 -> 474.96 | AR51: =(AQ51-AP51)/AQ51 -> 0.20980714 | AS51: =AO51*(1+AR51) -> 0 | AT51: =AG51 -> 4065.41 | AU51: =AS51*AT51 -> 0 | AV51: =AU51-AM51 -> 0 | AW51: =AV51/AM51 -> #DIV/0! | AY51: =_xlfn.CONCAT(AZ51,BA51) -> noviembre2020 | AZ51: noviembre | BA51: 2020 | BB51: 43841 | BC51: 3594.25 | BD51: 3870.35 | BE51: 3882.79 | BF51: 3580.39 | BH51: -0.071
A52: =_xlfn.CONCAT(B52,C52) -> octubre2020 | B52: octubre | C52: 2020 | D52: 43840 | E52: 326.54 | F52: 337.69 | G52: 354.02 | H52: 322.6 | I52: 1.63B | J52: -0.0249 | L52: Febrero | M52: =M36 | N52: =VLOOKUP(_xlfn.CONCAT(L52,$M$49),'data S&P500'!$AY$2:$BH$73,6,0) -> 3569 | O52: =M52/N52 -> #VALUE! | P52: =VLOOKUP(_xlfn.CONCAT(L52,M49),'data S&P500'!$A$2:$J$73,6,0) -> 373.72 | Q52: =Q51 -> 474.96 | R52: =(Q52-P52)/Q52 -> 0.21315479 | S52: =O52*(1+R52) -> #VALUE! | T52: =T51 -> 4065.41 | U52: =T52*S52 -> #VALUE! | V52: =U52-M52 -> #VALUE! | W52: =V52/M52 -> #VALUE! | Y52: Febrero | Z52: =Z36 -> #VALUE! | AA52: =N52 -> 3569 | AB52: =Z52/AA52 -> #VALUE! | AC52: =P52 -> 373.72 | AD52: =Q52 -> 474.96 | AE52: =(AD52-AC52)/AD52 -> 0.21315479 | AF52: =AB52*(1+AE52) -> #VALUE! | AG52: =AG51 -> 4065.41 | AH52: =AG52*AF52 -> #VALUE! | AI52: =AH52-Z52 -> #VALUE! | AJ52: =AI52/Z52 -> #VALUE! | AL52: Febrero | AM52: =AM36 -> 0 | AN52: =AA52 -> 3569 | AO52: =AM52/AN52 -> 0 | AP52: =AC52 -> 373.72 | AQ52: =AD52 -> 474.96 | AR52: =(AQ52-AP52)/AQ52 -> 0.21315479 | AS52: =AO52*(1+AR52) -> 0 | AT52: =AT51 -> 4065.41 | AU52: =AT52*AS52 -> 0 | AV52: =AU52-AM52 -> 0 | AW52: =AV52/AM52 -> #DIV/0! | AY52: =_xlfn.CONCAT(AZ52,BA52) -> octubre2020 | AZ52: octubre | BA52: 2020 | BB52: 43840 | BC52: 3868.85 | BD52: 3827 | BE52: 3905.45 | BF52: 3754.5 | BH52: 0.0114
A53: =_xlfn.CONCAT(B53,C53) -> septiembre2020 | B53: septiembre | C53: 2020 | D53: 43839 | E53: 334.89 | F53: 350.21 | G53: 358.75 | H53: 319.8 | I53: 1.82B | J53: -0.0413 | L53: Marzo | M53: =M37 | N53: =VLOOKUP(_xlfn.CONCAT(L53,$M$49),'data S&P500'!$AY$2:$BH$73,6,0) -> 3647 | O53: =M53/N53 -> #VALUE! | P53: =VLOOKUP(_xlfn.CONCAT(L53,M49),'data S&P500'!$A$2:$J$73,6,0) -> 385.59 | Q53: =Q52 -> 474.96 | R53: =(Q53-P53)/Q53 -> 0.18816321 | S53: =O53*(1+R53) -> #VALUE! | T53: =T52 -> 4065.41 | U53: =T53*S53 -> #VALUE! | V53: =U53-M53 -> #VALUE! | W53: =V53/M53 -> #VALUE! | Y53: Marzo | Z53: =Z37 -> #VALUE! | AA53: =N53 -> 3647 | AB53: =Z53/AA53 -> #VALUE! | AC53: =P53 -> 385.59 | AD53: =Q53 -> 474.96 | AE53: =(AD53-AC53)/AD53 -> 0.18816321 | AF53: =AB53*(1+AE53) -> #VALUE! | AG53: =AG52 -> 4065.41 | AH53: =AG53*AF53 -> #VALUE! | AI53: =AH53-Z53 -> #VALUE! | AJ53: =AI53/Z53 -> #VALUE! | AL53: Marzo | AM53: =AM37 -> 0 | AN53: =AA53 -> 3647 | AO53: =AM53/AN53 -> 0 | AP53: =AC53 -> 385.59 | AQ53: =AD53 -> 474.96 | AR53: =(AQ53-AP53)/AQ53 -> 0.18816321 | AS53: =AO53*(1+AR53) -> 0 | AT53: =AT52 -> 4065.41 | AU53: =AT53*AS53 -> 0 | AV53: =AU53-AM53 -> 0 | AW53: =AV53/AM53 -> #DIV/0! | AY53: =_xlfn.CONCAT(AZ53,BA53) -> septiembre2020 | AZ53: septiembre | BA53: 2020 | BB53: 43839 | BC53: 3825.25 | BD53: 3740.45 | BE53: 3908.32 | BF53: 3620.71 | BH53: 0.0229
A54: =_xlfn.CONCAT(B54,C54) -> agosto2020 | B54: agosto | C54: 2020 | D54: 43838 | E54: 349.31 | F54: 328.32 | G54: 351.3 | H54: 327.73 | I54: 1.05B | J54: 0.0698 | L54: Abril | M54: =M38 | N54: =VLOOKUP(_xlfn.CONCAT(L54,$M$49),'data S&P500'!$AY$2:$BH$73,6,0) -> 3661.7 | O54: =M54/N54 -> #VALUE! | P54: =VLOOKUP(_xlfn.CONCAT(L54,M49),'data S&P500'!$A$2:$J$73,6,0) -> 398.4 | Q54: =Q53 -> 474.96 | R54: =(Q54-P54)/Q54 -> 0.16119252 | S54: =O54*(1+R54) -> #VALUE! | T54: =T53 -> 4065.41 | U54: =T54*S54 -> #VALUE! | V54: =U54-M54 -> #VALUE! | W54: =V54/M54 -> #VALUE! | Y54: Abril | Z54: =Z38 -> #VALUE! | AA54: =N54 -> 3661.7 | AB54: =Z54/AA54 -> #VALUE! | AC54: =P54 -> 398.4 | AD54: =Q54 -> 474.96 | AE54: =(AD54-AC54)/AD54 -> 0.16119252 | AF54: =AB54*(1+AE54) -> #VALUE! | AG54: =AG53 -> 4065.41 | AH54: =AG54*AF54 -> #VALUE! | AI54: =AH54-Z54 -> #VALUE! | AJ54: =AI54/Z54 -> #VALUE! | AL54: Abril | AM54: =AM38 -> 0 | AN54: =AA54 -> 3661.7 | AO54: =AM54/AN54 -> 0 | AP54: =AC54 -> 398.4 | AQ54: =AD54 -> 474.96 | AR54: =(AQ54-AP54)/AQ54 -> 0.16119252 | AS54: =AO54*(1+AR54) -> 0 | AT54: =AT53 -> 4065.41 | AU54: =AT54*AS54 -> 0 | AV54: =AU54-AM54 -> 0 | AW54: =AV54/AM54 -> #DIV/0! | AY54: =_xlfn.CONCAT(AZ54,BA54) -> agosto2020 | AZ54: agosto | BA54: 2020 | BB54: 43838 | BC54: 3739.71 | BD54: 3733.33 | BE54: 3888 | BF54: 3727.19 | BH54: 0.0022
A55: =_xlfn.CONCAT(B55,C55) -> julio2020 | B55: julio | C55: 2020 | D55: 43837 | E55: 326.52 | F55: 309.57 | G55: 327.23 | H55: 309.07 | I55: 1.51B | J55: 0.0589 | L55: Mayo | M55: =M39 | N55: =VLOOKUP(_xlfn.CONCAT(L55,$M$49),'data S&P500'!$AY$2:$BH$73,6,0) -> 3753.3 | O55: =M55/N55 -> #VALUE! | P55: =VLOOKUP(_xlfn.CONCAT(L55,M49),'data S&P500'!$A$2:$J$73,6,0) -> 419.43 | Q55: =Q54 -> 474.96 | R55: =(Q55-P55)/Q55 -> 0.11691511 | S55: =O55*(1+R55) -> #VALUE! | T55: =T54 -> 4065.41 | U55: =T55*S55 -> #VALUE! | V55: =U55-M55 -> #VALUE! | W55: =V55/M55 -> #VALUE! | Y55: Mayo | Z55: =Z39 -> #VALUE! | AA55: =N55 -> 3753.3 | AB55: =Z55/AA55 -> #VALUE! | AC55: =P55 -> 419.43 | AD55: =Q55 -> 474.96 | AE55: =(AD55-AC55)/AD55 -> 0.11691511 | AF55: =AB55*(1+AE55) -> #VALUE! | AG55: =AG54 -> 4065.41 | AH55: =AG55*AF55 -> #VALUE! | AI55: =AH55-Z55 -> #VALUE! | AJ55: =AI55/Z55 -> #VALUE! | AL55: Mayo | AM55: =AM39 -> 0 | AN55: =AA55 -> 3753.3 | AO55: =AM55/AN55 -> 0 | AP55: =AC55 -> 419.43 | AQ55: =AD55 -> 474.96 | AR55: =(AQ55-AP55)/AQ55 -> 0.11691511 | AS55: =AO55*(1+AR55) -> 0 | AT55: =AT54 -> 4065.41 | AU55: =AT55*AS55 -> 0 | AV55: =AU55-AM55 -> 0 | AW55: =AV55/AM55 -> #DIV/0! | AY55: =_xlfn.CONCAT(AZ55,BA55) -> julio2020 | AZ55: julio | BA55: 2020 | BB55: 43837 | BC55: 3731.33 | BD55: 3758 | BE55: 3760.13 | BF55: 3599.61 | BH55: -0.0045
A56: =_xlfn.CONCAT(B56,C56) -> junio2020 | B56: junio | C56: 2020 | D56: 43836 | E56: 308.36 | F56: 303.62 | G56: 323.41 | H56: 296.74 | I56: 2.36B | J56: 0.0133 | L56: Junio | M56: =M40 | N56: =VLOOKUP(_xlfn.CONCAT(L56,$M$49),'data S&P500'!$AY$2:$BH$73,6,0) -> 3708 | O56: =M56/N56 -> #VALUE! | P56: =VLOOKUP(_xlfn.CONCAT(L56,M49),'data S&P500'!$A$2:$J$73,6,0) -> 422.57 | Q56: =Q55 -> 474.96 | R56: =(Q56-P56)/Q56 -> 0.11030403 | S56: =O56*(1+R56) -> #VALUE! | T56: =T55 -> 4065.41 | U56: =T56*S56 -> #VALUE! | V56: =U56-M56 -> #VALUE! | W56: =V56/M56 -> #VALUE! | Y56: Junio | Z56: =Z40 -> #VALUE! | AA56: =N56 -> 3708 | AB56: =Z56/AA56 -> #VALUE! | AC56: =P56 -> 422.57 | AD56: =Q56 -> 474.96 | AE56: =(AD56-AC56)/AD56 -> 0.11030403 | AF56: =AB56*(1+AE56) -> #VALUE! | AG56: =AG55 -> 4065.41 | AH56: =AG56*AF56 -> #VALUE! | AI56: =AH56-Z56 -> #VALUE! | AJ56: =AI56/Z56 -> #VALUE! | AL56: Junio | AM56: =AM40 -> 0 | AN56: =AA56 -> 3708 | AO56: =AM56/AN56 -> 0 | AP56: =AC56 -> 422.57 | AQ56: =AD56 -> 474.96 | AR56: =(AQ56-AP56)/AQ56 -> 0.11030403 | AS56: =AO56*(1+AR56) -> 0 | AT56: =AT55 -> 4065.41 | AU56: =AT56*AS56 -> 0 | AV56: =AU56-AM56 -> 0 | AW56: =AV56/AM56 -> #DIV/0! | AY56: =_xlfn.CONCAT(AZ56,BA56) -> junio2020 | AZ56: junio | BA56: 2020 | BB56: 43836 | BC56: 3748.32 | BD56: 3730 | BE56: 3790 | BF56: 3542.06 | BH56: 0.006
A57: =_xlfn.CONCAT(B57,C57) -> mayo2020 | B57: mayo | C57: 2020 | D57: 43835 | E57: 304.32 | F57: 285.31 | G57: 306.84 | H57: 272.99 | I57: 1.91B | J57: 0.0476 | L57: Julio | M57: =M41 | N57: =VLOOKUP(_xlfn.CONCAT(L57,$M$49),'data S&P500'!$AY$2:$BH$73,6,0) -> 3750 | O57: =M57/N57 -> #VALUE! | P57: =VLOOKUP(_xlfn.CONCAT(L57,M49),'data S&P500'!$A$2:$J$73,6,0) -> 428.87 | Q57: =Q56 -> 474.96 | R57: =(Q57-P57)/Q57 -> 0.097039751 | S57: =O57*(1+R57) -> #VALUE! | T57: =T56 -> 4065.41 | U57: =T57*S57 -> #VALUE! | V57: =U57-M57 -> #VALUE! | W57: =V57/M57 -> #VALUE! | Y57: Julio | Z57: =Z41 -> #VALUE! | AA57: =N57 -> 3750 | AB57: =Z57/AA57 -> #VALUE! | AC57: =P57 -> 428.87 | AD57: =Q57 -> 474.96 | AE57: =(AD57-AC57)/AD57 -> 0.097039751 | AF57: =AB57*(1+AE57) -> #VALUE! | AG57: =AG56 -> 4065.41 | AH57: =AG57*AF57 -> #VALUE! | AI57: =AH57-Z57 -> #VALUE! | AJ57: =AI57/Z57 -> #VALUE! | AL57: Julio | AM57: =AM41 -> 0 | AN57: =AA57 -> 3750 | AO57: =AM57/AN57 -> 0 | AP57: =AC57 -> 428.87 | AQ57: =AD57 -> 474.96 | AR57: =(AQ57-AP57)/AQ57 -> 0.097039751 | AS57: =AO57*(1+AR57) -> 0 | AT57: =AT56 -> 4065.41 | AU57: =AT57*AS57 -> 0 | AV57: =AU57-AM57 -> 0 | AW57: =AV57/AM57 -> #DIV/0! | AY57: =_xlfn.CONCAT(AZ57,BA57) -> mayo2020 | AZ57: mayo | BA57: 2020 | BB57: 43835 | BC57: 3726 | BD57: 3954.5 | BE57: 4010.64 | BF57: 3691.24 | BH57: -0.0573
A58: =_xlfn.CONCAT(B58,C58) -> abril2020 | B58: abril | C58: 2020 | D58: 43834 | E58: 290.48 | F58: 247.98 | G58: 294.88 | H58: 243.9 | I58: 2.82B | J58: 0.127 | L58: Agosto | M58: =M42 | N58: =VLOOKUP(_xlfn.CONCAT(L58,$M$49),'data S&P500'!$AY$2:$BH$73,6,0) -> 3878 | O58: =M58/N58 -> #VALUE! | P58: =VLOOKUP(_xlfn.CONCAT(L58,M49),'data S&P500'!$A$2:$J$73,6,0) -> 440.34 | Q58: =Q57 -> 474.96 | R58: =(Q58-P58)/Q58 -> 0.072890349 | S58: =O58*(1+R58) -> #VALUE! | T58: =T57 -> 4065.41 | U58: =T58*S58 -> #VALUE! | V58: =U58-M58 -> #VALUE! | W58: =V58/M58 -> #VALUE! | Y58: Agosto | Z58: =Z42 -> #VALUE! | AA58: =N58 -> 3878 | AB58: =Z58/AA58 -> #VALUE! | AC58: =P58 -> 440.34 | AD58: =Q58 -> 474.96 | AE58: =(AD58-AC58)/AD58 -> 0.072890349 | AF58: =AB58*(1+AE58) -> #VALUE! | AG58: =AG57 -> 4065.41 | AH58: =AG58*AF58 -> #VALUE! | AI58: =AH58-Z58 -> #VALUE! | AJ58: =AI58/Z58 -> #VALUE! | AL58: Agosto | AM58: =AM42 -> 0 | AN58: =AA58 -> 3878 | AO58: =AM58/AN58 -> 0 | AP58: =AC58 -> 440.34 | AQ58: =AD58 -> 474.96 | AR58: =(AQ58-AP58)/AQ58 -> 0.072890349 | AS58: =AO58*(1+AR58) -> 0 | AT58: =AT57 -> 4065.41 | AU58: =AT58*AS58 -> 0 | AV58: =AU58-AM58 -> 0 | AW58: =AV58/AM58 -> #DIV/0! | AY58: =_xlfn.CONCAT(AZ58,BA58) -> abril2020 | AZ58: abril | BA58: 2020 | BB58: 43834 | BC58: 3952.58 | BD58: 4059 | BE58: 4123.18 | BF58: 3825.91 | BH58: -0.0262
A59: =_xlfn.CONCAT(B59,C59) -> marzo2020 | B59: marzo | C59: 2020 | D59: 43833 | E59: 257.75 | F59: 298.21 | G59: 313.84 | H59: 218.26 | I59: 5.93B | J59: -0.13 | L59: Septiembre | M59: =M43 | N59: =VLOOKUP(_xlfn.CONCAT(L59,$M$49),'data S&P500'!$AY$2:$BH$73,6,0) -> 3769.15 | O59: =M59/N59 -> #VALUE! | P59: =VLOOKUP(_xlfn.CONCAT(L59,M49),'data S&P500'!$A$2:$J$73,6,0) -> 452.56 | Q59: =Q58 -> 474.96 | R59: =(Q59-P59)/Q59 -> 0.047161866 | S59: =O59*(1+R59) -> #VALUE! | T59: =T58 -> 4065.41 | U59: =T59*S59 -> #VALUE! | V59: =U59-M59 -> #VALUE! | W59: =V59/M59 -> #VALUE! | Y59: Septiembre | Z59: =Z43 -> #VALUE! | AA59: =N59 -> 3769.15 | AB59: =Z59/AA59 -> #VALUE! | AC59: =P59 -> 452.56 | AD59: =Q59 -> 474.96 | AE59: =(AD59-AC59)/AD59 -> 0.047161866 | AF59: =AB59*(1+AE59) -> #VALUE! | AG59: =AG58 -> 4065.41 | AH59: =AG59*AF59 -> #VALUE! | AI59: =AH59-Z59 -> #VALUE! | AJ59: =AI59/Z59 -> #VALUE! | AL59: Septiembre | AM59: =AM43 -> 0 | AN59: =AA59 -> 3769.15 | AO59: =AM59/AN59 -> 0 | AP59: =AC59 -> 452.56 | AQ59: =AD59 -> 474.96 | AR59: =(AQ59-AP59)/AQ59 -> 0.047161866 | AS59: =AO59*(1+AR59) -> 0 | AT59: =AT58 -> 4065.41 | AU59: =AT59*AS59 -> 0 | AV59: =AU59-AM59 -> 0 | AW59: =AV59/AM59 -> #DIV/0! | AY59: =_xlfn.CONCAT(AZ59,BA59) -> marzo2020 | AZ59: marzo | BA59: 2020 | BB59: 43833 | BC59: 4059 | BD59: 3527 | BE59: 4220.38 | BF59: 3414.94 | BH59: 0.1521
A60: =_xlfn.CONCAT(B60,C60) -> febrero2020 | B60: febrero | C60: 2020 | D60: 43832 | E60: 296.26 | F60: 323.35 | G60: 339.08 | H60: 285.54 | I60: 2.11B | J60: -0.0792 | L60: Octubre | M60: =M44 | N60: =VLOOKUP(_xlfn.CONCAT(L60,$M$49),'data S&P500'!$AY$2:$BH$73,6,0) -> 3807.8 | O60: =M60/N60 -> #VALUE! | P60: =VLOOKUP(_xlfn.CONCAT(L60,M49),'data S&P500'!$A$2:$J$73,6,0) -> 430.98 | Q60: =Q59 -> 474.96 | R60: =(Q60-P60)/Q60 -> 0.092597271 | S60: =O60*(1+R60) -> #VALUE! | T60: =T59 -> 4065.41 | U60: =T60*S60 -> #VALUE! | V60: =U60-M60 -> #VALUE! | W60: =V60/M60 -> #VALUE! | Y60: Octubre | Z60: =Z44 -> #VALUE! | AA60: =N60 -> 3807.8 | AB60: =Z60/AA60 -> #VALUE! | AC60: =P60 -> 430.98 | AD60: =Q60 -> 474.96 | AE60: =(AD60-AC60)/AD60 -> 0.092597271 | AF60: =AB60*(1+AE60) -> #VALUE! | AG60: =AG59 -> 4065.41 | AH60: =AG60*AF60 -> #VALUE! | AI60: =AH60-Z60 -> #VALUE! | AJ60: =AI60/Z60 -> #VALUE! | AL60: Octubre | AM60: =AM44 -> 0 | AN60: =AA60 -> 3807.8 | AO60: =AM60/AN60 -> 0 | AP60: =AC60 -> 430.98 | AQ60: =AD60 -> 474.96 | AR60: =(AQ60-AP60)/AQ60 -> 0.092597271 | AS60: =AO60*(1+AR60) -> 0 | AT60: =AT59 -> 4065.41 | AU60: =AT60*AS60 -> 0 | AV60: =AU60-AM60 -> 0 | AW60: =AV60/AM60 -> #DIV/0! | AY60: =_xlfn.CONCAT(AZ60,BA60) -> febrero2020 | AZ60: febrero | BA60: 2020 | BB60: 43832 | BC60: 3523 | BD60: 3420 | BE60: 3550.01 | BF60: 3339 | BH60: 0.031
A61: =_xlfn.CONCAT(B61,C61) -> enero2020 | B61: enero | C61: 2020 | D61: 43831 | E61: 321.73 | F61: 323.54 | G61: 332.95 | H61: 320.36 | I61: 1.40B | J61: -0.0004 | L61: Noviembre | M61: =M45 | N61: =VLOOKUP(_xlfn.CONCAT(L61,$M$49),'data S&P500'!$AY$2:$BH$73,6,0) -> 3760 | O61: =M61/N61 -> #VALUE! | P61: =VLOOKUP(_xlfn.CONCAT(L61,M49),'data S&P500'!$A$2:$J$73,6,0) -> 460.3 | Q61: =Q60 -> 474.96 | R61: =(Q61-P61)/Q61 -> 0.030865757 | S61: =O61*(1+R61) -> #VALUE! | T61: =T60 -> 4065.41 | U61: =T61*S61 -> #VALUE! | V61: =U61-M61 -> #VALUE! | W61: =V61/M61 -> #VALUE! | Y61: Noviembre | Z61: =Z45 -> #VALUE! | AA61: =N61 -> 3760 | AB61: =Z61/AA61 -> #VALUE! | AC61: =P61 -> 460.3 | AD61: =Q61 -> 474.96 | AE61: =(AD61-AC61)/AD61 -> 0.030865757 | AF61: =AB61*(1+AE61) -> #VALUE! | AG61: =AG60 -> 4065.41 | AH61: =AG61*AF61 -> #VALUE! | AI61: =AH61-Z61 -> #VALUE! | AJ61: =AI61/Z61 -> #VALUE! | AL61: Noviembre | AM61: =AM45 -> 0 | AN61: =AA61 -> 3760 | AO61: =AM61/AN61 -> 0 | AP61: =AC61 -> 460.3 | AQ61: =AD61 -> 474.96 | AR61: =(AQ61-AP61)/AQ61 -> 0.030865757 | AS61: =AO61*(1+AR61) -> 0 | AT61: =AT60 -> 4065.41 | AU61: =AT61*AS61 -> 0 | AV61: =AU61-AM61 -> 0 | AW61: =AV61/AM61 -> #DIV/0! | AY61: =_xlfn.CONCAT(AZ61,BA61) -> enero2020 | AZ61: enero | BA61: 2020 | BB61: 43831 | BC61: 3417 | BD61: 3287.23 | BE61: 3429.45 | BF61: 3238.6 | BH61: 0.0401
A62: =_xlfn.CONCAT(B62,C62) -> diciembre2019 | B62: diciembre | C62: 2019 | D62: 43477 | E62: 321.86 | F62: 314.59 | G62: 323.8 | H62: 307.13 | I62: 1.29B | J62: 0.024 | L62: Diciembre | M62: =M46 | N62: =VLOOKUP(_xlfn.CONCAT(L62,$M$49),'data S&P500'!$AY$2:$BH$73,6,0) -> 3995 | O62: =M62/N62 -> #VALUE! | P62: =VLOOKUP(_xlfn.CONCAT(L62,M49),'data S&P500'!$A$2:$J$73,6,0) -> 461.64 | Q62: =Q61 -> 474.96 | R62: =(Q62-P62)/Q62 -> 0.028044467 | S62: =O62*(1+R62) -> #VALUE! | T62: =T61 -> 4065.41 | U62: =T62*S62 -> #VALUE! | V62: =U62-M62 -> #VALUE! | W62: =V62/M62 -> #VALUE! | Y62: Diciembre | Z62: =Z46 -> #VALUE! | AA62: =N62 -> 3995 | AB62: =Z62/AA62 -> #VALUE! | AC62: =P62 -> 461.64 | AD62: =Q62 -> 474.96 | AE62: =(AD62-AC62)/AD62 -> 0.028044467 | AF62: =AB62*(1+AE62) -> #VALUE! | AG62: =AG61 -> 4065.41 | AH62: =AG62*AF62 -> #VALUE! | AI62: =AH62-Z62 -> #VALUE! | AJ62: =AI62/Z62 -> #VALUE! | AL62: Diciembre | AM62: =AM46 -> 0 | AN62: =AA62 -> 3995 | AO62: =AM62/AN62 -> 0 | AP62: =AC62 -> 461.64 | AQ62: =AD62 -> 474.96 | AR62: =(AQ62-AP62)/AQ62 -> 0.028044467 | AS62: =AO62*(1+AR62) -> 0 | AT62: =AT61 -> 4065.41 | AU62: =AT62*AS62 -> 0 | AV62: =AU62-AM62 -> 0 | AW62: =AV62/AM62 -> #DIV/0! | AY62: =_xlfn.CONCAT(AZ62,BA62) -> diciembre2019 | AZ62: diciembre | BA62: 2019 | BB62: 43477 | BC62: 3285.23 | BD62: 3518 | BE62: 3528.75 | BF62: 3264.68 | BH62: -0.0655
A63: =_xlfn.CONCAT(B63,C63) -> noviembre2019 | B63: noviembre | C63: 2019 | D63: 43476 | E63: 314.31 | F63: 304.92 | G63: 315.48 | H63: 304.74 | I63: 1.04B | J63: 0.0362 | M63: =SUM(M51:M62) -> 0 | R63: =S63/M63 -> #VALUE! | S63: =SUM(S51:S62) -> #VALUE! | V63: =SUM(V51:V62) -> #VALUE! | W63: =V63/M63 -> #VALUE! | Z63: =SUM(Z51:Z62) -> #VALUE! | AE63: =AF63/Z63 -> #VALUE! | AF63: =SUM(AF51:AF62) -> #VALUE! | AI63: =SUM(AI51:AI62) -> #VALUE! | AJ63: =AI63/Z63 -> #VALUE! | AM63: =SUM(AM51:AM62) -> 0 | AR63: =AS63/AM63 -> #DIV/0! | AS63: =SUM(AS51:AS62) -> 0 | AV63: =SUM(AV51:AV62) -> 0 | AW63: =AV63/AM63 -> #DIV/0! | AY63: =_xlfn.CONCAT(AZ63,BA63) -> noviembre2019 | AZ63: noviembre | BA63: 2019 | BB63: 43476 | BC63: 3515.5 | BD63: 3380 | BE63: 3549.2 | BF63: 3295.06 | BH63: 0.041
A64: =_xlfn.CONCAT(B64,C64) -> octubre2019 | B64: octubre | C64: 2019 | D64: 43475 | E64: 303.33 | F64: 297.74 | G64: 304.55 | H64: 284.82 | I64: 1.41B | J64: 0.0221 | AY64: =_xlfn.CONCAT(AZ64,BA64) -> octubre2019 | AZ64: octubre | BA64: 2019 | BB64: 43475 | BC64: 3377 | BD64: 3480 | BE64: 3504 | BF64: 3369.5 | BH64: -0.0287
A65: =_xlfn.CONCAT(B65,C65) -> septiembre2019 | B65: septiembre | C65: 2019 | D65: 43474 | E65: 296.77 | F65: 290.57 | G65: 302.63 | H65: 289.27 | I65: 1.33B | J65: 0.0148 | L65: Año | M65: 2020 | AY65: =_xlfn.CONCAT(AZ65,BA65) -> septiembre2019 | AZ65: septiembre | BA65: 2019 | BB65: 43474 | BC65: 3476.75 | BD65: 3442.65 | BE65: 3491 | BF65: 3346.25 | BH65: 0.0108
A66: =_xlfn.CONCAT(B66,C66) -> agosto2019 | B66: agosto | C66: 2019 | D66: 43473 | E66: 292.45 | F66: 297.6 | G66: 300.87 | H66: 281.72 | I66: 2.04B | J66: -0.0167 | AY66: =_xlfn.CONCAT(AZ66,BA66) -> agosto2019 | AZ66: agosto | BA66: 2019 | BB66: 43473 | BC66: 3439.65 | BD66: 3280.93 | BE66: 3495.54 | BF66: 3279.93 | BH66: 0.0492
A67: =_xlfn.CONCAT(B67,C67) -> julio2019 | B67: julio | C67: 2019 | D67: 43472 | E67: 297.43 | F67: 296.68 | G67: 302.23 | H67: 294.33 | I67: 1.14B | J67: 0.0151 | L67: Enero | M67: =M51 | N67: =VLOOKUP(_xlfn.CONCAT(L67,$M$65),'data S&P500'!$AY$2:$BH$73,6,0) -> 3287.23 | O67: =M67/N67 -> #VALUE! | P67: =VLOOKUP(_xlfn.CONCAT(L67,M65),'data S&P500'!$A$2:$J$73,6,0) -> 323.54 | Q67: =VLOOKUP(_xlfn.CONCAT(L78,M65),$A$1:$E$73,5,0) -> 373.88 | R67: =(Q67-P67)/Q67 -> 0.13464213 | S67: =O67*(1+R67) -> #VALUE! | T67: =VLOOKUP(_xlfn.CONCAT(L78,M65),$AY$1:$BC$73,5,0) -> 3414.5 | U67: =S67*T67 -> #VALUE! | V67: =U67-M67 -> #VALUE! | W67: =V67/M67 -> #VALUE! | Y67: Enero | Z67: =Z51 -> #VALUE! | AA67: =N67 -> 3287.23 | AB67: =Z67/AA67 -> #VALUE! | AC67: =P67 -> 323.54 | AD67: =Q67 -> 373.88 | AE67: =(AD67-AC67)/AD67 -> 0.13464213 | AF67: =AB67*(1+AE67) -> #VALUE! | AG67: =T67 -> 3414.5 | AH67: =AF67*AG67 -> #VALUE! | AI67: =AH67-Z67 -> #VALUE! | AJ67: =AI67/Z67 -> #VALUE! | AL67: Enero | AM67: =AM51 -> 0 | AN67: =AA67 -> 3287.23 | AO67: =AM67/AN67 -> 0 | AP67: =AC67 -> 323.54 | AQ67: =AD67 -> 373.88 | AR67: =(AQ67-AP67)/AQ67 -> 0.13464213 | AS67: =AO67*(1+AR67) -> 0 | AT67: =AG67 -> 3414.5 | AU67: =AS67*AT67 -> 0 | AV67: =AU67-AM67 -> 0 | AW67: =AV67/AM67 -> #DIV/0! | AY67: =_xlfn.CONCAT(AZ67,BA67) -> julio2019 | AZ67: julio | BA67: 2019 | BB67: 43472 | BC67: 3278.43 | BD67: 3212.75 | BE67: 3304.85 | BF67: 3163.68 | BH67: 0.021
A68: =_xlfn.CONCAT(B68,C68) -> junio2019 | B68: junio | C68: 2019 | D68: 43471 | E68: 293 | F68: 275.31 | G68: 296.31 | H68: 273.09 | I68: 1.34B | J68: 0.0644 | L68: Febrero | M68: =M52 | N68: =VLOOKUP(_xlfn.CONCAT(L68,$M$65),'data S&P500'!$AY$2:$BH$73,6,0) -> 3420 | O68: =M68/N68 -> #VALUE! | P68: =VLOOKUP(_xlfn.CONCAT(L68,M65),'data S&P500'!$A$2:$J$73,6,0) -> 323.35 | Q68: =Q67 -> 373.88 | R68: =(Q68-P68)/Q68 -> 0.13515032 | S68: =O68*(1+R68) -> #VALUE! | T68: =T67 -> 3414.5 | U68: =T68*S68 -> #VALUE! | V68: =U68-M68 -> #VALUE! | W68: =V68/M68 -> #VALUE! | Y68: Febrero | Z68: =Z52 -> #VALUE! | AA68: =N68 -> 3420 | AB68: =Z68/AA68 -> #VALUE! | AC68: =P68 -> 323.35 | AD68: =Q68 -> 373.88 | AE68: =(AD68-AC68)/AD68 -> 0.13515032 | AF68: =AB68*(1+AE68) -> #VALUE! | AG68: =AG67 -> 3414.5 | AH68: =AG68*AF68 -> #VALUE! | AI68: =AH68-Z68 -> #VALUE! | AJ68: =AI68/Z68 -> #VALUE! | AL68: Febrero | AM68: =AM52 -> 0 | AN68: =AA68 -> 3420 | AO68: =AM68/AN68 -> 0 | AP68: =AC68 -> 323.35 | AQ68: =AD68 -> 373.88 | AR68: =(AQ68-AP68)/AQ68 -> 0.13515032 | AS68: =AO68*(1+AR68) -> 0 | AT68: =AT67 -> 3414.5 | AU68: =AT68*AS68 -> 0 | AV68: =AU68-AM68 -> 0 | AW68: =AV68/AM68 -> #DIV/0! | AY68: =_xlfn.CONCAT(AZ68,BA68) -> junio2019 | AZ68: junio | BA68: 2019 | BB68: 43471 | BC68: 3211 | BD68: 3380 | BE68: 3382.35 | BF68: 3169.64 | BH68: -0.0486
A69: =_xlfn.CONCAT(B69,C69) -> mayo2019 | B69: mayo | C69: 2019 | D69: 43470 | E69: 275.27 | F69: 294.72 | G69: 294.95 | H69: 275.24 | I69: 1.85B | J69: -0.0638 | L69: Marzo | M69: =M53 | N69: =VLOOKUP(_xlfn.CONCAT(L69,$M$65),'data S&P500'!$AY$2:$BH$73,6,0) -> 3527 | O69: =M69/N69 -> #VALUE! | P69: =VLOOKUP(_xlfn.CONCAT(L69,M65),'data S&P500'!$A$2:$J$73,6,0) -> 298.21 | Q69: =Q68 -> 373.88 | R69: =(Q69-P69)/Q69 -> 0.20239114 | S69: =O69*(1+R69) -> #VALUE! | T69: =T68 -> 3414.5 | U69: =T69*S69 -> #VALUE! | V69: =U69-M69 -> #VALUE! | W69: =V69/M69 -> #VALUE! | Y69: Marzo | Z69: =Z53 -> #VALUE! | AA69: =N69 -> 3527 | AB69: =Z69/AA69 -> #VALUE! | AC69: =P69 -> 298.21 | AD69: =Q69 -> 373.88 | AE69: =(AD69-AC69)/AD69 -> 0.20239114 | AF69: =AB69*(1+AE69) -> #VALUE! | AG69: =AG68 -> 3414.5 | AH69: =AG69*AF69 -> #VALUE! | AI69: =AH69-Z69 -> #VALUE! | AJ69: =AI69/Z69 -> #VALUE! | AL69: Marzo | AM69: =AM53 -> 0 | AN69: =AA69 -> 3527 | AO69: =AM69/AN69 -> 0 | AP69: =AC69 -> 298.21 | AQ69: =AD69 -> 373.88 | AR69: =(AQ69-AP69)/AQ69 -> 0.20239114 | AS69: =AO69*(1+AR69) -> 0 | AT69: =AT68 -> 3414.5 | AU69: =AT69*AS69 -> 0 | AV69: =AU69-AM69 -> 0 | AW69: =AV69/AM69 -> #DIV/0! | AY69: =_xlfn.CONCAT(AZ69,BA69) -> mayo2019 | AZ69: mayo | BA69: 2019 | BB69: 43470 | BC69: 3375 | BD69: 3233.25 | BE69: 3394.83 | BF69: 3225.75 | BH69: 0.0445
A70: =_xlfn.CONCAT(B70,C70) -> abril2019 | B70: abril | C70: 2019 | D70: 43469 | E70: 294.02 | F70: 284.7 | G70: 294.45 | H70: 284.4 | I70: 1.21B | J70: 0.0409 | L70: Abril | M70: =M54 | N70: =VLOOKUP(_xlfn.CONCAT(L70,$M$65),'data S&P500'!$AY$2:$BH$73,6,0) -> 4059 | O70: =M70/N70 -> #VALUE! | P70: =VLOOKUP(_xlfn.CONCAT(L70,M65),'data S&P500'!$A$2:$J$73,6,0) -> 247.98 | Q70: =Q69 -> 373.88 | R70: =(Q70-P70)/Q70 -> 0.33673906 | S70: =O70*(1+R70) -> #VALUE! | T70: =T69 -> 3414.5 | U70: =T70*S70 -> #VALUE! | V70: =U70-M70 -> #VALUE! | W70: =V70/M70 -> #VALUE! | Y70: Abril | Z70: =Z54 -> #VALUE! | AA70: =N70 -> 4059 | AB70: =Z70/AA70 -> #VALUE! | AC70: =P70 -> 247.98 | AD70: =Q70 -> 373.88 | AE70: =(AD70-AC70)/AD70 -> 0.33673906 | AF70: =AB70*(1+AE70) -> #VALUE! | AG70: =AG69 -> 3414.5 | AH70: =AG70*AF70 -> #VALUE! | AI70: =AH70-Z70 -> #VALUE! | AJ70: =AI70/Z70 -> #VALUE! | AL70: Abril | AM70: =AM54 -> 0 | AN70: =AA70 -> 4059 | AO70: =AM70/AN70 -> 0 | AP70: =AC70 -> 247.98 | AQ70: =AD70 -> 373.88 | AR70: =(AQ70-AP70)/AQ70 -> 0.33673906 | AS70: =AO70*(1+AR70) -> 0 | AT70: =AT69 -> 3414.5 | AU70: =AT70*AS70 -> 0 | AV70: =AU70-AM70 -> 0 | AW70: =AV70/AM70 -> #DIV/0! | AY70: =_xlfn.CONCAT(AZ70,BA70) -> abril2019 | AZ70: abril | BA70: 2019 | BB70: 43469 | BC70: 3231.25 | BD70: 3188.03 | BE70: 3253.51 | BF70: 3092.69 | BH70: 0.0142
A71: =_xlfn.CONCAT(B71,C71) -> marzo2019 | B71: marzo | C71: 2019 | D71: 43468 | E71: 282.48 | F71: 280.44 | G71: 285.18 | H71: 272.42 | I71: 1.68B | J71: 0.0136 | L71: Mayo | M71: =M55 | N71: =VLOOKUP(_xlfn.CONCAT(L71,$M$65),'data S&P500'!$AY$2:$BH$73,6,0) -> 3954.5 | O71: =M71/N71 -> #VALUE! | P71: =VLOOKUP(_xlfn.CONCAT(L71,M65),'data S&P500'!$A$2:$J$73,6,0) -> 285.31 | Q71: =Q70 -> 373.88 | R71: =(Q71-P71)/Q71 -> 0.23689419 | S71: =O71*(1+R71) -> #VALUE! | T71: =T70 -> 3414.5 | U71: =T71*S71 -> #VALUE! | V71: =U71-M71 -> #VALUE! | W71: =V71/M71 -> #VALUE! | Y71: Mayo | Z71: =Z55 -> #VALUE! | AA71: =N71 -> 3954.5 | AB71: =Z71/AA71 -> #VALUE! | AC71: =P71 -> 285.31 | AD71: =Q71 -> 373.88 | AE71: =(AD71-AC71)/AD71 -> 0.23689419 | AF71: =AB71*(1+AE71) -> #VALUE! | AG71: =AG70 -> 3414.5 | AH71: =AG71*AF71 -> #VALUE! | AI71: =AH71-Z71 -> #VALUE! | AJ71: =AI71/Z71 -> #VALUE! | AL71: Mayo | AM71: =AM55 -> 0 | AN71: =AA71 -> 3954.5 | AO71: =AM71/AN71 -> 0 | AP71: =AC71 -> 285.31 | AQ71: =AD71 -> 373.88 | AR71: =(AQ71-AP71)/AQ71 -> 0.23689419 | AS71: =AO71*(1+AR71) -> 0 | AT71: =AT70 -> 3414.5 | AU71: =AT71*AS71 -> 0 | AV71: =AU71-AM71 -> 0 | AW71: =AV71/AM71 -> #DIV/0! | AY71: =_xlfn.CONCAT(AZ71,BA71) -> marzo2019 | AZ71: marzo | BA71: 2019 | BB71: 43468 | BC71: 3186.03 | BD71: 3081.5 | BE71: 3207 | BF71: 3072 | BH71: 0.0343
A72: =_xlfn.CONCAT(B72,C72) -> febrero2019 | B72: febrero | C72: 2019 | D72: 43467 | E72: 278.68 | F72: 270.15 | G72: 281.31 | H72: 267.83 | I72: 1.37B | J72: 0.0324 | L72: Junio | M72: =M56 | N72: =VLOOKUP(_xlfn.CONCAT(L72,$M$65),'data S&P500'!$AY$2:$BH$73,6,0) -> 3730 | O72: =M72/N72 -> #VALUE! | P72: =VLOOKUP(_xlfn.CONCAT(L72,M65),'data S&P500'!$A$2:$J$73,6,0) -> 303.62 | Q72: =Q71 -> 373.88 | R72: =(Q72-P72)/Q72 -> 0.18792126 | S72: =O72*(1+R72) -> #VALUE! | T72: =T71 -> 3414.5 | U72: =T72*S72 -> #VALUE! | V72: =U72-M72 -> #VALUE! | W72: =V72/M72 -> #VALUE! | Y72: Junio | Z72: =Z56 -> #VALUE! | AA72: =N72 -> 3730 | AB72: =Z72/AA72 -> #VALUE! | AC72: =P72 -> 303.62 | AD72: =Q72 -> 373.88 | AE72: =(AD72-AC72)/AD72 -> 0.18792126 | AF72: =AB72*(1+AE72) -> #VALUE! | AG72: =AG71 -> 3414.5 | AH72: =AG72*AF72 -> #VALUE! | AI72: =AH72-Z72 -> #VALUE! | AJ72: =AI72/Z72 -> #VALUE! | AL72: Junio | AM72: =AM56 -> 0 | AN72: =AA72 -> 3730 | AO72: =AM72/AN72 -> 0 | AP72: =AC72 -> 303.62 | AQ72: =AD72 -> 373.88 | AR72: =(AQ72-AP72)/AQ72 -> 0.18792126 | AS72: =AO72*(1+AR72) -> 0 | AT72: =AT71 -> 3414.5 | AU72: =AT72*AS72 -> 0 | AV72: =AU72-AM72 -> 0 | AW72: =AV72/AM72 -> #DIV/0! | AY72: =_xlfn.CONCAT(AZ72,BA72) -> febrero2019 | AZ72: febrero | BA72: 2019 | BB72: 43467 | BC72: 3080.25 | BD72: 3105 | BE72: 3164.45 | BF72: 3065.65 | BH72: -0.0074
A73: =_xlfn.CONCAT(B73,C73) -> enero2019 | B73: enero | C73: 2019 | D73: 43466 | E73: 269.93 | F73: 245.98 | G73: 270.47 | H73: 243.67 | I73: 2.05B | J73: 0.0801 | L73: Julio | M73: =M57 | N73: =VLOOKUP(_xlfn.CONCAT(L73,$M$65),'data S&P500'!$AY$2:$BH$73,6,0) -> 3758 | O73: =M73/N73 -> #VALUE! | P73: =VLOOKUP(_xlfn.CONCAT(L73,M65),'data S&P500'!$A$2:$J$73,6,0) -> 309.57 | Q73: =Q72 -> 373.88 | R73: =(Q73-P73)/Q73 -> 0.17200706 | S73: =O73*(1+R73) -> #VALUE! | T73: =T72 -> 3414.5 | U73: =T73*S73 -> #VALUE! | V73: =U73-M73 -> #VALUE! | W73: =V73/M73 -> #VALUE! | Y73: Julio | Z73: =Z57 -> #VALUE! | AA73: =N73 -> 3758 | AB73: =Z73/AA73 -> #VALUE! | AC73: =P73 -> 309.57 | AD73: =Q73 -> 373.88 | AE73: =(AD73-AC73)/AD73 -> 0.17200706 | AF73: =AB73*(1+AE73) -> #VALUE! | AG73: =AG72 -> 3414.5 | AH73: =AG73*AF73 -> #VALUE! | AI73: =AH73-Z73 -> #VALUE! | AJ73: =AI73/Z73 -> #VALUE! | AL73: Julio | AM73: =AM57 -> 0 | AN73: =AA73 -> 3758 | AO73: =AM73/AN73 -> 0 | AP73: =AC73 -> 309.57 | AQ73: =AD73 -> 373.88 | AR73: =(AQ73-AP73)/AQ73 -> 0.17200706 | AS73: =AO73*(1+AR73) -> 0 | AT73: =AT72 -> 3414.5 | AU73: =AT73*AS73 -> 0 | AV73: =AU73-AM73 -> 0 | AW73: =AV73/AM73 -> #DIV/0! | AY73: =_xlfn.CONCAT(AZ73,BA73) -> enero2019 | AZ73: enero | BA73: 2019 | BB73: 43466 | BC73: 3103.25 | BD73: 3247.5 | BE73: 3264.99 | BF73: 3102.49 | BH73: -0.0437
L74: Agosto | M74: =M58 | N74: =VLOOKUP(_xlfn.CONCAT(L74,$M$65),'data S&P500'!$AY$2:$BH$73,6,0) -> 3733.33 | O74: =M74/N74 -> #VALUE! | P74: =VLOOKUP(_xlfn.CONCAT(L74,M65),'data S&P500'!$A$2:$J$73,6,0) -> 328.32 | Q74: =Q73 -> 373.88 | R74: =(Q74-P74)/Q74 -> 0.12185728 | S74: =O74*(1+R74) -> #VALUE! | T74: =T73 -> 3414.5 | U74: =T74*S74 -> #VALUE! | V74: =U74-M74 -> #VALUE! | W74: =V74/M74 -> #VALUE! | Y74: Agosto | Z74: =Z58 -> #VALUE! | AA74: =N74 -> 3733.33 | AB74: =Z74/AA74 -> #VALUE! | AC74: =P74 -> 328.32 | AD74: =Q74 -> 373.88 | AE74: =(AD74-AC74)/AD74 -> 0.12185728 | AF74: =AB74*(1+AE74) -> #VALUE! | AG74: =AG73 -> 3414.5 | AH74: =AG74*AF74 -> #VALUE! | AI74: =AH74-Z74 -> #VALUE! | AJ74: =AI74/Z74 -> #VALUE! | AL74: Agosto | AM74: =AM58 -> 0 | AN74: =AA74 -> 3733.33 | AO74: =AM74/AN74 -> 0 | AP74: =AC74 -> 328.32 | AQ74: =AD74 -> 373.88 | AR74: =(AQ74-AP74)/AQ74 -> 0.12185728 | AS74: =AO74*(1+AR74) -> 0 | AT74: =AT73 -> 3414.5 | AU74: =AT74*AS74 -> 0 | AV74: =AU74-AM74 -> 0 | AW74: =AV74/AM74 -> #DIV/0!
L75: Septiembre | M75: =M59 | N75: =VLOOKUP(_xlfn.CONCAT(L75,$M$65),'data S&P500'!$AY$2:$BH$73,6,0) -> 3740.45 | O75: =M75/N75 -> #VALUE! | P75: =VLOOKUP(_xlfn.CONCAT(L75,M65),'data S&P500'!$A$2:$J$73,6,0) -> 350.21 | Q75: =Q74 -> 373.88 | R75: =(Q75-P75)/Q75 -> 0.063309083 | S75: =O75*(1+R75) -> #VALUE! | T75: =T74 -> 3414.5 | U75: =T75*S75 -> #VALUE! | V75: =U75-M75 -> #VALUE! | W75: =V75/M75 -> #VALUE! | Y75: Septiembre | Z75: =Z59 -> #VALUE! | AA75: =N75 -> 3740.45 | AB75: =Z75/AA75 -> #VALUE! | AC75: =P75 -> 350.21 | AD75: =Q75 -> 373.88 | AE75: =(AD75-AC75)/AD75 -> 0.063309083 | AF75: =AB75*(1+AE75) -> #VALUE! | AG75: =AG74 -> 3414.5 | AH75: =AG75*AF75 -> #VALUE! | AI75: =AH75-Z75 -> #VALUE! | AJ75: =AI75/Z75 -> #VALUE! | AL75: Septiembre | AM75: =AM59 -> 0 | AN75: =AA75 -> 3740.45 | AO75: =AM75/AN75 -> 0 | AP75: =AC75 -> 350.21 | AQ75: =AD75 -> 373.88 | AR75: =(AQ75-AP75)/AQ75 -> 0.063309083 | AS75: =AO75*(1+AR75) -> 0 | AT75: =AT74 -> 3414.5 | AU75: =AT75*AS75 -> 0 | AV75: =AU75-AM75 -> 0 | AW75: =AV75/AM75 -> #DIV/0!
L76: Octubre | M76: =M60 | N76: =VLOOKUP(_xlfn.CONCAT(L76,$M$65),'data S&P500'!$AY$2:$BH$73,6,0) -> 3827 | O76: =M76/N76 -> #VALUE! | P76: =VLOOKUP(_xlfn.CONCAT(L76,M65),'data S&P500'!$A$2:$J$73,6,0) -> 337.69 | Q76: =Q75 -> 373.88 | R76: =(Q76-P76)/Q76 -> 0.096795763 | S76: =O76*(1+R76) -> #VALUE! | T76: =T75 -> 3414.5 | U76: =T76*S76 -> #VALUE! | V76: =U76-M76 -> #VALUE! | W76: =V76/M76 -> #VALUE! | Y76: Octubre | Z76: =Z60 -> #VALUE! | AA76: =N76 -> 3827 | AB76: =Z76/AA76 -> #VALUE! | AC76: =P76 -> 337.69 | AD76: =Q76 -> 373.88 | AE76: =(AD76-AC76)/AD76 -> 0.096795763 | AF76: =AB76*(1+AE76) -> #VALUE! | AG76: =AG75 -> 3414.5 | AH76: =AG76*AF76 -> #VALUE! | AI76: =AH76-Z76 -> #VALUE! | AJ76: =AI76/Z76 -> #VALUE! | AL76: Octubre | AM76: =AM60 -> 0 | AN76: =AA76 -> 3827 | AO76: =AM76/AN76 -> 0 | AP76: =AC76 -> 337.69 | AQ76: =AD76 -> 373.88 | AR76: =(AQ76-AP76)/AQ76 -> 0.096795763 | AS76: =AO76*(1+AR76) -> 0 | AT76: =AT75 -> 3414.5 | AU76: =AT76*AS76 -> 0 | AV76: =AU76-AM76 -> 0 | AW76: =AV76/AM76 -> #DIV/0!
L77: Noviembre | M77: =M61 | N77: =VLOOKUP(_xlfn.CONCAT(L77,$M$65),'data S&P500'!$AY$2:$BH$73,6,0) -> 3870.35 | O77: =M77/N77 -> #VALUE! | P77: =VLOOKUP(_xlfn.CONCAT(L77,M65),'data S&P500'!$A$2:$J$73,6,0) -> 330.2 | Q77: =Q76 -> 373.88 | R77: =(Q77-P77)/Q77 -> 0.11682893 | S77: =O77*(1+R77) -> #VALUE! | T77: =T76 -> 3414.5 | U77: =T77*S77 -> #VALUE! | V77: =U77-M77 -> #VALUE! | W77: =V77/M77 -> #VALUE! | Y77: Noviembre | Z77: =Z61 -> #VALUE! | AA77: =N77 -> 3870.35 | AB77: =Z77/AA77 -> #VALUE! | AC77: =P77 -> 330.2 | AD77: =Q77 -> 373.88 | AE77: =(AD77-AC77)/AD77 -> 0.11682893 | AF77: =AB77*(1+AE77) -> #VALUE! | AG77: =AG76 -> 3414.5 | AH77: =AG77*AF77 -> #VALUE! | AI77: =AH77-Z77 -> #VALUE! | AJ77: =AI77/Z77 -> #VALUE! | AL77: Noviembre | AM77: =AM61 -> 0 | AN77: =AA77 -> 3870.35 | AO77: =AM77/AN77 -> 0 | AP77: =AC77 -> 330.2 | AQ77: =AD77 -> 373.88 | AR77: =(AQ77-AP77)/AQ77 -> 0.11682893 | AS77: =AO77*(1+AR77) -> 0 | AT77: =AT76 -> 3414.5 | AU77: =AT77*AS77 -> 0 | AV77: =AU77-AM77 -> 0 | AW77: =AV77/AM77 -> #DIV/0!
L78: Diciembre | M78: =M62 | N78: =VLOOKUP(_xlfn.CONCAT(L78,$M$65),'data S&P500'!$AY$2:$BH$73,6,0) -> 3596.25 | O78: =M78/N78 -> #VALUE! | P78: =VLOOKUP(_xlfn.CONCAT(L78,M65),'data S&P500'!$A$2:$J$73,6,0) -> 365.57 | Q78: =Q77 -> 373.88 | R78: =(Q78-P78)/Q78 -> 0.022226383 | S78: =O78*(1+R78) -> #VALUE! | T78: =T77 -> 3414.5 | U78: =T78*S78 -> #VALUE! | V78: =U78-M78 -> #VALUE! | W78: =V78/M78 -> #VALUE! | Y78: Diciembre | Z78: =Z62 -> #VALUE! | AA78: =N78 -> 3596.25 | AB78: =Z78/AA78 -> #VALUE! | AC78: =P78 -> 365.57 | AD78: =Q78 -> 373.88 | AE78: =(AD78-AC78)/AD78 -> 0.022226383 | AF78: =AB78*(1+AE78) -> #VALUE! | AG78: =AG77 -> 3414.5 | AH78: =AG78*AF78 -> #VALUE! | AI78: =AH78-Z78 -> #VALUE! | AJ78: =AI78/Z78 -> #VALUE! | AL78: Diciembre | AM78: =AM62 -> 0 | AN78: =AA78 -> 3596.25 | AO78: =AM78/AN78 -> 0 | AP78: =AC78 -> 365.57 | AQ78: =AD78 -> 373.88 | AR78: =(AQ78-AP78)/AQ78 -> 0.022226383 | AS78: =AO78*(1+AR78) -> 0 | AT78: =AT77 -> 3414.5 | AU78: =AT78*AS78 -> 0 | AV78: =AU78-AM78 -> 0 | AW78: =AV78/AM78 -> #DIV/0!
M79: =SUM(M67:M78) -> 0 | R79: =S79/M79 -> #VALUE! | S79: =SUM(S67:S78) -> #VALUE! | V79: =SUM(V67:V78) -> #VALUE! | W79: =V79/M79 -> #VALUE! | Z79: =SUM(Z67:Z78) -> #VALUE! | AE79: =AF79/Z79 -> #VALUE! | AF79: =SUM(AF67:AF78) -> #VALUE! | AI79: =SUM(AI67:AI78) -> #VALUE! | AJ79: =AI79/Z79 -> #VALUE! | AM79: =SUM(AM67:AM78) -> 0 | AR79: =AS79/AM79 -> #DIV/0! | AS79: =SUM(AS67:AS78) -> 0 | AV79: =SUM(AV67:AV78) -> 0 | AW79: =AV79/AM79 -> #DIV/0!
L81: Año | M81: 2019
L83: Enero | M83: =M67 | N83: =VLOOKUP(_xlfn.CONCAT(L83,$M$81),'data S&P500'!$AY$2:$BH$73,6,0) -> 3247.5 | O83: =M83/N83 -> #VALUE! | P83: =VLOOKUP(_xlfn.CONCAT(L83,M81),'data S&P500'!$A$2:$J$73,6,0) -> 245.98 | Q83: =VLOOKUP(_xlfn.CONCAT(L94,M81),$A$1:$E$73,5,0) -> 321.86 | R83: =(Q83-P83)/Q83 -> 0.23575468 | S83: =O83*(1+R83) -> #VALUE! | T83: =VLOOKUP(_xlfn.CONCAT(L94,M81),$AY$1:$BC$73,5,0) -> 3285.23 | U83: =S83*T83 -> #VALUE! | V83: =U83-M83 -> #VALUE! | W83: =V83/M83 -> #VALUE! | Y83: Enero | Z83: =Z67 -> #VALUE! | AA83: =N83 -> 3247.5 | AB83: =Z83/AA83 -> #VALUE! | AC83: =P83 -> 245.98 | AD83: =Q83 -> 321.86 | AE83: =(AD83-AC83)/AD83 -> 0.23575468 | AF83: =AB83*(1+AE83) -> #VALUE! | AG83: =T83 -> 3285.23 | AH83: =AF83*AG83 -> #VALUE! | AI83: =AH83-Z83 -> #VALUE! | AJ83: =AI83/Z83 -> #VALUE! | AL83: Enero | AM83: =AM67 -> 0 | AN83: =AA83 -> 3247.5 | AO83: =AM83/AN83 -> 0 | AP83: =AC83 -> 245.98 | AQ83: =AD83 -> 321.86 | AR83: =(AQ83-AP83)/AQ83 -> 0.23575468 | AS83: =AO83*(1+AR83) -> 0 | AT83: =AG83 -> 3285.23 | AU83: =AS83*AT83 -> 0 | AV83: =AU83-AM83 -> 0 | AW83: =AV83/AM83 -> #DIV/0!
L84: Febrero | M84: =M68 | N84: =VLOOKUP(_xlfn.CONCAT(L84,$M$81),'data S&P500'!$AY$2:$BH$73,6,0) -> 3105 | O84: =M84/N84 -> #VALUE! | P84: =VLOOKUP(_xlfn.CONCAT(L84,M81),'data S&P500'!$A$2:$J$73,6,0) -> 270.15 | Q84: =Q83 -> 321.86 | R84: =(Q84-P84)/Q84 -> 0.16065991 | S84: =O84*(1+R84) -> #VALUE! | T84: =T83 -> 3285.23 | U84: =T84*S84 -> #VALUE! | V84: =U84-M84 -> #VALUE! | W84: =V84/M84 -> #VALUE! | Y84: Febrero | Z84: =Z68 -> #VALUE! | AA84: =N84 -> 3105 | AB84: =Z84/AA84 -> #VALUE! | AC84: =P84 -> 270.15 | AD84: =Q84 -> 321.86 | AE84: =(AD84-AC84)/AD84 -> 0.16065991 | AF84: =AB84*(1+AE84) -> #VALUE! | AG84: =AG83 -> 3285.23 | AH84: =AG84*AF84 -> #VALUE! | AI84: =AH84-Z84 -> #VALUE! | AJ84: =AI84/Z84 -> #VALUE! | AL84: Febrero | AM84: =AM68 -> 0 | AN84: =AA84 -> 3105 | AO84: =AM84/AN84 -> 0 | AP84: =AC84 -> 270.15 | AQ84: =AD84 -> 321.86 | AR84: =(AQ84-AP84)/AQ84 -> 0.16065991 | AS84: =AO84*(1+AR84) -> 0 | AT84: =AT83 -> 3285.23 | AU84: =AT84*AS84 -> 0 | AV84: =AU84-AM84 -> 0 | AW84: =AV84/AM84 -> #DIV/0!
L85: Marzo | M85: =M69 | N85: =VLOOKUP(_xlfn.CONCAT(L85,$M$81),'data S&P500'!$AY$2:$BH$73,6,0) -> 3081.5 | O85: =M85/N85 -> #VALUE! | P85: =VLOOKUP(_xlfn.CONCAT(L85,M81),'data S&P500'!$A$2:$J$73,6,0) -> 280.44 | Q85: =Q84 -> 321.86 | R85: =(Q85-P85)/Q85 -> 0.12868949 | S85: =O85*(1+R85) -> #VALUE! | T85: =T84 -> 3285.23 | U85: =T85*S85 -> #VALUE! | V85: =U85-M85 -> #VALUE! | W85: =V85/M85 -> #VALUE! | Y85: Marzo | Z85: =Z69 -> #VALUE! | AA85: =N85 -> 3081.5 | AB85: =Z85/AA85 -> #VALUE! | AC85: =P85 -> 280.44 | AD85: =Q85 -> 321.86 | AE85: =(AD85-AC85)/AD85 -> 0.12868949 | AF85: =AB85*(1+AE85) -> #VALUE! | AG85: =AG84 -> 3285.23 | AH85: =AG85*AF85 -> #VALUE! | AI85: =AH85-Z85 -> #VALUE! | AJ85: =AI85/Z85 -> #VALUE! | AL85: Marzo | AM85: =AM69 -> 0 | AN85: =AA85 -> 3081.5 | AO85: =AM85/AN85 -> 0 | AP85: =AC85 -> 280.44 | AQ85: =AD85 -> 321.86 | AR85: =(AQ85-AP85)/AQ85 -> 0.12868949 | AS85: =AO85*(1+AR85) -> 0 | AT85: =AT84 -> 3285.23 | AU85: =AT85*AS85 -> 0 | AV85: =AU85-AM85 -> 0 | AW85: =AV85/AM85 -> #DIV/0!
L86: Abril | M86: =M70 | N86: =VLOOKUP(_xlfn.CONCAT(L86,$M$81),'data S&P500'!$AY$2:$BH$73,6,0) -> 3188.03 | O86: =M86/N86 -> #VALUE! | P86: =VLOOKUP(_xlfn.CONCAT(L86,M81),'data S&P500'!$A$2:$J$73,6,0) -> 284.7 | Q86: =Q85 -> 321.86 | R86: =(Q86-P86)/Q86 -> 0.11545392 | S86: =O86*(1+R86) -> #VALUE! | T86: =T85 -> 3285.23 | U86: =T86*S86 -> #VALUE! | V86: =U86-M86 -> #VALUE! | W86: =V86/M86 -> #VALUE! | Y86: Abril | Z86: =Z70 -> #VALUE! | AA86: =N86 -> 3188.03 | AB86: =Z86/AA86 -> #VALUE! | AC86: =P86 -> 284.7 | AD86: =Q86 -> 321.86 | AE86: =(AD86-AC86)/AD86 -> 0.11545392 | AF86: =AB86*(1+AE86) -> #VALUE! | AG86: =AG85 -> 3285.23 | AH86: =AG86*AF86 -> #VALUE! | AI86: =AH86-Z86 -> #VALUE! | AJ86: =AI86/Z86 -> #VALUE! | AL86: Abril | AM86: =AM70 -> 0 | AN86: =AA86 -> 3188.03 | AO86: =AM86/AN86 -> 0 | AP86: =AC86 -> 284.7 | AQ86: =AD86 -> 321.86 | AR86: =(AQ86-AP86)/AQ86 -> 0.11545392 | AS86: =AO86*(1+AR86) -> 0 | AT86: =AT85 -> 3285.23 | AU86: =AT86*AS86 -> 0 | AV86: =AU86-AM86 -> 0 | AW86: =AV86/AM86 -> #DIV/0!
L87: Mayo | M87: =M71 | N87: =VLOOKUP(_xlfn.CONCAT(L87,$M$81),'data S&P500'!$AY$2:$BH$73,6,0) -> 3233.25 | O87: =M87/N87 -> #VALUE! | P87: =VLOOKUP(_xlfn.CONCAT(L87,M81),'data S&P500'!$A$2:$J$73,6,0) -> 294.72 | Q87: =Q86 -> 321.86 | R87: =(Q87-P87)/Q87 -> 0.084322376 | S87: =O87*(1+R87) -> #VALUE! | T87: =T86 -> 3285.23 | U87: =T87*S87 -> #VALUE! | V87: =U87-M87 -> #VALUE! | W87: =V87/M87 -> #VALUE! | Y87: Mayo | Z87: =Z71 -> #VALUE! | AA87: =N87 -> 3233.25 | AB87: =Z87/AA87 -> #VALUE! | AC87: =P87 -> 294.72 | AD87: =Q87 -> 321.86 | AE87: =(AD87-AC87)/AD87 -> 0.084322376 | AF87: =AB87*(1+AE87) -> #VALUE! | AG87: =AG86 -> 3285.23 | AH87: =AG87*AF87 -> #VALUE! | AI87: =AH87-Z87 -> #VALUE! | AJ87: =AI87/Z87 -> #VALUE! | AL87: Mayo | AM87: =AM71 -> 0 | AN87: =AA87 -> 3233.25 | AO87: =AM87/AN87 -> 0 | AP87: =AC87 -> 294.72 | AQ87: =AD87 -> 321.86 | AR87: =(AQ87-AP87)/AQ87 -> 0.084322376 | AS87: =AO87*(1+AR87) -> 0 | AT87: =AT86 -> 3285.23 | AU87: =AT87*AS87 -> 0 | AV87: =AU87-AM87 -> 0 | AW87: =AV87/AM87 -> #DIV/0!
L88: Junio | M88: =M72 | N88: =VLOOKUP(_xlfn.CONCAT(L88,$M$81),'data S&P500'!$AY$2:$BH$73,6,0) -> 3380 | O88: =M88/N88 -> #VALUE! | P88: =VLOOKUP(_xlfn.CONCAT(L88,M81),'data S&P500'!$A$2:$J$73,6,0) -> 275.31 | Q88: =Q87 -> 321.86 | R88: =(Q88-P88)/Q88 -> 0.1446281 | S88: =O88*(1+R88) -> #VALUE! | T88: =T87 -> 3285.23 | U88: =T88*S88 -> #VALUE! | V88: =U88-M88 -> #VALUE! | W88: =V88/M88 -> #VALUE! | Y88: Junio | Z88: =Z72 -> #VALUE! | AA88: =N88 -> 3380 | AB88: =Z88/AA88 -> #VALUE! | AC88: =P88 -> 275.31 | AD88: =Q88 -> 321.86 | AE88: =(AD88-AC88)/AD88 -> 0.1446281 | AF88: =AB88*(1+AE88) -> #VALUE! | AG88: =AG87 -> 3285.23 | AH88: =AG88*AF88 -> #VALUE! | AI88: =AH88-Z88 -> #VALUE! | AJ88: =AI88/Z88 -> #VALUE! | AL88: Junio | AM88: =AM72 -> 0 | AN88: =AA88 -> 3380 | AO88: =AM88/AN88 -> 0 | AP88: =AC88 -> 275.31 | AQ88: =AD88 -> 321.86 | AR88: =(AQ88-AP88)/AQ88 -> 0.1446281 | AS88: =AO88*(1+AR88) -> 0 | AT88: =AT87 -> 3285.23 | AU88: =AT88*AS88 -> 0 | AV88: =AU88-AM88 -> 0 | AW88: =AV88/AM88 -> #DIV/0!
L89: Julio | M89: =M73 | N89: =VLOOKUP(_xlfn.CONCAT(L89,$M$81),'data S&P500'!$AY$2:$BH$73,6,0) -> 3212.75 | O89: =M89/N89 -> #VALUE! | P89: =VLOOKUP(_xlfn.CONCAT(L89,M81),'data S&P500'!$A$2:$J$73,6,0) -> 296.68 | Q89: =Q88 -> 321.86 | R89: =(Q89-P89)/Q89 -> 0.078232772 | S89: =O89*(1+R89) -> #VALUE! | T89: =T88 -> 3285.23 | U89: =T89*S89 -> #VALUE! | V89: =U89-M89 -> #VALUE! | W89: =V89/M89 -> #VALUE! | Y89: Julio | Z89: =Z73 -> #VALUE! | AA89: =N89 -> 3212.75 | AB89: =Z89/AA89 -> #VALUE! | AC89: =P89 -> 296.68 | AD89: =Q89 -> 321.86 | AE89: =(AD89-AC89)/AD89 -> 0.078232772 | AF89: =AB89*(1+AE89) -> #VALUE! | AG89: =AG88 -> 3285.23 | AH89: =AG89*AF89 -> #VALUE! | AI89: =AH89-Z89 -> #VALUE! | AJ89: =AI89/Z89 -> #VALUE! | AL89: Julio | AM89: =AM73 -> 0 | AN89: =AA89 -> 3212.75 | AO89: =AM89/AN89 -> 0 | AP89: =AC89 -> 296.68 | AQ89: =AD89 -> 321.86 | AR89: =(AQ89-AP89)/AQ89 -> 0.078232772 | AS89: =AO89*(1+AR89) -> 0 | AT89: =AT88 -> 3285.23 | AU89: =AT89*AS89 -> 0 | AV89: =AU89-AM89 -> 0 | AW89: =AV89/AM89 -> #DIV/0!
L90: Agosto | M90: =M74 | N90: =VLOOKUP(_xlfn.CONCAT(L90,$M$81),'data S&P500'!$AY$2:$BH$73,6,0) -> 3280.93 | O90: =M90/N90 -> #VALUE! | P90: =VLOOKUP(_xlfn.CONCAT(L90,M81),'data S&P500'!$A$2:$J$73,6,0) -> 297.6 | Q90: =Q89 -> 321.86 | R90: =(Q90-P90)/Q90 -> 0.075374386 | S90: =O90*(1+R90) -> #VALUE! | T90: =T89 -> 3285.23 | U90: =T90*S90 -> #VALUE! | V90: =U90-M90 -> #VALUE! | W90: =V90/M90 -> #VALUE! | Y90: Agosto | Z90: =Z74 -> #VALUE! | AA90: =N90 -> 3280.93 | AB90: =Z90/AA90 -> #VALUE! | AC90: =P90 -> 297.6 | AD90: =Q90 -> 321.86 | AE90: =(AD90-AC90)/AD90 -> 0.075374386 | AF90: =AB90*(1+AE90) -> #VALUE! | AG90: =AG89 -> 3285.23 | AH90: =AG90*AF90 -> #VALUE! | AI90: =AH90-Z90 -> #VALUE! | AJ90: =AI90/Z90 -> #VALUE! | AL90: Agosto | AM90: =AM74 -> 0 | AN90: =AA90 -> 3280.93 | AO90: =AM90/AN90 -> 0 | AP90: =AC90 -> 297.6 | AQ90: =AD90 -> 321.86 | AR90: =(AQ90-AP90)/AQ90 -> 0.075374386 | AS90: =AO90*(1+AR90) -> 0 | AT90: =AT89 -> 3285.23 | AU90: =AT90*AS90 -> 0 | AV90: =AU90-AM90 -> 0 | AW90: =AV90/AM90 -> #DIV/0!
L91: Septiembre | M91: =M75 | N91: =VLOOKUP(_xlfn.CONCAT(L91,$M$81),'data S&P500'!$AY$2:$BH$73,6,0) -> 3442.65 | O91: =M91/N91 -> #VALUE! | P91: =VLOOKUP(_xlfn.CONCAT(L91,M81),'data S&P500'!$A$2:$J$73,6,0) -> 290.57 | Q91: =Q90 -> 321.86 | R91: =(Q91-P91)/Q91 -> 0.097216181 | S91: =O91*(1+R91) -> #VALUE! | T91: =T90 -> 3285.23 | U91: =T91*S91 -> #VALUE! | V91: =U91-M91 -> #VALUE! | W91: =V91/M91 -> #VALUE! | Y91: Septiembre | Z91: =Z75 -> #VALUE! | AA91: =N91 -> 3442.65 | AB91: =Z91/AA91 -> #VALUE! | AC91: =P91 -> 290.57 | AD91: =Q91 -> 321.86 | AE91: =(AD91-AC91)/AD91 -> 0.097216181 | AF91: =AB91*(1+AE91) -> #VALUE! | AG91: =AG90 -> 3285.23 | AH91: =AG91*AF91 -> #VALUE! | AI91: =AH91-Z91 -> #VALUE! | AJ91: =AI91/Z91 -> #VALUE! | AL91: Septiembre | AM91: =AM75 -> 0 | AN91: =AA91 -> 3442.65 | AO91: =AM91/AN91 -> 0 | AP91: =AC91 -> 290.57 | AQ91: =AD91 -> 321.86 | AR91: =(AQ91-AP91)/AQ91 -> 0.097216181 | AS91: =AO91*(1+AR91) -> 0 | AT91: =AT90 -> 3285.23 | AU91: =AT91*AS91 -> 0 | AV91: =AU91-AM91 -> 0 | AW91: =AV91/AM91 -> #DIV/0!
L92: Octubre | M92: =M76 | N92: =VLOOKUP(_xlfn.CONCAT(L92,$M$81),'data S&P500'!$AY$2:$BH$73,6,0) -> 3480 | O92: =M92/N92 -> #VALUE! | P92: =VLOOKUP(_xlfn.CONCAT(L92,M81),'data S&P500'!$A$2:$J$73,6,0) -> 297.74 | Q92: =Q91 -> 321.86 | R92: =(Q92-P92)/Q92 -> 0.074939415 | S92: =O92*(1+R92) -> #VALUE! | T92: =T91 -> 3285.23 | U92: =T92*S92 -> #VALUE! | V92: =U92-M92 -> #VALUE! | W92: =V92/M92 -> #VALUE! | Y92: Octubre | Z92: =Z76 -> #VALUE! | AA92: =N92 -> 3480 | AB92: =Z92/AA92 -> #VALUE! | AC92: =P92 -> 297.74 | AD92: =Q92 -> 321.86 | AE92: =(AD92-AC92)/AD92 -> 0.074939415 | AF92: =AB92*(1+AE92) -> #VALUE! | AG92: =AG91 -> 3285.23 | AH92: =AG92*AF92 -> #VALUE! | AI92: =AH92-Z92 -> #VALUE! | AJ92: =AI92/Z92 -> #VALUE! | AL92: Octubre | AM92: =AM76 -> 0 | AN92: =AA92 -> 3480 | AO92: =AM92/AN92 -> 0 | AP92: =AC92 -> 297.74 | AQ92: =AD92 -> 321.86 | AR92: =(AQ92-AP92)/AQ92 -> 0.074939415 | AS92: =AO92*(1+AR92) -> 0 | AT92: =AT91 -> 3285.23 | AU92: =AT92*AS92 -> 0 | AV92: =AU92-AM92 -> 0 | AW92: =AV92/AM92 -> #DIV/0!
L93: Noviembre | M93: =M77 | N93: =VLOOKUP(_xlfn.CONCAT(L93,$M$81),'data S&P500'!$AY$2:$BH$73,6,0) -> 3380 | O93: =M93/N93 -> #VALUE! | P93: =VLOOKUP(_xlfn.CONCAT(L93,M81),'data S&P500'!$A$2:$J$73,6,0) -> 304.92 | Q93: =Q92 -> 321.86 | R93: =(Q93-P93)/Q93 -> 0.052631579 | S93: =O93*(1+R93) -> #VALUE! | T93: =T92 -> 3285.23 | U93: =T93*S93 -> #VALUE! | V93: =U93-M93 -> #VALUE! | W93: =V93/M93 -> #VALUE! | Y93: Noviembre | Z93: =Z77 -> #VALUE! | AA93: =N93 -> 3380 | AB93: =Z93/AA93 -> #VALUE! | AC93: =P93 -> 304.92 | AD93: =Q93 -> 321.86 | AE93: =(AD93-AC93)/AD93 -> 0.052631579 | AF93: =AB93*(1+AE93) -> #VALUE! | AG93: =AG92 -> 3285.23 | AH93: =AG93*AF93 -> #VALUE! | AI93: =AH93-Z93 -> #VALUE! | AJ93: =AI93/Z93 -> #VALUE! | AL93: Noviembre | AM93: =AM77 -> 0 | AN93: =AA93 -> 3380 | AO93: =AM93/AN93 -> 0 | AP93: =AC93 -> 304.92 | AQ93: =AD93 -> 321.86 | AR93: =(AQ93-AP93)/AQ93 -> 0.052631579 | AS93: =AO93*(1+AR93) -> 0 | AT93: =AT92 -> 3285.23 | AU93: =AT93*AS93 -> 0 | AV93: =AU93-AM93 -> 0 | AW93: =AV93/AM93 -> #DIV/0!
L94: Diciembre | M94: =M78 | N94: =VLOOKUP(_xlfn.CONCAT(L94,$M$81),'data S&P500'!$AY$2:$BH$73,6,0) -> 3518 | O94: =M94/N94 -> #VALUE! | P94: =VLOOKUP(_xlfn.CONCAT(L94,M81),'data S&P500'!$A$2:$J$73,6,0) -> 314.59 | Q94: =Q93 -> 321.86 | R94: =(Q94-P94)/Q94 -> 0.02258746 | S94: =O94*(1+R94) -> #VALUE! | T94: =T93 -> 3285.23 | U94: =T94*S94 -> #VALUE! | V94: =U94-M94 -> #VALUE! | W94: =V94/M94 -> #VALUE! | Y94: Diciembre | Z94: =Z78 -> #VALUE! | AA94: =N94 -> 3518 | AB94: =Z94/AA94 -> #VALUE! | AC94: =P94 -> 314.59 | AD94: =Q94 -> 321.86 | AE94: =(AD94-AC94)/AD94 -> 0.02258746 | AF94: =AB94*(1+AE94) -> #VALUE! | AG94: =AG93 -> 3285.23 | AH94: =AG94*AF94 -> #VALUE! | AI94: =AH94-Z94 -> #VALUE! | AJ94: =AI94/Z94 -> #VALUE! | AL94: Diciembre | AM94: =AM78 -> 0 | AN94: =AA94 -> 3518 | AO94: =AM94/AN94 -> 0 | AP94: =AC94 -> 314.59 | AQ94: =AD94 -> 321.86 | AR94: =(AQ94-AP94)/AQ94 -> 0.02258746 | AS94: =AO94*(1+AR94) -> 0 | AT94: =AT93 -> 3285.23 | AU94: =AT94*AS94 -> 0 | AV94: =AU94-AM94 -> 0 | AW94: =AV94/AM94 -> #DIV/0!
M95: =SUM(M83:M94) -> 0 | R95: =S95/M95 -> #VALUE! | S95: =SUM(S83:S94) -> #VALUE! | V95: =SUM(V83:V94) -> #VALUE! | W95: =V95/M95 -> #VALUE! | Z95: =SUM(Z83:Z94) -> #VALUE! | AE95: =AF95/Z95 -> #VALUE! | AF95: =SUM(AF83:AF94) -> #VALUE! | AI95: =SUM(AI83:AI94) -> #VALUE! | AJ95: =AI95/Z95 -> #VALUE! | AM95: =SUM(AM83:AM94) -> 0 | AR95: =AS95/AM95 -> #DIV/0! | AS95: =SUM(AS83:AS94) -> 0 | AV95: =SUM(AV83:AV94) -> 0 | AW95: =AV95/AM95 -> #DIV/0!
